Workbook
Name \A: #REF!
Name \A: #REF!
Name \A: #REF!
Name \A: #REF!
Name \B: [11]DATOS!$F$109
Name \C: [2]DATOS!#REF!
Name \C: [2]DATOS!#REF!
Name \C: [2]DATOS!#REF!
Name \C: [2]DATOS!#REF!
Name \D: #REF!
Name \D: #REF!
Name \D: #REF!
Name \D: #REF!
Name \E: [11]DATOS!#REF!
Name \E: [11]DATOS!#REF!
Name \E: [11]DATOS!#REF!
Name \E: [11]DATOS!#REF!
Name \L: #REF!
Name \L: #REF!
Name \L: #REF!
Name \L: #REF!
Name \P: #REF!
Name \P: #REF!
Name \P: #REF!
Name \P: #REF!
Name \Z: #REF!
Name \Z: #REF!
Name \Z: #REF!
Name \Z: #REF!
Name _____________________________________________AFC1: [1]INV!$A$25:$D$28
Name _____________________________________________AFC3: [1]INV!$F$25:$I$28
Name _____________________________________________AFC5: [1]INV!$K$25:$N$28
Name _____________________________________________BGC1: [1]INV!$A$5:$D$8
Name _____________________________________________BGC3: [1]INV!$F$5:$I$8
Name _____________________________________________BGC5: [1]INV!$K$5:$N$8
Name _____________________________________________CAC1: [1]INV!$A$19:$D$22
Name _____________________________________________CAC3: [1]INV!$F$19:$I$22
Name _____________________________________________CAC5: [1]INV!$K$19:$N$22
Name _____________________________________________SBC1: [1]INV!$A$12:$D$15
Name _____________________________________________SBC3: [1]INV!$F$12:$I$15
Name _____________________________________________SBC5: [1]INV!$K$12:$N$15
Name ____________________________________________AFC1: [1]INV!$A$25:$D$28
Name ____________________________________________AFC3: [1]INV!$F$25:$I$28
Name ____________________________________________AFC5: [1]INV!$K$25:$N$28
Name ____________________________________________BGC1: [1]INV!$A$5:$D$8
Name ____________________________________________BGC3: [1]INV!$F$5:$I$8
Name ____________________________________________BGC5: [1]INV!$K$5:$N$8
Name ____________________________________________CAC1: [1]INV!$A$19:$D$22
Name ____________________________________________CAC3: [1]INV!$F$19:$I$22
Name ____________________________________________CAC5: [1]INV!$K$19:$N$22
Name ____________________________________________SBC1: [1]INV!$A$12:$D$15
Name ____________________________________________SBC3: [1]INV!$F$12:$I$15
Name ____________________________________________SBC5: [1]INV!$K$12:$N$15
Name ___________________________________________AFC1: [1]INV!$A$25:$D$28
Name ___________________________________________AFC3: [1]INV!$F$25:$I$28
Name ___________________________________________AFC5: [1]INV!$K$25:$N$28
Name ___________________________________________BGC1: [1]INV!$A$5:$D$8
Name ___________________________________________BGC3: [1]INV!$F$5:$I$8
Name ___________________________________________BGC5: [1]INV!$K$5:$N$8
Name ___________________________________________CAC1: [1]INV!$A$19:$D$22

Sheet ANALISIS COMPARATIVO V U
A1: ESTUDIO DE MERCADO Y/O ANALISIS COMPARATIVO DE PRECIOS
A4: RFI DE FERRETERIA PROCESO IDACO | O4: El coheficiente de variacion Celda sg (Amarillo), se debe modificar en el porcentaje establecido para el proceso, como ejemplo se establece un 20%. Modificar la formula de la celda S7 de acuerdo con lo establecido en la celda T5 y copiar formula para los demas items
O5: PROMEDIO UNITARIO DE LAS COTIZACIONES ALLEGADAS | P5: COTIZACIONES ALLEGADAS | Q5: DESVIACION ESTANDAR | R5: COEFICIENTE DE VARIACION (CV) | S5: 0.2 | T5: SI / NO APLICA LIMITE | V5: LIMITE INFERIOR LIMITE SUPERIOR | Y5: VALOR UNITARIO PROMEDIO | AA5: JUSTIFICACION | AB5: DESVIACION RESPECTO AL PROMEDIO | AM5: VALIDACION
A6: No. | B6: NOMBRE DEL ÍTEM | C6: RFI | D6: 178209_-_IDACO_-_region_5_Prese | E6: 178209_IDACO | F6: RFI_FERRETERIA_(16)_Evento_1782 | G6: EVENTO_No._178209_SEP.__24_SEP | H6: 178209_RFI_FERRETERIA | I6: RFI_178209 | M6: VALOR UNITARIO PROMEDIO | S6: COHEFICIENTE CV ESTABLECIDO PARA EL PROCESO 20 % | V6: Rango inferior de eliminación | W6: Rango superior de eliminación | AB6: =C6 -> RFI | AC6: =D6 -> 178209_-_IDACO_-_region_5_Prese | AD6: =E6 -> 178209_IDACO | AE6: =F6 -> RFI_FERRETERIA_(16)_Evento_1782 | AF6: =G6 -> EVENTO_No._178209_SEP.__24_SEP | AG6: =H6 -> 178209_RFI_FERRETERIA | AH6: =I6 -> RFI_178209 | AI6: =J6 -> 0 | ... AK6: =L6 -> 0 | AM6: =C6 -> RFI | AN6: =D6 -> 178209_-_IDACO_-_region_5_Prese | AO6: =E6 -> 178209_IDACO | AP6: =F6 -> RFI_FERRETERIA_(16)_Evento_1782 | AQ6: =G6 -> EVENTO_No._178209_SEP.__24_SEP | AR6: =H6 -> 178209_RFI_FERRETERIA | AS6: =I6 -> RFI_178209 | AT6: =J6 -> 0 | ... AV6: =L6 -> 0
A7: =+[55]ESPECIFICACIONES!A2 -> #REF! | B7: =+[55]ESPECIFICACIONES!B2 -> #REF! | C7: =+[55]RFI!F2 -> #REF! | D7: =+'[55]178209_-_IDACO_-_region_5_Prese'!F4 -> #REF! | E7: =+'[55]178209_IDACO'!F4 -> #REF! | F7: =+'[55]RFI_FERRETERIA_(16)_Evento_1782'!F4 -> #REF! | G7: =+'[55]EVENTO_No._178209_SEP.__24_SEP'!F5 -> #REF! | H7: =+'[55]178209_RFI_FERRETERIA'!F4 -> #REF! | I7: =+[55]RFI_178209!F4 -> #REF! | M7: =IF(P7<=1,Y7,(ROUND(+Y7,0))) -> #DIV/0! | O7: =ROUND(AVERAGE(C7:L7),0) -> #REF! | P7: =COUNT(C7:L7) -> 0 | Q7: =+STDEVA(C7:L7) -> #REF! | R7: =+Q7/O7 -> #REF! | S7: =IF(R7>=$S$5,"COEFICIENTE DE VARIACION MAYOR AL 20%",IF(R7<=$S$5,"COEFICIENTE DE VARIACION MENOR AL 20%")) -> #REF! | T7: =IF(P7<=1,"NO APLICA LIMITES",IF(R7>=$S$5,"SI APLICA LIMITE INFERIOR Y SUPERIOR",IF(R7<=$S$5,"NO APLICA LIMITES"))) -> NO APLICA LIMITES | V7: =O7-Q7 -> #REF! | W7: =O7+Q7 -> #REF! | Y7: =AVERAGEIFS(C7:L7,AM7:AV7,"promediar") -> #DIV/0! | AA7: =IF(T7="NO APLICA LIMITES","Las cotizaciones tenidas en cuenta son las allegadas por las empresas: "&IF(AND(AM7="PROMEDIAR",C7<>""),$C$6&", ","")&IF(AND(AN7="PROMEDIAR",D7<>""),$D$6&", ","")&IF(AND(AO7="PROMEDIAR",E7<>""),$E$6&", ","")&IF(AND(AP7="PROMEDIAR",F7<>""),$F$6&", ","")&IF(AND(AQ7="PROMEDIAR",G7<>""),$G$6&", ","")&" "&IF(AND(AR7="PROMEDIAR",H7<>""),$H$6&", ","")&" "&IF(AND(AS7="PROMEDIAR",I7<>""),$I$6&", ","")&" "&IF(AND(AT7="PROMEDIAR",J7<>""),$J$6&", ","")&" "&IF(AND(AU7="PROMEDIAR",K7<>""),$K$6&", ","")&" "&IF(AND(AV7="PROMEDIAR",L7<>""),$L$6&", ","")&" por encontrarse dentro del promedio requerido por la Corporación","Las cotizaciones tenidas en cuenta son las allegadas por las empresas: "&IF(AND(AM7="PROMEDIAR",C7<>""),$C$6&", ","")&IF(AND(AN7="PROMEDIAR",D7<>""),$D$6&", ","")&IF(AND(AO7="PROMEDIAR",E7<>""),$E$6&", ","")&IF(AND(AP7="PROMEDIAR",F7<>""),$F$6&", ","")&IF(AND(AQ7="PROMEDIAR",G7<>""),$G$6&", ","")&" "&IF(AND(AR7="PROMEDIAR",H7<>""),$H$6&", ","")&" "&IF(AND(AS7="PROMEDIAR",I7<>""),$I$6&", ","")&" "&IF(AND(AT7="PROMEDIAR",J7<>""),$J$6&", ","")&" "&IF(AND(AU7="PROMEDIAR",K7<>""),$K$6&", ","")&" "&IF(AND(AV7="PROMEDIAR",L7<>""),$L$6&", ","")&" por encontrarse dentro del promedio requerido por la Corporación"&" y se descarta los valores cotizados por: "&IF(AND(AM7="DESCARTAR",C7<>""),$C$6&", ","")&IF(AND(AN7="DESCARTAR",D7<>""),$D$6&", ","")&IF(AND(AO7="DESCARTAR",E7<>""),$E$6&", ","")&IF(AND(AP7="DESCARTAR",F7<>""),$F$6&", ","")&IF(AND(AQ7="DESCARTAR",G7<>""),$G$6&", ","")&" "&IF(AND(AR7="DESCARTAR",H7<>""),$H$6&", ","")&" "&IF(AND(AS7="PROMEDIAR",I7<>""),$I$6&", ","")&" "&IF(AND(AT7="PROMEDIAR",J7<>""),$J$6&", ","")&" "&IF(AND(AU7="PROMEDIAR",K7<>""),$K$6&", ","")&" "&IF(AND(AV7="PROMEDIAR",L7<>""),$L$6&", ","")&"por ser un dato atípico.") -> #REF! | AB7: =IF(C7<>"",(C7/$M7-1),"") -> #REF! | AC7: =IF(D7<>"",(D7/$M7-1),"") -> #REF! | AD7: =IF(E7<>"",(E7/$M7-1),"") -> #REF! | AE7: =IF(F7<>"",(F7/$M7-1),"") -> #REF! | AF7: =IF(G7<>"",(G7/$M7-1),"") -> #REF! | AG7: =IF(H7<>"",(H7/$M7-1),"") -> #REF! | AH7: =IF(I7<>"",(I7/$I7-1),"") -> #REF! | AI7: =IF(J7<>"",(J7/$I7-1),"") | AJ7: =IF(K7<>"",(K7/$I7-1),"") | AK7: =IF(L7<>"",(L7/$I7-1),"") | AM7: =IF(C7<>"",IF(C7=0,"SIN COTIZACIÓN",IF(T7="NO APLICA LIMITES","PROMEDIAR",IF(C7<V7,"DESCARTAR",IF(C7>W7,"DESCARTAR","PROMEDIAR")))),"") -> #REF! | AN7: =IF(D7<>"",IF(D7=0,"SIN COTIZACIÓN",IF($T7="NO APLICA LIMITES","PROMEDIAR",IF(D7<$V7,"DESCARTAR",IF(D7>$W7,"DESCARTAR","PROMEDIAR")))),"") -> #REF! | AO7: =IF(E7<>"",IF(E7=0,"SIN COTIZACIÓN",IF($T7="NO APLICA LIMITES","PROMEDIAR",IF(E7<$V7,"DESCARTAR",IF(E7>$W7,"DESCARTAR","PROMEDIAR")))),"") -> #REF! | AP7: =IF(F7<>"",IF(F7=0,"SIN COTIZACIÓN",IF($T7="NO APLICA LIMITES","PROMEDIAR",IF(F7<$V7,"DESCARTAR",IF(F7>$W7,"DESCARTAR","PROMEDIAR")))),"") -> #REF! | AQ7: =IF(G7<>"",IF(G7=0,"SIN COTIZACIÓN",IF($T7="NO APLICA LIMITES","PROMEDIAR",IF(G7<$V7,"DESCARTAR",IF(G7>$W7,"DESCARTAR","PROMEDIAR")))),"") -> #REF! | AR7: =IF(H7<>"",IF(H7=0,"SIN COTIZACIÓN",IF($T7="NO APLICA LIMITES","PROMEDIAR",IF(H7<$V7,"DESCARTAR",IF(H7>$W7,"DESCARTAR","PROMEDIAR")))),"") -> #REF! | AS7: =IF(I7<>"",IF(I7=0,"SIN COTIZACIÓN",IF($T7="NO APLICA LIMITES","PROMEDIAR",IF(I7<$V7,"DESCARTAR",IF(I7>$W7,"DESCARTAR","PROMEDIAR")))),"") -> #REF! | AT7: =IF(J7<>"",IF(J7=0,"SIN COTIZACIÓN",IF($T7="NO APLICA LIMITES","PROMEDIAR",IF(J7<$V7,"DESCARTAR",IF(J7>$W7,"DESCARTAR","PROMEDIAR")))),"") | AU7: =IF(K7<>"",IF(K7=0,"SIN COTIZACIÓN",IF($T7="NO APLICA LIMITES","PROMEDIAR",IF(K7<$V7,"DESCARTAR",IF(K7>$W7,"DESCARTAR","PROMEDIAR")))),"") | AV7: =IF(L7<>"",IF(L7=0,"SIN COTIZACIÓN",IF($T7="NO APLICA LIMITES","PROMEDIAR",IF(L7<$V7,"DESCARTAR",IF(L7>$W7,"DESCARTAR","PROMEDIAR")))),"")
A8: =+[55]ESPECIFICACIONES!A3 -> #REF! | B8: =+[55]ESPECIFICACIONES!B3 -> #REF! | C8: =+[55]RFI!F3 -> #REF! | D8: =+'[55]178209_-_IDACO_-_region_5_Prese'!F5 -> #REF! | E8: =+'[55]178209_IDACO'!F5 -> #REF! | F8: =+'[55]RFI_FERRETERIA_(16)_Evento_1782'!F5 -> #REF! | G8: =+'[55]EVENTO_No._178209_SEP.__24_SEP'!F6 -> #REF! | H8: =+'[55]178209_RFI_FERRETERIA'!F5 -> #REF! | I8: =+[55]RFI_178209!F5 -> #REF! | M8: =IF(P8<=1,Y8,(ROUND(+Y8,0))) -> #DIV/0! | O8: =ROUND(AVERAGE(C8:L8),0) -> #REF! | P8: =COUNT(C8:L8) -> 0 | Q8: =+STDEVA(C8:L8) -> #REF! | R8: =+Q8/O8 -> #REF! | S8: =IF(R8>=$S$5,"COEFICIENTE DE VARIACION MAYOR AL 20%",IF(R8<=$S$5,"COEFICIENTE DE VARIACION MENOR AL 20%")) -> #REF! | T8: =IF(P8<=1,"NO APLICA LIMITES",IF(R8>=$S$5,"SI APLICA LIMITE INFERIOR Y SUPERIOR",IF(R8<=$S$5,"NO APLICA LIMITES"))) -> NO APLICA LIMITES | V8: =O8-Q8 -> #REF! | W8: =O8+Q8 -> #REF! | Y8: =AVERAGEIFS(C8:L8,AM8:AV8,"promediar") -> #DIV/0! | AA8: =IF(T8="NO APLICA LIMITES","Las cotizaciones tenidas en cuenta son las allegadas por las empresas: "&IF(AND(AM8="PROMEDIAR",C8<>""),$C$6&", ","")&IF(AND(AN8="PROMEDIAR",D8<>""),$D$6&", ","")&IF(AND(AO8="PROMEDIAR",E8<>""),$E$6&", ","")&IF(AND(AP8="PROMEDIAR",F8<>""),$F$6&", ","")&IF(AND(AQ8="PROMEDIAR",G8<>""),$G$6&", ","")&" "&IF(AND(AR8="PROMEDIAR",H8<>""),$H$6&", ","")&" "&IF(AND(AS8="PROMEDIAR",I8<>""),$I$6&", ","")&" "&IF(AND(AT8="PROMEDIAR",J8<>""),$J$6&", ","")&" "&IF(AND(AU8="PROMEDIAR",K8<>""),$K$6&", ","")&" "&IF(AND(AV8="PROMEDIAR",L8<>""),$L$6&", ","")&" por encontrarse dentro del promedio requerido por la Corporación","Las cotizaciones tenidas en cuenta son las allegadas por las empresas: "&IF(AND(AM8="PROMEDIAR",C8<>""),$C$6&", ","")&IF(AND(AN8="PROMEDIAR",D8<>""),$D$6&", ","")&IF(AND(AO8="PROMEDIAR",E8<>""),$E$6&", ","")&IF(AND(AP8="PROMEDIAR",F8<>""),$F$6&", ","")&IF(AND(AQ8="PROMEDIAR",G8<>""),$G$6&", ","")&" "&IF(AND(AR8="PROMEDIAR",H8<>""),$H$6&", ","")&" "&IF(AND(AS8="PROMEDIAR",I8<>""),$I$6&", ","")&" "&IF(AND(AT8="PROMEDIAR",J8<>""),$J$6&", ","")&" "&IF(AND(AU8="PROMEDIAR",K8<>""),$K$6&", ","")&" "&IF(AND(AV8="PROMEDIAR",L8<>""),$L$6&", ","")&" por encontrarse dentro del promedio requerido por la Corporación"&" y se descarta los valores cotizados por: "&IF(AND(AM8="DESCARTAR",C8<>""),$C$6&", ","")&IF(AND(AN8="DESCARTAR",D8<>""),$D$6&", ","")&IF(AND(AO8="DESCARTAR",E8<>""),$E$6&", ","")&IF(AND(AP8="DESCARTAR",F8<>""),$F$6&", ","")&IF(AND(AQ8="DESCARTAR",G8<>""),$G$6&", ","")&" "&IF(AND(AR8="DESCARTAR",H8<>""),$H$6&", ","")&" "&IF(AND(AS8="PROMEDIAR",I8<>""),$I$6&", ","")&" "&IF(AND(AT8="PROMEDIAR",J8<>""),$J$6&", ","")&" "&IF(AND(AU8="PROMEDIAR",K8<>""),$K$6&", ","")&" "&IF(AND(AV8="PROMEDIAR",L8<>""),$L$6&", ","")&"por ser un dato atípico.") -> #REF! | AB8: =IF(C8<>"",(C8/$M8-1),"") -> #REF! | AC8: =IF(D8<>"",(D8/$M8-1),"") -> #REF! | AD8: =IF(E8<>"",(E8/$M8-1),"") -> #REF! | AE8: =IF(F8<>"",(F8/$M8-1),"") -> #REF! | AF8: =IF(G8<>"",(G8/$M8-1),"") -> #REF! | AG8: =IF(H8<>"",(H8/$M8-1),"") -> #REF! | AH8: =IF(I8<>"",(I8/$I8-1),"") -> #REF! | AI8: =IF(J8<>"",(J8/$I8-1),"") | AJ8: =IF(K8<>"",(K8/$I8-1),"") | AK8: =IF(L8<>"",(L8/$I8-1),"") | AM8: =IF(C8<>"",IF(C8=0,"SIN COTIZACIÓN",IF(T8="NO APLICA LIMITES","PROMEDIAR",IF(C8<V8,"DESCARTAR",IF(C8>W8,"DESCARTAR","PROMEDIAR")))),"") -> #REF! | AN8: =IF(D8<>"",IF(D8=0,"SIN COTIZACIÓN",IF($T8="NO APLICA LIMITES","PROMEDIAR",IF(D8<$V8,"DESCARTAR",IF(D8>$W8,"DESCARTAR","PROMEDIAR")))),"") -> #REF! | AO8: =IF(E8<>"",IF(E8=0,"SIN COTIZACIÓN",IF($T8="NO APLICA LIMITES","PROMEDIAR",IF(E8<$V8,"DESCARTAR",IF(E8>$W8,"DESCARTAR","PROMEDIAR")))),"") -> #REF! | AP8: =IF(F8<>"",IF(F8=0,"SIN COTIZACIÓN",IF($T8="NO APLICA LIMITES","PROMEDIAR",IF(F8<$V8,"DESCARTAR",IF(F8>$W8,"DESCARTAR","PROMEDIAR")))),"") -> #REF! | AQ8: =IF(G8<>"",IF(G8=0,"SIN COTIZACIÓN",IF($T8="NO APLICA LIMITES","PROMEDIAR",IF(G8<$V8,"DESCARTAR",IF(G8>$W8,"DESCARTAR","PROMEDIAR")))),"") -> #REF! | AR8: =IF(H8<>"",IF(H8=0,"SIN COTIZACIÓN",IF($T8="NO APLICA LIMITES","PROMEDIAR",IF(H8<$V8,"DESCARTAR",IF(H8>$W8,"DESCARTAR","PROMEDIAR")))),"") -> #REF! | AS8: =IF(I8<>"",IF(I8=0,"SIN COTIZACIÓN",IF($T8="NO APLICA LIMITES","PROMEDIAR",IF(I8<$V8,"DESCARTAR",IF(I8>$W8,"DESCARTAR","PROMEDIAR")))),"") -> #REF! | AT8: =IF(J8<>"",IF(J8=0,"SIN COTIZACIÓN",IF($T8="NO APLICA LIMITES","PROMEDIAR",IF(J8<$V8,"DESCARTAR",IF(J8>$W8,"DESCARTAR","PROMEDIAR")))),"") | AU8: =IF(K8<>"",IF(K8=0,"SIN COTIZACIÓN",IF($T8="NO APLICA LIMITES","PROMEDIAR",IF(K8<$V8,"DESCARTAR",IF(K8>$W8,"DESCARTAR","PROMEDIAR")))),"") | AV8: =IF(L8<>"",IF(L8=0,"SIN COTIZACIÓN",IF($T8="NO APLICA LIMITES","PROMEDIAR",IF(L8<$V8,"DESCARTAR",IF(L8>$W8,"DESCARTAR","PROMEDIAR")))),"") | AZ8: ,
A9: =+[55]ESPECIFICACIONES!A4 -> #REF! | B9: =+[55]ESPECIFICACIONES!B4 -> #REF! | C9: =+[55]RFI!F4 -> #REF! | D9: =+'[55]178209_-_IDACO_-_region_5_Prese'!F6 -> #REF! | E9: =+'[55]178209_IDACO'!F6 -> #REF! | F9: =+'[55]RFI_FERRETERIA_(16)_Evento_1782'!F6 -> #REF! | G9: =+'[55]EVENTO_No._178209_SEP.__24_SEP'!F7 -> #REF! | H9: =+'[55]178209_RFI_FERRETERIA'!F6 -> #REF! | I9: =+[55]RFI_178209!F6 -> #REF! | M9: =IF(P9<=1,Y9,(ROUND(+Y9,0))) -> #DIV/0! | O9: =ROUND(AVERAGE(C9:L9),0) -> #REF! | P9: =COUNT(C9:L9) -> 0 | Q9: =+STDEVA(C9:L9) -> #REF! | R9: =+Q9/O9 -> #REF! | S9: =IF(R9>=$S$5,"COEFICIENTE DE VARIACION MAYOR AL 20%",IF(R9<=$S$5,"COEFICIENTE DE VARIACION MENOR AL 20%")) -> #REF! | T9: =IF(P9<=1,"NO APLICA LIMITES",IF(R9>=$S$5,"SI APLICA LIMITE INFERIOR Y SUPERIOR",IF(R9<=$S$5,"NO APLICA LIMITES"))) -> NO APLICA LIMITES | V9: =O9-Q9 -> #REF! | W9: =O9+Q9 -> #REF! | Y9: =AVERAGEIFS(C9:L9,AM9:AV9,"promediar") -> #DIV/0! | AA9: =IF(T9="NO APLICA LIMITES","Las cotizaciones tenidas en cuenta son las allegadas por las empresas: "&IF(AND(AM9="PROMEDIAR",C9<>""),$C$6&", ","")&IF(AND(AN9="PROMEDIAR",D9<>""),$D$6&", ","")&IF(AND(AO9="PROMEDIAR",E9<>""),$E$6&", ","")&IF(AND(AP9="PROMEDIAR",F9<>""),$F$6&", ","")&IF(AND(AQ9="PROMEDIAR",G9<>""),$G$6&", ","")&" "&IF(AND(AR9="PROMEDIAR",H9<>""),$H$6&", ","")&" "&IF(AND(AS9="PROMEDIAR",I9<>""),$I$6&", ","")&" "&IF(AND(AT9="PROMEDIAR",J9<>""),$J$6&", ","")&" "&IF(AND(AU9="PROMEDIAR",K9<>""),$K$6&", ","")&" "&IF(AND(AV9="PROMEDIAR",L9<>""),$L$6&", ","")&" por encontrarse dentro del promedio requerido por la Corporación","Las cotizaciones tenidas en cuenta son las allegadas por las empresas: "&IF(AND(AM9="PROMEDIAR",C9<>""),$C$6&", ","")&IF(AND(AN9="PROMEDIAR",D9<>""),$D$6&", ","")&IF(AND(AO9="PROMEDIAR",E9<>""),$E$6&", ","")&IF(AND(AP9="PROMEDIAR",F9<>""),$F$6&", ","")&IF(AND(AQ9="PROMEDIAR",G9<>""),$G$6&", ","")&" "&IF(AND(AR9="PROMEDIAR",H9<>""),$H$6&", ","")&" "&IF(AND(AS9="PROMEDIAR",I9<>""),$I$6&", ","")&" "&IF(AND(AT9="PROMEDIAR",J9<>""),$J$6&", ","")&" "&IF(AND(AU9="PROMEDIAR",K9<>""),$K$6&", ","")&" "&IF(AND(AV9="PROMEDIAR",L9<>""),$L$6&", ","")&" por encontrarse dentro del promedio requerido por la Corporación"&" y se descarta los valores cotizados por: "&IF(AND(AM9="DESCARTAR",C9<>""),$C$6&", ","")&IF(AND(AN9="DESCARTAR",D9<>""),$D$6&", ","")&IF(AND(AO9="DESCARTAR",E9<>""),$E$6&", ","")&IF(AND(AP9="DESCARTAR",F9<>""),$F$6&", ","")&IF(AND(AQ9="DESCARTAR",G9<>""),$G$6&", ","")&" "&IF(AND(AR9="DESCARTAR",H9<>""),$H$6&", ","")&" "&IF(AND(AS9="PROMEDIAR",I9<>""),$I$6&", ","")&" "&IF(AND(AT9="PROMEDIAR",J9<>""),$J$6&", ","")&" "&IF(AND(AU9="PROMEDIAR",K9<>""),$K$6&", ","")&" "&IF(AND(AV9="PROMEDIAR",L9<>""),$L$6&", ","")&"por ser un dato atípico.") -> #REF! | AB9: =IF(C9<>"",(C9/$M9-1),"") -> #REF! | AC9: =IF(D9<>"",(D9/$M9-1),"") -> #REF! | AD9: =IF(E9<>"",(E9/$M9-1),"") -> #REF! | AE9: =IF(F9<>"",(F9/$M9-1),"") -> #REF! | AF9: =IF(G9<>"",(G9/$M9-1),"") -> #REF! | AG9: =IF(H9<>"",(H9/$M9-1),"") -> #REF! | AH9: =IF(I9<>"",(I9/$I9-1),"") -> #REF! | AI9: =IF(J9<>"",(J9/$I9-1),"") | AJ9: =IF(K9<>"",(K9/$I9-1),"") | AK9: =IF(L9<>"",(L9/$I9-1),"") | AM9: =IF(C9<>"",IF(C9=0,"SIN COTIZACIÓN",IF(T9="NO APLICA LIMITES","PROMEDIAR",IF(C9<V9,"DESCARTAR",IF(C9>W9,"DESCARTAR","PROMEDIAR")))),"") -> #REF! | AN9: =IF(D9<>"",IF(D9=0,"SIN COTIZACIÓN",IF($T9="NO APLICA LIMITES","PROMEDIAR",IF(D9<$V9,"DESCARTAR",IF(D9>$W9,"DESCARTAR","PROMEDIAR")))),"") -> #REF! | AO9: =IF(E9<>"",IF(E9=0,"SIN COTIZACIÓN",IF($T9="NO APLICA LIMITES","PROMEDIAR",IF(E9<$V9,"DESCARTAR",IF(E9>$W9,"DESCARTAR","PROMEDIAR")))),"") -> #REF! | AP9: =IF(F9<>"",IF(F9=0,"SIN COTIZACIÓN",IF($T9="NO APLICA LIMITES","PROMEDIAR",IF(F9<$V9,"DESCARTAR",IF(F9>$W9,"DESCARTAR","PROMEDIAR")))),"") -> #REF! | AQ9: =IF(G9<>"",IF(G9=0,"SIN COTIZACIÓN",IF($T9="NO APLICA LIMITES","PROMEDIAR",IF(G9<$V9,"DESCARTAR",IF(G9>$W9,"DESCARTAR","PROMEDIAR")))),"") -> #REF! | AR9: =IF(H9<>"",IF(H9=0,"SIN COTIZACIÓN",IF($T9="NO APLICA LIMITES","PROMEDIAR",IF(H9<$V9,"DESCARTAR",IF(H9>$W9,"DESCARTAR","PROMEDIAR")))),"") -> #REF! | AS9: =IF(I9<>"",IF(I9=0,"SIN COTIZACIÓN",IF($T9="NO APLICA LIMITES","PROMEDIAR",IF(I9<$V9,"DESCARTAR",IF(I9>$W9,"DESCARTAR","PROMEDIAR")))),"") -> #REF! | AT9: =IF(J9<>"",IF(J9=0,"SIN COTIZACIÓN",IF($T9="NO APLICA LIMITES","PROMEDIAR",IF(J9<$V9,"DESCARTAR",IF(J9>$W9,"DESCARTAR","PROMEDIAR")))),"") | AU9: =IF(K9<>"",IF(K9=0,"SIN COTIZACIÓN",IF($T9="NO APLICA LIMITES","PROMEDIAR",IF(K9<$V9,"DESCARTAR",IF(K9>$W9,"DESCARTAR","PROMEDIAR")))),"") | AV9: =IF(L9<>"",IF(L9=0,"SIN COTIZACIÓN",IF($T9="NO APLICA LIMITES","PROMEDIAR",IF(L9<$V9,"DESCARTAR",IF(L9>$W9,"DESCARTAR","PROMEDIAR")))),"")
A10: =+[55]ESPECIFICACIONES!A5 -> #REF! | B10: =+[55]ESPECIFICACIONES!B5 -> #REF! | C10: =+[55]RFI!F5 -> #REF! | D10: =+'[55]178209_-_IDACO_-_region_5_Prese'!F7 -> #REF! | E10: =+'[55]178209_IDACO'!F7 -> #REF! | F10: =+'[55]RFI_FERRETERIA_(16)_Evento_1782'!F7 -> #REF! | G10: =+'[55]EVENTO_No._178209_SEP.__24_SEP'!F8 -> #REF! | H10: =+'[55]178209_RFI_FERRETERIA'!F7 -> #REF! | I10: =+[55]RFI_178209!F7 -> #REF! | M10: =IF(P10<=1,Y10,(ROUND(+Y10,0))) -> #DIV/0! | O10: =ROUND(AVERAGE(C10:L10),0) -> #REF! | P10: =COUNT(C10:L10) -> 0 | Q10: =+STDEVA(C10:L10) -> #REF! | R10: =+Q10/O10 -> #REF! | S10: =IF(R10>=$S$5,"COEFICIENTE DE VARIACION MAYOR AL 20%",IF(R10<=$S$5,"COEFICIENTE DE VARIACION MENOR AL 20%")) -> #REF! | T10: =IF(P10<=1,"NO APLICA LIMITES",IF(R10>=$S$5,"SI APLICA LIMITE INFERIOR Y SUPERIOR",IF(R10<=$S$5,"NO APLICA LIMITES"))) -> NO APLICA LIMITES | V10: =O10-Q10 -> #REF! | W10: =O10+Q10 -> #REF! | Y10: =AVERAGEIFS(C10:L10,AM10:AV10,"promediar") -> #DIV/0! | AA10: =IF(T10="NO APLICA LIMITES","Las cotizaciones tenidas en cuenta son las allegadas por las empresas: "&IF(AND(AM10="PROMEDIAR",C10<>""),$C$6&", ","")&IF(AND(AN10="PROMEDIAR",D10<>""),$D$6&", ","")&IF(AND(AO10="PROMEDIAR",E10<>""),$E$6&", ","")&IF(AND(AP10="PROMEDIAR",F10<>""),$F$6&", ","")&IF(AND(AQ10="PROMEDIAR",G10<>""),$G$6&", ","")&" "&IF(AND(AR10="PROMEDIAR",H10<>""),$H$6&", ","")&" "&IF(AND(AS10="PROMEDIAR",I10<>""),$I$6&", ","")&" "&IF(AND(AT10="PROMEDIAR",J10<>""),$J$6&", ","")&" "&IF(AND(AU10="PROMEDIAR",K10<>""),$K$6&", ","")&" "&IF(AND(AV10="PROMEDIAR",L10<>""),$L$6&", ","")&" por encontrarse dentro del promedio requerido por la Corporación","Las cotizaciones tenidas en cuenta son las allegadas por las empresas: "&IF(AND(AM10="PROMEDIAR",C10<>""),$C$6&", ","")&IF(AND(AN10="PROMEDIAR",D10<>""),$D$6&", ","")&IF(AND(AO10="PROMEDIAR",E10<>""),$E$6&", ","")&IF(AND(AP10="PROMEDIAR",F10<>""),$F$6&", ","")&IF(AND(AQ10="PROMEDIAR",G10<>""),$G$6&", ","")&" "&IF(AND(AR10="PROMEDIAR",H10<>""),$H$6&", ","")&" "&IF(AND(AS10="PROMEDIAR",I10<>""),$I$6&", ","")&" "&IF(AND(AT10="PROMEDIAR",J10<>""),$J$6&", ","")&" "&IF(AND(AU10="PROMEDIAR",K10<>""),$K$6&", ","")&" "&IF(AND(AV10="PROMEDIAR",L10<>""),$L$6&", ","")&" por encontrarse dentro del promedio requerido por la Corporación"&" y se descarta los valores cotizados por: "&IF(AND(AM10="DESCARTAR",C10<>""),$C$6&", ","")&IF(AND(AN10="DESCARTAR",D10<>""),$D$6&", ","")&IF(AND(AO10="DESCARTAR",E10<>""),$E$6&", ","")&IF(AND(AP10="DESCARTAR",F10<>""),$F$6&", ","")&IF(AND(AQ10="DESCARTAR",G10<>""),$G$6&", ","")&" "&IF(AND(AR10="DESCARTAR",H10<>""),$H$6&", ","")&" "&IF(AND(AS10="PROMEDIAR",I10<>""),$I$6&", ","")&" "&IF(AND(AT10="PROMEDIAR",J10<>""),$J$6&", ","")&" "&IF(AND(AU10="PROMEDIAR",K10<>""),$K$6&", ","")&" "&IF(AND(AV10="PROMEDIAR",L10<>""),$L$6&", ","")&"por ser un dato atípico.") -> #REF! | AB10: =IF(C10<>"",(C10/$M10-1),"") -> #REF! | AC10: =IF(D10<>"",(D10/$M10-1),"") -> #REF! | AD10: =IF(E10<>"",(E10/$M10-1),"") -> #REF! | AE10: =IF(F10<>"",(F10/$M10-1),"") -> #REF! | AF10: =IF(G10<>"",(G10/$M10-1),"") -> #REF! | AG10: =IF(H10<>"",(H10/$M10-1),"") -> #REF! | AH10: =IF(I10<>"",(I10/$I10-1),"") -> #REF! | AI10: =IF(J10<>"",(J10/$I10-1),"") | AJ10: =IF(K10<>"",(K10/$I10-1),"") | AK10: =IF(L10<>"",(L10/$I10-1),"") | AM10: =IF(C10<>"",IF(C10=0,"SIN COTIZACIÓN",IF(T10="NO APLICA LIMITES","PROMEDIAR",IF(C10<V10,"DESCARTAR",IF(C10>W10,"DESCARTAR","PROMEDIAR")))),"") -> #REF! | AN10: =IF(D10<>"",IF(D10=0,"SIN COTIZACIÓN",IF($T10="NO APLICA LIMITES","PROMEDIAR",IF(D10<$V10,"DESCARTAR",IF(D10>$W10,"DESCARTAR","PROMEDIAR")))),"") -> #REF! | AO10: =IF(E10<>"",IF(E10=0,"SIN COTIZACIÓN",IF($T10="NO APLICA LIMITES","PROMEDIAR",IF(E10<$V10,"DESCARTAR",IF(E10>$W10,"DESCARTAR","PROMEDIAR")))),"") -> #REF! | AP10: =IF(F10<>"",IF(F10=0,"SIN COTIZACIÓN",IF($T10="NO APLICA LIMITES","PROMEDIAR",IF(F10<$V10,"DESCARTAR",IF(F10>$W10,"DESCARTAR","PROMEDIAR")))),"") -> #REF! | AQ10: =IF(G10<>"",IF(G10=0,"SIN COTIZACIÓN",IF($T10="NO APLICA LIMITES","PROMEDIAR",IF(G10<$V10,"DESCARTAR",IF(G10>$W10,"DESCARTAR","PROMEDIAR")))),"") -> #REF! | AR10: =IF(H10<>"",IF(H10=0,"SIN COTIZACIÓN",IF($T10="NO APLICA LIMITES","PROMEDIAR",IF(H10<$V10,"DESCARTAR",IF(H10>$W10,"DESCARTAR","PROMEDIAR")))),"") -> #REF! | AS10: =IF(I10<>"",IF(I10=0,"SIN COTIZACIÓN",IF($T10="NO APLICA LIMITES","PROMEDIAR",IF(I10<$V10,"DESCARTAR",IF(I10>$W10,"DESCARTAR","PROMEDIAR")))),"") -> #REF! | AT10: =IF(J10<>"",IF(J10=0,"SIN COTIZACIÓN",IF($T10="NO APLICA LIMITES","PROMEDIAR",IF(J10<$V10,"DESCARTAR",IF(J10>$W10,"DESCARTAR","PROMEDIAR")))),"") | AU10: =IF(K10<>"",IF(K10=0,"SIN COTIZACIÓN",IF($T10="NO APLICA LIMITES","PROMEDIAR",IF(K10<$V10,"DESCARTAR",IF(K10>$W10,"DESCARTAR","PROMEDIAR")))),"") | AV10: =IF(L10<>"",IF(L10=0,"SIN COTIZACIÓN",IF($T10="NO APLICA LIMITES","PROMEDIAR",IF(L10<$V10,"DESCARTAR",IF(L10>$W10,"DESCARTAR","PROMEDIAR")))),"")
A11: =+[55]ESPECIFICACIONES!A6 -> #REF! | B11: =+[55]ESPECIFICACIONES!B6 -> #REF! | C11: =+[55]RFI!F6 -> #REF! | D11: =+'[55]178209_-_IDACO_-_region_5_Prese'!F8 -> #REF! | E11: =+'[55]178209_IDACO'!F8 -> #REF! | F11: =+'[55]RFI_FERRETERIA_(16)_Evento_1782'!F8 -> #REF! | G11: =+'[55]EVENTO_No._178209_SEP.__24_SEP'!F9 -> #REF! | H11: =+'[55]178209_RFI_FERRETERIA'!F8 -> #REF! | I11: =+[55]RFI_178209!F8 -> #REF! | M11: =IF(P11<=1,Y11,(ROUND(+Y11,0))) -> #DIV/0! | O11: =ROUND(AVERAGE(C11:L11),0) -> #REF! | P11: =COUNT(C11:L11) -> 0 | Q11: =+STDEVA(C11:L11) -> #REF! | R11: =+Q11/O11 -> #REF! | S11: =IF(R11>=$S$5,"COEFICIENTE DE VARIACION MAYOR AL 20%",IF(R11<=$S$5,"COEFICIENTE DE VARIACION MENOR AL 20%")) -> #REF! | T11: =IF(P11<=1,"NO APLICA LIMITES",IF(R11>=$S$5,"SI APLICA LIMITE INFERIOR Y SUPERIOR",IF(R11<=$S$5,"NO APLICA LIMITES"))) -> NO APLICA LIMITES | V11: =O11-Q11 -> #REF! | W11: =O11+Q11 -> #REF! | Y11: =AVERAGEIFS(C11:L11,AM11:AV11,"promediar") -> #DIV/0! | AA11: =IF(T11="NO APLICA LIMITES","Las cotizaciones tenidas en cuenta son las allegadas por las empresas: "&IF(AND(AM11="PROMEDIAR",C11<>""),$C$6&", ","")&IF(AND(AN11="PROMEDIAR",D11<>""),$D$6&", ","")&IF(AND(AO11="PROMEDIAR",E11<>""),$E$6&", ","")&IF(AND(AP11="PROMEDIAR",F11<>""),$F$6&", ","")&IF(AND(AQ11="PROMEDIAR",G11<>""),$G$6&", ","")&" "&IF(AND(AR11="PROMEDIAR",H11<>""),$H$6&", ","")&" "&IF(AND(AS11="PROMEDIAR",I11<>""),$I$6&", ","")&" "&IF(AND(AT11="PROMEDIAR",J11<>""),$J$6&", ","")&" "&IF(AND(AU11="PROMEDIAR",K11<>""),$K$6&", ","")&" "&IF(AND(AV11="PROMEDIAR",L11<>""),$L$6&", ","")&" por encontrarse dentro del promedio requerido por la Corporación","Las cotizaciones tenidas en cuenta son las allegadas por las empresas: "&IF(AND(AM11="PROMEDIAR",C11<>""),$C$6&", ","")&IF(AND(AN11="PROMEDIAR",D11<>""),$D$6&", ","")&IF(AND(AO11="PROMEDIAR",E11<>""),$E$6&", ","")&IF(AND(AP11="PROMEDIAR",F11<>""),$F$6&", ","")&IF(AND(AQ11="PROMEDIAR",G11<>""),$G$6&", ","")&" "&IF(AND(AR11="PROMEDIAR",H11<>""),$H$6&", ","")&" "&IF(AND(AS11="PROMEDIAR",I11<>""),$I$6&", ","")&" "&IF(AND(AT11="PROMEDIAR",J11<>""),$J$6&", ","")&" "&IF(AND(AU11="PROMEDIAR",K11<>""),$K$6&", ","")&" "&IF(AND(AV11="PROMEDIAR",L11<>""),$L$6&", ","")&" por encontrarse dentro del promedio requerido por la Corporación"&" y se descarta los valores cotizados por: "&IF(AND(AM11="DESCARTAR",C11<>""),$C$6&", ","")&IF(AND(AN11="DESCARTAR",D11<>""),$D$6&", ","")&IF(AND(AO11="DESCARTAR",E11<>""),$E$6&", ","")&IF(AND(AP11="DESCARTAR",F11<>""),$F$6&", ","")&IF(AND(AQ11="DESCARTAR",G11<>""),$G$6&", ","")&" "&IF(AND(AR11="DESCARTAR",H11<>""),$H$6&", ","")&" "&IF(AND(AS11="PROMEDIAR",I11<>""),$I$6&", ","")&" "&IF(AND(AT11="PROMEDIAR",J11<>""),$J$6&", ","")&" "&IF(AND(AU11="PROMEDIAR",K11<>""),$K$6&", ","")&" "&IF(AND(AV11="PROMEDIAR",L11<>""),$L$6&", ","")&"por ser un dato atípico.") -> #REF! | AB11: =IF(C11<>"",(C11/$M11-1),"") -> #REF! | AC11: =IF(D11<>"",(D11/$M11-1),"") -> #REF! | AD11: =IF(E11<>"",(E11/$M11-1),"") -> #REF! | AE11: =IF(F11<>"",(F11/$M11-1),"") -> #REF! | AF11: =IF(G11<>"",(G11/$M11-1),"") -> #REF! | AG11: =IF(H11<>"",(H11/$M11-1),"") -> #REF! | AH11: =IF(I11<>"",(I11/$I11-1),"") -> #REF! | AI11: =IF(J11<>"",(J11/$I11-1),"") | AJ11: =IF(K11<>"",(K11/$I11-1),"") | AK11: =IF(L11<>"",(L11/$I11-1),"") | AM11: =IF(C11<>"",IF(C11=0,"SIN COTIZACIÓN",IF(T11="NO APLICA LIMITES","PROMEDIAR",IF(C11<V11,"DESCARTAR",IF(C11>W11,"DESCARTAR","PROMEDIAR")))),"") -> #REF! | AN11: =IF(D11<>"",IF(D11=0,"SIN COTIZACIÓN",IF($T11="NO APLICA LIMITES","PROMEDIAR",IF(D11<$V11,"DESCARTAR",IF(D11>$W11,"DESCARTAR","PROMEDIAR")))),"") -> #REF! | AO11: =IF(E11<>"",IF(E11=0,"SIN COTIZACIÓN",IF($T11="NO APLICA LIMITES","PROMEDIAR",IF(E11<$V11,"DESCARTAR",IF(E11>$W11,"DESCARTAR","PROMEDIAR")))),"") -> #REF! | AP11: =IF(F11<>"",IF(F11=0,"SIN COTIZACIÓN",IF($T11="NO APLICA LIMITES","PROMEDIAR",IF(F11<$V11,"DESCARTAR",IF(F11>$W11,"DESCARTAR","PROMEDIAR")))),"") -> #REF! | AQ11: =IF(G11<>"",IF(G11=0,"SIN COTIZACIÓN",IF($T11="NO APLICA LIMITES","PROMEDIAR",IF(G11<$V11,"DESCARTAR",IF(G11>$W11,"DESCARTAR","PROMEDIAR")))),"") -> #REF! | AR11: =IF(H11<>"",IF(H11=0,"SIN COTIZACIÓN",IF($T11="NO APLICA LIMITES","PROMEDIAR",IF(H11<$V11,"DESCARTAR",IF(H11>$W11,"DESCARTAR","PROMEDIAR")))),"") -> #REF! | AS11: =IF(I11<>"",IF(I11=0,"SIN COTIZACIÓN",IF($T11="NO APLICA LIMITES","PROMEDIAR",IF(I11<$V11,"DESCARTAR",IF(I11>$W11,"DESCARTAR","PROMEDIAR")))),"") -> #REF! | AT11: =IF(J11<>"",IF(J11=0,"SIN COTIZACIÓN",IF($T11="NO APLICA LIMITES","PROMEDIAR",IF(J11<$V11,"DESCARTAR",IF(J11>$W11,"DESCARTAR","PROMEDIAR")))),"") | AU11: =IF(K11<>"",IF(K11=0,"SIN COTIZACIÓN",IF($T11="NO APLICA LIMITES","PROMEDIAR",IF(K11<$V11,"DESCARTAR",IF(K11>$W11,"DESCARTAR","PROMEDIAR")))),"") | AV11: =IF(L11<>"",IF(L11=0,"SIN COTIZACIÓN",IF($T11="NO APLICA LIMITES","PROMEDIAR",IF(L11<$V11,"DESCARTAR",IF(L11>$W11,"DESCARTAR","PROMEDIAR")))),"")
A12: =+[55]ESPECIFICACIONES!A7 -> #REF! | B12: =+[55]ESPECIFICACIONES!B7 -> #REF! | C12: =+[55]RFI!F7 -> #REF! | D12: =+'[55]178209_-_IDACO_-_region_5_Prese'!F9 -> #REF! | E12: =+'[55]178209_IDACO'!F9 -> #REF! | F12: =+'[55]RFI_FERRETERIA_(16)_Evento_1782'!F9 -> #REF! | G12: =+'[55]EVENTO_No._178209_SEP.__24_SEP'!F10 -> #REF! | H12: =+'[55]178209_RFI_FERRETERIA'!F9 -> #REF! | I12: =+[55]RFI_178209!F9 -> #REF! | M12: =IF(P12<=1,Y12,(ROUND(+Y12,0))) -> #DIV/0! | O12: =ROUND(AVERAGE(C12:L12),0) -> #REF! | P12: =COUNT(C12:L12) -> 0 | Q12: =+STDEVA(C12:L12) -> #REF! | R12: =+Q12/O12 -> #REF! | S12: =IF(R12>=$S$5,"COEFICIENTE DE VARIACION MAYOR AL 20%",IF(R12<=$S$5,"COEFICIENTE DE VARIACION MENOR AL 20%")) -> #REF! | T12: =IF(P12<=1,"NO APLICA LIMITES",IF(R12>=$S$5,"SI APLICA LIMITE INFERIOR Y SUPERIOR",IF(R12<=$S$5,"NO APLICA LIMITES"))) -> NO APLICA LIMITES | V12: =O12-Q12 -> #REF! | W12: =O12+Q12 -> #REF! | Y12: =AVERAGEIFS(C12:L12,AM12:AV12,"promediar") -> #DIV/0! | AA12: =IF(T12="NO APLICA LIMITES","Las cotizaciones tenidas en cuenta son las allegadas por las empresas: "&IF(AND(AM12="PROMEDIAR",C12<>""),$C$6&", ","")&IF(AND(AN12="PROMEDIAR",D12<>""),$D$6&", ","")&IF(AND(AO12="PROMEDIAR",E12<>""),$E$6&", ","")&IF(AND(AP12="PROMEDIAR",F12<>""),$F$6&", ","")&IF(AND(AQ12="PROMEDIAR",G12<>""),$G$6&", ","")&" "&IF(AND(AR12="PROMEDIAR",H12<>""),$H$6&", ","")&" "&IF(AND(AS12="PROMEDIAR",I12<>""),$I$6&", ","")&" "&IF(AND(AT12="PROMEDIAR",J12<>""),$J$6&", ","")&" "&IF(AND(AU12="PROMEDIAR",K12<>""),$K$6&", ","")&" "&IF(AND(AV12="PROMEDIAR",L12<>""),$L$6&", ","")&" por encontrarse dentro del promedio requerido por la Corporación","Las cotizaciones tenidas en cuenta son las allegadas por las empresas: "&IF(AND(AM12="PROMEDIAR",C12<>""),$C$6&", ","")&IF(AND(AN12="PROMEDIAR",D12<>""),$D$6&", ","")&IF(AND(AO12="PROMEDIAR",E12<>""),$E$6&", ","")&IF(AND(AP12="PROMEDIAR",F12<>""),$F$6&", ","")&IF(AND(AQ12="PROMEDIAR",G12<>""),$G$6&", ","")&" "&IF(AND(AR12="PROMEDIAR",H12<>""),$H$6&", ","")&" "&IF(AND(AS12="PROMEDIAR",I12<>""),$I$6&", ","")&" "&IF(AND(AT12="PROMEDIAR",J12<>""),$J$6&", ","")&" "&IF(AND(AU12="PROMEDIAR",K12<>""),$K$6&", ","")&" "&IF(AND(AV12="PROMEDIAR",L12<>""),$L$6&", ","")&" por encontrarse dentro del promedio requerido por la Corporación"&" y se descarta los valores cotizados por: "&IF(AND(AM12="DESCARTAR",C12<>""),$C$6&", ","")&IF(AND(AN12="DESCARTAR",D12<>""),$D$6&", ","")&IF(AND(AO12="DESCARTAR",E12<>""),$E$6&", ","")&IF(AND(AP12="DESCARTAR",F12<>""),$F$6&", ","")&IF(AND(AQ12="DESCARTAR",G12<>""),$G$6&", ","")&" "&IF(AND(AR12="DESCARTAR",H12<>""),$H$6&", ","")&" "&IF(AND(AS12="PROMEDIAR",I12<>""),$I$6&", ","")&" "&IF(AND(AT12="PROMEDIAR",J12<>""),$J$6&", ","")&" "&IF(AND(AU12="PROMEDIAR",K12<>""),$K$6&", ","")&" "&IF(AND(AV12="PROMEDIAR",L12<>""),$L$6&", ","")&"por ser un dato atípico.") -> #REF! | AB12: =IF(C12<>"",(C12/$M12-1),"") -> #REF! | AC12: =IF(D12<>"",(D12/$M12-1),"") -> #REF! | AD12: =IF(E12<>"",(E12/$M12-1),"") -> #REF! | AE12: =IF(F12<>"",(F12/$M12-1),"") -> #REF! | AF12: =IF(G12<>"",(G12/$M12-1),"") -> #REF! | AG12: =IF(H12<>"",(H12/$M12-1),"") -> #REF! | AH12: =IF(I12<>"",(I12/$I12-1),"") -> #REF! | AI12: =IF(J12<>"",(J12/$I12-1),"") | AJ12: =IF(K12<>"",(K12/$I12-1),"") | AK12: =IF(L12<>"",(L12/$I12-1),"") | AM12: =IF(C12<>"",IF(C12=0,"SIN COTIZACIÓN",IF(T12="NO APLICA LIMITES","PROMEDIAR",IF(C12<V12,"DESCARTAR",IF(C12>W12,"DESCARTAR","PROMEDIAR")))),"") -> #REF! | AN12: =IF(D12<>"",IF(D12=0,"SIN COTIZACIÓN",IF($T12="NO APLICA LIMITES","PROMEDIAR",IF(D12<$V12,"DESCARTAR",IF(D12>$W12,"DESCARTAR","PROMEDIAR")))),"") -> #REF! | AO12: =IF(E12<>"",IF(E12=0,"SIN COTIZACIÓN",IF($T12="NO APLICA LIMITES","PROMEDIAR",IF(E12<$V12,"DESCARTAR",IF(E12>$W12,"DESCARTAR","PROMEDIAR")))),"") -> #REF! | AP12: =IF(F12<>"",IF(F12=0,"SIN COTIZACIÓN",IF($T12="NO APLICA LIMITES","PROMEDIAR",IF(F12<$V12,"DESCARTAR",IF(F12>$W12,"DESCARTAR","PROMEDIAR")))),"") -> #REF! | AQ12: =IF(G12<>"",IF(G12=0,"SIN COTIZACIÓN",IF($T12="NO APLICA LIMITES","PROMEDIAR",IF(G12<$V12,"DESCARTAR",IF(G12>$W12,"DESCARTAR","PROMEDIAR")))),"") -> #REF! | AR12: =IF(H12<>"",IF(H12=0,"SIN COTIZACIÓN",IF($T12="NO APLICA LIMITES","PROMEDIAR",IF(H12<$V12,"DESCARTAR",IF(H12>$W12,"DESCARTAR","PROMEDIAR")))),"") -> #REF! | AS12: =IF(I12<>"",IF(I12=0,"SIN COTIZACIÓN",IF($T12="NO APLICA LIMITES","PROMEDIAR",IF(I12<$V12,"DESCARTAR",IF(I12>$W12,"DESCARTAR","PROMEDIAR")))),"") -> #REF! | AT12: =IF(J12<>"",IF(J12=0,"SIN COTIZACIÓN",IF($T12="NO APLICA LIMITES","PROMEDIAR",IF(J12<$V12,"DESCARTAR",IF(J12>$W12,"DESCARTAR","PROMEDIAR")))),"") | AU12: =IF(K12<>"",IF(K12=0,"SIN COTIZACIÓN",IF($T12="NO APLICA LIMITES","PROMEDIAR",IF(K12<$V12,"DESCARTAR",IF(K12>$W12,"DESCARTAR","PROMEDIAR")))),"") | AV12: =IF(L12<>"",IF(L12=0,"SIN COTIZACIÓN",IF($T12="NO APLICA LIMITES","PROMEDIAR",IF(L12<$V12,"DESCARTAR",IF(L12>$W12,"DESCARTAR","PROMEDIAR")))),"")
A13: =+[55]ESPECIFICACIONES!A8 -> #REF! | B13: =+[55]ESPECIFICACIONES!B8 -> #REF! | C13: =+[55]RFI!F8 -> #REF! | D13: =+'[55]178209_-_IDACO_-_region_5_Prese'!F10 -> #REF! | E13: =+'[55]178209_IDACO'!F10 -> #REF! | F13: =+'[55]RFI_FERRETERIA_(16)_Evento_1782'!F10 -> #REF! | G13: =+'[55]EVENTO_No._178209_SEP.__24_SEP'!F11 -> #REF! | H13: =+'[55]178209_RFI_FERRETERIA'!F10 -> #REF! | I13: =+[55]RFI_178209!F10 -> #REF! | M13: =IF(P13<=1,Y13,(ROUND(+Y13,0))) -> #DIV/0! | O13: =ROUND(AVERAGE(C13:L13),0) -> #REF! | P13: =COUNT(C13:L13) -> 0 | Q13: =+STDEVA(C13:L13) -> #REF! | R13: =+Q13/O13 -> #REF! | S13: =IF(R13>=$S$5,"COEFICIENTE DE VARIACION MAYOR AL 20%",IF(R13<=$S$5,"COEFICIENTE DE VARIACION MENOR AL 20%")) -> #REF! | T13: =IF(P13<=1,"NO APLICA LIMITES",IF(R13>=$S$5,"SI APLICA LIMITE INFERIOR Y SUPERIOR",IF(R13<=$S$5,"NO APLICA LIMITES"))) -> NO APLICA LIMITES | V13: =O13-Q13 -> #REF! | W13: =O13+Q13 -> #REF! | Y13: =AVERAGEIFS(C13:L13,AM13:AV13,"promediar") -> #DIV/0! | AA13: =IF(T13="NO APLICA LIMITES","Las cotizaciones tenidas en cuenta son las allegadas por las empresas: "&IF(AND(AM13="PROMEDIAR",C13<>""),$C$6&", ","")&IF(AND(AN13="PROMEDIAR",D13<>""),$D$6&", ","")&IF(AND(AO13="PROMEDIAR",E13<>""),$E$6&", ","")&IF(AND(AP13="PROMEDIAR",F13<>""),$F$6&", ","")&IF(AND(AQ13="PROMEDIAR",G13<>""),$G$6&", ","")&" "&IF(AND(AR13="PROMEDIAR",H13<>""),$H$6&", ","")&" "&IF(AND(AS13="PROMEDIAR",I13<>""),$I$6&", ","")&" "&IF(AND(AT13="PROMEDIAR",J13<>""),$J$6&", ","")&" "&IF(AND(AU13="PROMEDIAR",K13<>""),$K$6&", ","")&" "&IF(AND(AV13="PROMEDIAR",L13<>""),$L$6&", ","")&" por encontrarse dentro del promedio requerido por la Corporación","Las cotizaciones tenidas en cuenta son las allegadas por las empresas: "&IF(AND(AM13="PROMEDIAR",C13<>""),$C$6&", ","")&IF(AND(AN13="PROMEDIAR",D13<>""),$D$6&", ","")&IF(AND(AO13="PROMEDIAR",E13<>""),$E$6&", ","")&IF(AND(AP13="PROMEDIAR",F13<>""),$F$6&", ","")&IF(AND(AQ13="PROMEDIAR",G13<>""),$G$6&", ","")&" "&IF(AND(AR13="PROMEDIAR",H13<>""),$H$6&", ","")&" "&IF(AND(AS13="PROMEDIAR",I13<>""),$I$6&", ","")&" "&IF(AND(AT13="PROMEDIAR",J13<>""),$J$6&", ","")&" "&IF(AND(AU13="PROMEDIAR",K13<>""),$K$6&", ","")&" "&IF(AND(AV13="PROMEDIAR",L13<>""),$L$6&", ","")&" por encontrarse dentro del promedio requerido por la Corporación"&" y se descarta los valores cotizados por: "&IF(AND(AM13="DESCARTAR",C13<>""),$C$6&", ","")&IF(AND(AN13="DESCARTAR",D13<>""),$D$6&", ","")&IF(AND(AO13="DESCARTAR",E13<>""),$E$6&", ","")&IF(AND(AP13="DESCARTAR",F13<>""),$F$6&", ","")&IF(AND(AQ13="DESCARTAR",G13<>""),$G$6&", ","")&" "&IF(AND(AR13="DESCARTAR",H13<>""),$H$6&", ","")&" "&IF(AND(AS13="PROMEDIAR",I13<>""),$I$6&", ","")&" "&IF(AND(AT13="PROMEDIAR",J13<>""),$J$6&", ","")&" "&IF(AND(AU13="PROMEDIAR",K13<>""),$K$6&", ","")&" "&IF(AND(AV13="PROMEDIAR",L13<>""),$L$6&", ","")&"por ser un dato atípico.") -> #REF! | AB13: =IF(C13<>"",(C13/$M13-1),"") -> #REF! | AC13: =IF(D13<>"",(D13/$M13-1),"") -> #REF! | AD13: =IF(E13<>"",(E13/$M13-1),"") -> #REF! | AE13: =IF(F13<>"",(F13/$M13-1),"") -> #REF! | AF13: =IF(G13<>"",(G13/$M13-1),"") -> #REF! | AG13: =IF(H13<>"",(H13/$M13-1),"") -> #REF! | AH13: =IF(I13<>"",(I13/$I13-1),"") -> #REF! | AI13: =IF(J13<>"",(J13/$I13-1),"") | AJ13: =IF(K13<>"",(K13/$I13-1),"") | AK13: =IF(L13<>"",(L13/$I13-1),"") | AM13: =IF(C13<>"",IF(C13=0,"SIN COTIZACIÓN",IF(T13="NO APLICA LIMITES","PROMEDIAR",IF(C13<V13,"DESCARTAR",IF(C13>W13,"DESCARTAR","PROMEDIAR")))),"") -> #REF! | AN13: =IF(D13<>"",IF(D13=0,"SIN COTIZACIÓN",IF($T13="NO APLICA LIMITES","PROMEDIAR",IF(D13<$V13,"DESCARTAR",IF(D13>$W13,"DESCARTAR","PROMEDIAR")))),"") -> #REF! | AO13: =IF(E13<>"",IF(E13=0,"SIN COTIZACIÓN",IF($T13="NO APLICA LIMITES","PROMEDIAR",IF(E13<$V13,"DESCARTAR",IF(E13>$W13,"DESCARTAR","PROMEDIAR")))),"") -> #REF! | AP13: =IF(F13<>"",IF(F13=0,"SIN COTIZACIÓN",IF($T13="NO APLICA LIMITES","PROMEDIAR",IF(F13<$V13,"DESCARTAR",IF(F13>$W13,"DESCARTAR","PROMEDIAR")))),"") -> #REF! | AQ13: =IF(G13<>"",IF(G13=0,"SIN COTIZACIÓN",IF($T13="NO APLICA LIMITES","PROMEDIAR",IF(G13<$V13,"DESCARTAR",IF(G13>$W13,"DESCARTAR","PROMEDIAR")))),"") -> #REF! | AR13: =IF(H13<>"",IF(H13=0,"SIN COTIZACIÓN",IF($T13="NO APLICA LIMITES","PROMEDIAR",IF(H13<$V13,"DESCARTAR",IF(H13>$W13,"DESCARTAR","PROMEDIAR")))),"") -> #REF! | AS13: =IF(I13<>"",IF(I13=0,"SIN COTIZACIÓN",IF($T13="NO APLICA LIMITES","PROMEDIAR",IF(I13<$V13,"DESCARTAR",IF(I13>$W13,"DESCARTAR","PROMEDIAR")))),"") -> #REF! | AT13: =IF(J13<>"",IF(J13=0,"SIN COTIZACIÓN",IF($T13="NO APLICA LIMITES","PROMEDIAR",IF(J13<$V13,"DESCARTAR",IF(J13>$W13,"DESCARTAR","PROMEDIAR")))),"") | AU13: =IF(K13<>"",IF(K13=0,"SIN COTIZACIÓN",IF($T13="NO APLICA LIMITES","PROMEDIAR",IF(K13<$V13,"DESCARTAR",IF(K13>$W13,"DESCARTAR","PROMEDIAR")))),"") | AV13: =IF(L13<>"",IF(L13=0,"SIN COTIZACIÓN",IF($T13="NO APLICA LIMITES","PROMEDIAR",IF(L13<$V13,"DESCARTAR",IF(L13>$W13,"DESCARTAR","PROMEDIAR")))),"")
A14: =+[55]ESPECIFICACIONES!A9 -> #REF! | B14: =+[55]ESPECIFICACIONES!B9 -> #REF! | C14: =+[55]RFI!F9 -> #REF! | D14: =+'[55]178209_-_IDACO_-_region_5_Prese'!F11 -> #REF! | E14: =+'[55]178209_IDACO'!F11 -> #REF! | F14: =+'[55]RFI_FERRETERIA_(16)_Evento_1782'!F11 -> #REF! | G14: =+'[55]EVENTO_No._178209_SEP.__24_SEP'!F12 -> #REF! | H14: =+'[55]178209_RFI_FERRETERIA'!F11 -> #REF! | I14: =+[55]RFI_178209!F11 -> #REF! | M14: =IF(P14<=1,Y14,(ROUND(+Y14,0))) -> #DIV/0! | O14: =ROUND(AVERAGE(C14:L14),0) -> #REF! | P14: =COUNT(C14:L14) -> 0 | Q14: =+STDEVA(C14:L14) -> #REF! | R14: =+Q14/O14 -> #REF! | S14: =IF(R14>=$S$5,"COEFICIENTE DE VARIACION MAYOR AL 20%",IF(R14<=$S$5,"COEFICIENTE DE VARIACION MENOR AL 20%")) -> #REF! | T14: =IF(P14<=1,"NO APLICA LIMITES",IF(R14>=$S$5,"SI APLICA LIMITE INFERIOR Y SUPERIOR",IF(R14<=$S$5,"NO APLICA LIMITES"))) -> NO APLICA LIMITES | V14: =O14-Q14 -> #REF! | W14: =O14+Q14 -> #REF! | Y14: =AVERAGEIFS(C14:L14,AM14:AV14,"promediar") -> #DIV/0! | AA14: =IF(T14="NO APLICA LIMITES","Las cotizaciones tenidas en cuenta son las allegadas por las empresas: "&IF(AND(AM14="PROMEDIAR",C14<>""),$C$6&", ","")&IF(AND(AN14="PROMEDIAR",D14<>""),$D$6&", ","")&IF(AND(AO14="PROMEDIAR",E14<>""),$E$6&", ","")&IF(AND(AP14="PROMEDIAR",F14<>""),$F$6&", ","")&IF(AND(AQ14="PROMEDIAR",G14<>""),$G$6&", ","")&" "&IF(AND(AR14="PROMEDIAR",H14<>""),$H$6&", ","")&" "&IF(AND(AS14="PROMEDIAR",I14<>""),$I$6&", ","")&" "&IF(AND(AT14="PROMEDIAR",J14<>""),$J$6&", ","")&" "&IF(AND(AU14="PROMEDIAR",K14<>""),$K$6&", ","")&" "&IF(AND(AV14="PROMEDIAR",L14<>""),$L$6&", ","")&" por encontrarse dentro del promedio requerido por la Corporación","Las cotizaciones tenidas en cuenta son las allegadas por las empresas: "&IF(AND(AM14="PROMEDIAR",C14<>""),$C$6&", ","")&IF(AND(AN14="PROMEDIAR",D14<>""),$D$6&", ","")&IF(AND(AO14="PROMEDIAR",E14<>""),$E$6&", ","")&IF(AND(AP14="PROMEDIAR",F14<>""),$F$6&", ","")&IF(AND(AQ14="PROMEDIAR",G14<>""),$G$6&", ","")&" "&IF(AND(AR14="PROMEDIAR",H14<>""),$H$6&", ","")&" "&IF(AND(AS14="PROMEDIAR",I14<>""),$I$6&", ","")&" "&IF(AND(AT14="PROMEDIAR",J14<>""),$J$6&", ","")&" "&IF(AND(AU14="PROMEDIAR",K14<>""),$K$6&", ","")&" "&IF(AND(AV14="PROMEDIAR",L14<>""),$L$6&", ","")&" por encontrarse dentro del promedio requerido por la Corporación"&" y se descarta los valores cotizados por: "&IF(AND(AM14="DESCARTAR",C14<>""),$C$6&", ","")&IF(AND(AN14="DESCARTAR",D14<>""),$D$6&", ","")&IF(AND(AO14="DESCARTAR",E14<>""),$E$6&", ","")&IF(AND(AP14="DESCARTAR",F14<>""),$F$6&", ","")&IF(AND(AQ14="DESCARTAR",G14<>""),$G$6&", ","")&" "&IF(AND(AR14="DESCARTAR",H14<>""),$H$6&", ","")&" "&IF(AND(AS14="PROMEDIAR",I14<>""),$I$6&", ","")&" "&IF(AND(AT14="PROMEDIAR",J14<>""),$J$6&", ","")&" "&IF(AND(AU14="PROMEDIAR",K14<>""),$K$6&", ","")&" "&IF(AND(AV14="PROMEDIAR",L14<>""),$L$6&", ","")&"por ser un dato atípico.") -> #REF! | AB14: =IF(C14<>"",(C14/$M14-1),"") -> #REF! | AC14: =IF(D14<>"",(D14/$M14-1),"") -> #REF! | AD14: =IF(E14<>"",(E14/$M14-1),"") -> #REF! | AE14: =IF(F14<>"",(F14/$M14-1),"") -> #REF! | AF14: =IF(G14<>"",(G14/$M14-1),"") -> #REF! | AG14: =IF(H14<>"",(H14/$M14-1),"") -> #REF! | AH14: =IF(I14<>"",(I14/$I14-1),"") -> #REF! | AI14: =IF(J14<>"",(J14/$I14-1),"") | AJ14: =IF(K14<>"",(K14/$I14-1),"") | AK14: =IF(L14<>"",(L14/$I14-1),"") | AM14: =IF(C14<>"",IF(C14=0,"SIN COTIZACIÓN",IF(T14="NO APLICA LIMITES","PROMEDIAR",IF(C14<V14,"DESCARTAR",IF(C14>W14,"DESCARTAR","PROMEDIAR")))),"") -> #REF! | AN14: =IF(D14<>"",IF(D14=0,"SIN COTIZACIÓN",IF($T14="NO APLICA LIMITES","PROMEDIAR",IF(D14<$V14,"DESCARTAR",IF(D14>$W14,"DESCARTAR","PROMEDIAR")))),"") -> #REF! | AO14: =IF(E14<>"",IF(E14=0,"SIN COTIZACIÓN",IF($T14="NO APLICA LIMITES","PROMEDIAR",IF(E14<$V14,"DESCARTAR",IF(E14>$W14,"DESCARTAR","PROMEDIAR")))),"") -> #REF! | AP14: =IF(F14<>"",IF(F14=0,"SIN COTIZACIÓN",IF($T14="NO APLICA LIMITES","PROMEDIAR",IF(F14<$V14,"DESCARTAR",IF(F14>$W14,"DESCARTAR","PROMEDIAR")))),"") -> #REF! | AQ14: =IF(G14<>"",IF(G14=0,"SIN COTIZACIÓN",IF($T14="NO APLICA LIMITES","PROMEDIAR",IF(G14<$V14,"DESCARTAR",IF(G14>$W14,"DESCARTAR","PROMEDIAR")))),"") -> #REF! | AR14: =IF(H14<>"",IF(H14=0,"SIN COTIZACIÓN",IF($T14="NO APLICA LIMITES","PROMEDIAR",IF(H14<$V14,"DESCARTAR",IF(H14>$W14,"DESCARTAR","PROMEDIAR")))),"") -> #REF! | AS14: =IF(I14<>"",IF(I14=0,"SIN COTIZACIÓN",IF($T14="NO APLICA LIMITES","PROMEDIAR",IF(I14<$V14,"DESCARTAR",IF(I14>$W14,"DESCARTAR","PROMEDIAR")))),"") -> #REF! | AT14: =IF(J14<>"",IF(J14=0,"SIN COTIZACIÓN",IF($T14="NO APLICA LIMITES","PROMEDIAR",IF(J14<$V14,"DESCARTAR",IF(J14>$W14,"DESCARTAR","PROMEDIAR")))),"") | AU14: =IF(K14<>"",IF(K14=0,"SIN COTIZACIÓN",IF($T14="NO APLICA LIMITES","PROMEDIAR",IF(K14<$V14,"DESCARTAR",IF(K14>$W14,"DESCARTAR","PROMEDIAR")))),"") | AV14: =IF(L14<>"",IF(L14=0,"SIN COTIZACIÓN",IF($T14="NO APLICA LIMITES","PROMEDIAR",IF(L14<$V14,"DESCARTAR",IF(L14>$W14,"DESCARTAR","PROMEDIAR")))),"")
A15: =+[55]ESPECIFICACIONES!A10 -> #REF! | B15: =+[55]ESPECIFICACIONES!B10 -> #REF! | C15: =+[55]RFI!F10 -> #REF! | D15: =+'[55]178209_-_IDACO_-_region_5_Prese'!F12 -> #REF! | E15: =+'[55]178209_IDACO'!F12 -> #REF! | F15: =+'[55]RFI_FERRETERIA_(16)_Evento_1782'!F12 -> #REF! | G15: =+'[55]EVENTO_No._178209_SEP.__24_SEP'!F13 -> #REF! | H15: =+'[55]178209_RFI_FERRETERIA'!F12 -> #REF! | I15: =+[55]RFI_178209!F12 -> #REF! | M15: =IF(P15<=1,Y15,(ROUND(+Y15,0))) -> #DIV/0! | O15: =ROUND(AVERAGE(C15:L15),0) -> #REF! | P15: =COUNT(C15:L15) -> 0 | Q15: =+STDEVA(C15:L15) -> #REF! | R15: =+Q15/O15 -> #REF! | S15: =IF(R15>=$S$5,"COEFICIENTE DE VARIACION MAYOR AL 20%",IF(R15<=$S$5,"COEFICIENTE DE VARIACION MENOR AL 20%")) -> #REF! | T15: =IF(P15<=1,"NO APLICA LIMITES",IF(R15>=$S$5,"SI APLICA LIMITE INFERIOR Y SUPERIOR",IF(R15<=$S$5,"NO APLICA LIMITES"))) -> NO APLICA LIMITES | V15: =O15-Q15 -> #REF! | W15: =O15+Q15 -> #REF! | Y15: =AVERAGEIFS(C15:L15,AM15:AV15,"promediar") -> #DIV/0! | AA15: =IF(T15="NO APLICA LIMITES","Las cotizaciones tenidas en cuenta son las allegadas por las empresas: "&IF(AND(AM15="PROMEDIAR",C15<>""),$C$6&", ","")&IF(AND(AN15="PROMEDIAR",D15<>""),$D$6&", ","")&IF(AND(AO15="PROMEDIAR",E15<>""),$E$6&", ","")&IF(AND(AP15="PROMEDIAR",F15<>""),$F$6&", ","")&IF(AND(AQ15="PROMEDIAR",G15<>""),$G$6&", ","")&" "&IF(AND(AR15="PROMEDIAR",H15<>""),$H$6&", ","")&" "&IF(AND(AS15="PROMEDIAR",I15<>""),$I$6&", ","")&" "&IF(AND(AT15="PROMEDIAR",J15<>""),$J$6&", ","")&" "&IF(AND(AU15="PROMEDIAR",K15<>""),$K$6&", ","")&" "&IF(AND(AV15="PROMEDIAR",L15<>""),$L$6&", ","")&" por encontrarse dentro del promedio requerido por la Corporación","Las cotizaciones tenidas en cuenta son las allegadas por las empresas: "&IF(AND(AM15="PROMEDIAR",C15<>""),$C$6&", ","")&IF(AND(AN15="PROMEDIAR",D15<>""),$D$6&", ","")&IF(AND(AO15="PROMEDIAR",E15<>""),$E$6&", ","")&IF(AND(AP15="PROMEDIAR",F15<>""),$F$6&", ","")&IF(AND(AQ15="PROMEDIAR",G15<>""),$G$6&", ","")&" "&IF(AND(AR15="PROMEDIAR",H15<>""),$H$6&", ","")&" "&IF(AND(AS15="PROMEDIAR",I15<>""),$I$6&", ","")&" "&IF(AND(AT15="PROMEDIAR",J15<>""),$J$6&", ","")&" "&IF(AND(AU15="PROMEDIAR",K15<>""),$K$6&", ","")&" "&IF(AND(AV15="PROMEDIAR",L15<>""),$L$6&", ","")&" por encontrarse dentro del promedio requerido por la Corporación"&" y se descarta los valores cotizados por: "&IF(AND(AM15="DESCARTAR",C15<>""),$C$6&", ","")&IF(AND(AN15="DESCARTAR",D15<>""),$D$6&", ","")&IF(AND(AO15="DESCARTAR",E15<>""),$E$6&", ","")&IF(AND(AP15="DESCARTAR",F15<>""),$F$6&", ","")&IF(AND(AQ15="DESCARTAR",G15<>""),$G$6&", ","")&" "&IF(AND(AR15="DESCARTAR",H15<>""),$H$6&", ","")&" "&IF(AND(AS15="PROMEDIAR",I15<>""),$I$6&", ","")&" "&IF(AND(AT15="PROMEDIAR",J15<>""),$J$6&", ","")&" "&IF(AND(AU15="PROMEDIAR",K15<>""),$K$6&", ","")&" "&IF(AND(AV15="PROMEDIAR",L15<>""),$L$6&", ","")&"por ser un dato atípico.") -> #REF! | AB15: =IF(C15<>"",(C15/$M15-1),"") -> #REF! | AC15: =IF(D15<>"",(D15/$M15-1),"") -> #REF! | AD15: =IF(E15<>"",(E15/$M15-1),"") -> #REF! | AE15: =IF(F15<>"",(F15/$M15-1),"") -> #REF! | AF15: =IF(G15<>"",(G15/$M15-1),"") -> #REF! | AG15: =IF(H15<>"",(H15/$M15-1),"") -> #REF! | AH15: =IF(I15<>"",(I15/$I15-1),"") -> #REF! | AI15: =IF(J15<>"",(J15/$I15-1),"") | AJ15: =IF(K15<>"",(K15/$I15-1),"") | AK15: =IF(L15<>"",(L15/$I15-1),"") | AM15: =IF(C15<>"",IF(C15=0,"SIN COTIZACIÓN",IF(T15="NO APLICA LIMITES","PROMEDIAR",IF(C15<V15,"DESCARTAR",IF(C15>W15,"DESCARTAR","PROMEDIAR")))),"") -> #REF! | AN15: =IF(D15<>"",IF(D15=0,"SIN COTIZACIÓN",IF($T15="NO APLICA LIMITES","PROMEDIAR",IF(D15<$V15,"DESCARTAR",IF(D15>$W15,"DESCARTAR","PROMEDIAR")))),"") -> #REF! | AO15: =IF(E15<>"",IF(E15=0,"SIN COTIZACIÓN",IF($T15="NO APLICA LIMITES","PROMEDIAR",IF(E15<$V15,"DESCARTAR",IF(E15>$W15,"DESCARTAR","PROMEDIAR")))),"") -> #REF! | AP15: =IF(F15<>"",IF(F15=0,"SIN COTIZACIÓN",IF($T15="NO APLICA LIMITES","PROMEDIAR",IF(F15<$V15,"DESCARTAR",IF(F15>$W15,"DESCARTAR","PROMEDIAR")))),"") -> #REF! | AQ15: =IF(G15<>"",IF(G15=0,"SIN COTIZACIÓN",IF($T15="NO APLICA LIMITES","PROMEDIAR",IF(G15<$V15,"DESCARTAR",IF(G15>$W15,"DESCARTAR","PROMEDIAR")))),"") -> #REF! | AR15: =IF(H15<>"",IF(H15=0,"SIN COTIZACIÓN",IF($T15="NO APLICA LIMITES","PROMEDIAR",IF(H15<$V15,"DESCARTAR",IF(H15>$W15,"DESCARTAR","PROMEDIAR")))),"") -> #REF! | AS15: =IF(I15<>"",IF(I15=0,"SIN COTIZACIÓN",IF($T15="NO APLICA LIMITES","PROMEDIAR",IF(I15<$V15,"DESCARTAR",IF(I15>$W15,"DESCARTAR","PROMEDIAR")))),"") -> #REF! | AT15: =IF(J15<>"",IF(J15=0,"SIN COTIZACIÓN",IF($T15="NO APLICA LIMITES","PROMEDIAR",IF(J15<$V15,"DESCARTAR",IF(J15>$W15,"DESCARTAR","PROMEDIAR")))),"") | AU15: =IF(K15<>"",IF(K15=0,"SIN COTIZACIÓN",IF($T15="NO APLICA LIMITES","PROMEDIAR",IF(K15<$V15,"DESCARTAR",IF(K15>$W15,"DESCARTAR","PROMEDIAR")))),"") | AV15: =IF(L15<>"",IF(L15=0,"SIN COTIZACIÓN",IF($T15="NO APLICA LIMITES","PROMEDIAR",IF(L15<$V15,"DESCARTAR",IF(L15>$W15,"DESCARTAR","PROMEDIAR")))),"")
A16: =+[55]ESPECIFICACIONES!A11 -> #REF! | B16: =+[55]ESPECIFICACIONES!B11 -> #REF! | C16: =+[55]RFI!F11 -> #REF! | D16: =+'[55]178209_-_IDACO_-_region_5_Prese'!F13 -> #REF! | E16: =+'[55]178209_IDACO'!F13 -> #REF! | F16: =+'[55]RFI_FERRETERIA_(16)_Evento_1782'!F13 -> #REF! | G16: =+'[55]EVENTO_No._178209_SEP.__24_SEP'!F14 -> #REF! | H16: =+'[55]178209_RFI_FERRETERIA'!F13 -> #REF! | I16: =+[55]RFI_178209!F13 -> #REF! | M16: =IF(P16<=1,Y16,(ROUND(+Y16,0))) -> #DIV/0! | O16: =ROUND(AVERAGE(C16:L16),0) -> #REF! | P16: =COUNT(C16:L16) -> 0 | Q16: =+STDEVA(C16:L16) -> #REF! | R16: =+Q16/O16 -> #REF! | S16: =IF(R16>=$S$5,"COEFICIENTE DE VARIACION MAYOR AL 20%",IF(R16<=$S$5,"COEFICIENTE DE VARIACION MENOR AL 20%")) -> #REF! | T16: =IF(P16<=1,"NO APLICA LIMITES",IF(R16>=$S$5,"SI APLICA LIMITE INFERIOR Y SUPERIOR",IF(R16<=$S$5,"NO APLICA LIMITES"))) -> NO APLICA LIMITES | V16: =O16-Q16 -> #REF! | W16: =O16+Q16 -> #REF! | Y16: =AVERAGEIFS(C16:L16,AM16:AV16,"promediar") -> #DIV/0! | AA16: =IF(T16="NO APLICA LIMITES","Las cotizaciones tenidas en cuenta son las allegadas por las empresas: "&IF(AND(AM16="PROMEDIAR",C16<>""),$C$6&", ","")&IF(AND(AN16="PROMEDIAR",D16<>""),$D$6&", ","")&IF(AND(AO16="PROMEDIAR",E16<>""),$E$6&", ","")&IF(AND(AP16="PROMEDIAR",F16<>""),$F$6&", ","")&IF(AND(AQ16="PROMEDIAR",G16<>""),$G$6&", ","")&" "&IF(AND(AR16="PROMEDIAR",H16<>""),$H$6&", ","")&" "&IF(AND(AS16="PROMEDIAR",I16<>""),$I$6&", ","")&" "&IF(AND(AT16="PROMEDIAR",J16<>""),$J$6&", ","")&" "&IF(AND(AU16="PROMEDIAR",K16<>""),$K$6&", ","")&" "&IF(AND(AV16="PROMEDIAR",L16<>""),$L$6&", ","")&" por encontrarse dentro del promedio requerido por la Corporación","Las cotizaciones tenidas en cuenta son las allegadas por las empresas: "&IF(AND(AM16="PROMEDIAR",C16<>""),$C$6&", ","")&IF(AND(AN16="PROMEDIAR",D16<>""),$D$6&", ","")&IF(AND(AO16="PROMEDIAR",E16<>""),$E$6&", ","")&IF(AND(AP16="PROMEDIAR",F16<>""),$F$6&", ","")&IF(AND(AQ16="PROMEDIAR",G16<>""),$G$6&", ","")&" "&IF(AND(AR16="PROMEDIAR",H16<>""),$H$6&", ","")&" "&IF(AND(AS16="PROMEDIAR",I16<>""),$I$6&", ","")&" "&IF(AND(AT16="PROMEDIAR",J16<>""),$J$6&", ","")&" "&IF(AND(AU16="PROMEDIAR",K16<>""),$K$6&", ","")&" "&IF(AND(AV16="PROMEDIAR",L16<>""),$L$6&", ","")&" por encontrarse dentro del promedio requerido por la Corporación"&" y se descarta los valores cotizados por: "&IF(AND(AM16="DESCARTAR",C16<>""),$C$6&", ","")&IF(AND(AN16="DESCARTAR",D16<>""),$D$6&", ","")&IF(AND(AO16="DESCARTAR",E16<>""),$E$6&", ","")&IF(AND(AP16="DESCARTAR",F16<>""),$F$6&", ","")&IF(AND(AQ16="DESCARTAR",G16<>""),$G$6&", ","")&" "&IF(AND(AR16="DESCARTAR",H16<>""),$H$6&", ","")&" "&IF(AND(AS16="PROMEDIAR",I16<>""),$I$6&", ","")&" "&IF(AND(AT16="PROMEDIAR",J16<>""),$J$6&", ","")&" "&IF(AND(AU16="PROMEDIAR",K16<>""),$K$6&", ","")&" "&IF(AND(AV16="PROMEDIAR",L16<>""),$L$6&", ","")&"por ser un dato atípico.") -> #REF! | AB16: =IF(C16<>"",(C16/$M16-1),"") -> #REF! | AC16: =IF(D16<>"",(D16/$M16-1),"") -> #REF! | AD16: =IF(E16<>"",(E16/$M16-1),"") -> #REF! | AE16: =IF(F16<>"",(F16/$M16-1),"") -> #REF! | AF16: =IF(G16<>"",(G16/$M16-1),"") -> #REF! | AG16: =IF(H16<>"",(H16/$M16-1),"") -> #REF! | AH16: =IF(I16<>"",(I16/$I16-1),"") -> #REF! | AI16: =IF(J16<>"",(J16/$I16-1),"") | AJ16: =IF(K16<>"",(K16/$I16-1),"") | AK16: =IF(L16<>"",(L16/$I16-1),"") | AM16: =IF(C16<>"",IF(C16=0,"SIN COTIZACIÓN",IF(T16="NO APLICA LIMITES","PROMEDIAR",IF(C16<V16,"DESCARTAR",IF(C16>W16,"DESCARTAR","PROMEDIAR")))),"") -> #REF! | AN16: =IF(D16<>"",IF(D16=0,"SIN COTIZACIÓN",IF($T16="NO APLICA LIMITES","PROMEDIAR",IF(D16<$V16,"DESCARTAR",IF(D16>$W16,"DESCARTAR","PROMEDIAR")))),"") -> #REF! | AO16: =IF(E16<>"",IF(E16=0,"SIN COTIZACIÓN",IF($T16="NO APLICA LIMITES","PROMEDIAR",IF(E16<$V16,"DESCARTAR",IF(E16>$W16,"DESCARTAR","PROMEDIAR")))),"") -> #REF! | AP16: =IF(F16<>"",IF(F16=0,"SIN COTIZACIÓN",IF($T16="NO APLICA LIMITES","PROMEDIAR",IF(F16<$V16,"DESCARTAR",IF(F16>$W16,"DESCARTAR","PROMEDIAR")))),"") -> #REF! | AQ16: =IF(G16<>"",IF(G16=0,"SIN COTIZACIÓN",IF($T16="NO APLICA LIMITES","PROMEDIAR",IF(G16<$V16,"DESCARTAR",IF(G16>$W16,"DESCARTAR","PROMEDIAR")))),"") -> #REF! | AR16: =IF(H16<>"",IF(H16=0,"SIN COTIZACIÓN",IF($T16="NO APLICA LIMITES","PROMEDIAR",IF(H16<$V16,"DESCARTAR",IF(H16>$W16,"DESCARTAR","PROMEDIAR")))),"") -> #REF! | AS16: =IF(I16<>"",IF(I16=0,"SIN COTIZACIÓN",IF($T16="NO APLICA LIMITES","PROMEDIAR",IF(I16<$V16,"DESCARTAR",IF(I16>$W16,"DESCARTAR","PROMEDIAR")))),"") -> #REF! | AT16: =IF(J16<>"",IF(J16=0,"SIN COTIZACIÓN",IF($T16="NO APLICA LIMITES","PROMEDIAR",IF(J16<$V16,"DESCARTAR",IF(J16>$W16,"DESCARTAR","PROMEDIAR")))),"") | AU16: =IF(K16<>"",IF(K16=0,"SIN COTIZACIÓN",IF($T16="NO APLICA LIMITES","PROMEDIAR",IF(K16<$V16,"DESCARTAR",IF(K16>$W16,"DESCARTAR","PROMEDIAR")))),"") | AV16: =IF(L16<>"",IF(L16=0,"SIN COTIZACIÓN",IF($T16="NO APLICA LIMITES","PROMEDIAR",IF(L16<$V16,"DESCARTAR",IF(L16>$W16,"DESCARTAR","PROMEDIAR")))),"")
A17: =+[55]ESPECIFICACIONES!A12 -> #REF! | B17: =+[55]ESPECIFICACIONES!B12 -> #REF! | C17: =+[55]RFI!F12 -> #REF! | D17: =+'[55]178209_-_IDACO_-_region_5_Prese'!F14 -> #REF! | E17: =+'[55]178209_IDACO'!F14 -> #REF! | F17: =+'[55]RFI_FERRETERIA_(16)_Evento_1782'!F14 -> #REF! | G17: =+'[55]EVENTO_No._178209_SEP.__24_SEP'!F15 -> #REF! | H17: =+'[55]178209_RFI_FERRETERIA'!F14 -> #REF! | I17: =+[55]RFI_178209!F14 -> #REF! | M17: =IF(P17<=1,Y17,(ROUND(+Y17,0))) -> #DIV/0! | O17: =ROUND(AVERAGE(C17:L17),0) -> #REF! | P17: =COUNT(C17:L17) -> 0 | Q17: =+STDEVA(C17:L17) -> #REF! | R17: =+Q17/O17 -> #REF! | S17: =IF(R17>=$S$5,"COEFICIENTE DE VARIACION MAYOR AL 20%",IF(R17<=$S$5,"COEFICIENTE DE VARIACION MENOR AL 20%")) -> #REF! | T17: =IF(P17<=1,"NO APLICA LIMITES",IF(R17>=$S$5,"SI APLICA LIMITE INFERIOR Y SUPERIOR",IF(R17<=$S$5,"NO APLICA LIMITES"))) -> NO APLICA LIMITES | V17: =O17-Q17 -> #REF! | W17: =O17+Q17 -> #REF! | Y17: =AVERAGEIFS(C17:L17,AM17:AV17,"promediar") -> #DIV/0! | AA17: =IF(T17="NO APLICA LIMITES","Las cotizaciones tenidas en cuenta son las allegadas por las empresas: "&IF(AND(AM17="PROMEDIAR",C17<>""),$C$6&", ","")&IF(AND(AN17="PROMEDIAR",D17<>""),$D$6&", ","")&IF(AND(AO17="PROMEDIAR",E17<>""),$E$6&", ","")&IF(AND(AP17="PROMEDIAR",F17<>""),$F$6&", ","")&IF(AND(AQ17="PROMEDIAR",G17<>""),$G$6&", ","")&" "&IF(AND(AR17="PROMEDIAR",H17<>""),$H$6&", ","")&" "&IF(AND(AS17="PROMEDIAR",I17<>""),$I$6&", ","")&" "&IF(AND(AT17="PROMEDIAR",J17<>""),$J$6&", ","")&" "&IF(AND(AU17="PROMEDIAR",K17<>""),$K$6&", ","")&" "&IF(AND(AV17="PROMEDIAR",L17<>""),$L$6&", ","")&" por encontrarse dentro del promedio requerido por la Corporación","Las cotizaciones tenidas en cuenta son las allegadas por las empresas: "&IF(AND(AM17="PROMEDIAR",C17<>""),$C$6&", ","")&IF(AND(AN17="PROMEDIAR",D17<>""),$D$6&", ","")&IF(AND(AO17="PROMEDIAR",E17<>""),$E$6&", ","")&IF(AND(AP17="PROMEDIAR",F17<>""),$F$6&", ","")&IF(AND(AQ17="PROMEDIAR",G17<>""),$G$6&", ","")&" "&IF(AND(AR17="PROMEDIAR",H17<>""),$H$6&", ","")&" "&IF(AND(AS17="PROMEDIAR",I17<>""),$I$6&", ","")&" "&IF(AND(AT17="PROMEDIAR",J17<>""),$J$6&", ","")&" "&IF(AND(AU17="PROMEDIAR",K17<>""),$K$6&", ","")&" "&IF(AND(AV17="PROMEDIAR",L17<>""),$L$6&", ","")&" por encontrarse dentro del promedio requerido por la Corporación"&" y se descarta los valores cotizados por: "&IF(AND(AM17="DESCARTAR",C17<>""),$C$6&", ","")&IF(AND(AN17="DESCARTAR",D17<>""),$D$6&", ","")&IF(AND(AO17="DESCARTAR",E17<>""),$E$6&", ","")&IF(AND(AP17="DESCARTAR",F17<>""),$F$6&", ","")&IF(AND(AQ17="DESCARTAR",G17<>""),$G$6&", ","")&" "&IF(AND(AR17="DESCARTAR",H17<>""),$H$6&", ","")&" "&IF(AND(AS17="PROMEDIAR",I17<>""),$I$6&", ","")&" "&IF(AND(AT17="PROMEDIAR",J17<>""),$J$6&", ","")&" "&IF(AND(AU17="PROMEDIAR",K17<>""),$K$6&", ","")&" "&IF(AND(AV17="PROMEDIAR",L17<>""),$L$6&", ","")&"por ser un dato atípico.") -> #REF! | AB17: =IF(C17<>"",(C17/$M17-1),"") -> #REF! | AC17: =IF(D17<>"",(D17/$M17-1),"") -> #REF! | AD17: =IF(E17<>"",(E17/$M17-1),"") -> #REF! | AE17: =IF(F17<>"",(F17/$M17-1),"") -> #REF! | AF17: =IF(G17<>"",(G17/$M17-1),"") -> #REF! | AG17: =IF(H17<>"",(H17/$M17-1),"") -> #REF! | AH17: =IF(I17<>"",(I17/$I17-1),"") -> #REF! | AI17: =IF(J17<>"",(J17/$I17-1),"") | AJ17: =IF(K17<>"",(K17/$I17-1),"") | AK17: =IF(L17<>"",(L17/$I17-1),"") | AM17: =IF(C17<>"",IF(C17=0,"SIN COTIZACIÓN",IF(T17="NO APLICA LIMITES","PROMEDIAR",IF(C17<V17,"DESCARTAR",IF(C17>W17,"DESCARTAR","PROMEDIAR")))),"") -> #REF! | AN17: =IF(D17<>"",IF(D17=0,"SIN COTIZACIÓN",IF($T17="NO APLICA LIMITES","PROMEDIAR",IF(D17<$V17,"DESCARTAR",IF(D17>$W17,"DESCARTAR","PROMEDIAR")))),"") -> #REF! | AO17: =IF(E17<>"",IF(E17=0,"SIN COTIZACIÓN",IF($T17="NO APLICA LIMITES","PROMEDIAR",IF(E17<$V17,"DESCARTAR",IF(E17>$W17,"DESCARTAR","PROMEDIAR")))),"") -> #REF! | AP17: =IF(F17<>"",IF(F17=0,"SIN COTIZACIÓN",IF($T17="NO APLICA LIMITES","PROMEDIAR",IF(F17<$V17,"DESCARTAR",IF(F17>$W17,"DESCARTAR","PROMEDIAR")))),"") -> #REF! | AQ17: =IF(G17<>"",IF(G17=0,"SIN COTIZACIÓN",IF($T17="NO APLICA LIMITES","PROMEDIAR",IF(G17<$V17,"DESCARTAR",IF(G17>$W17,"DESCARTAR","PROMEDIAR")))),"") -> #REF! | AR17: =IF(H17<>"",IF(H17=0,"SIN COTIZACIÓN",IF($T17="NO APLICA LIMITES","PROMEDIAR",IF(H17<$V17,"DESCARTAR",IF(H17>$W17,"DESCARTAR","PROMEDIAR")))),"") -> #REF! | AS17: =IF(I17<>"",IF(I17=0,"SIN COTIZACIÓN",IF($T17="NO APLICA LIMITES","PROMEDIAR",IF(I17<$V17,"DESCARTAR",IF(I17>$W17,"DESCARTAR","PROMEDIAR")))),"") -> #REF! | AT17: =IF(J17<>"",IF(J17=0,"SIN COTIZACIÓN",IF($T17="NO APLICA LIMITES","PROMEDIAR",IF(J17<$V17,"DESCARTAR",IF(J17>$W17,"DESCARTAR","PROMEDIAR")))),"") | AU17: =IF(K17<>"",IF(K17=0,"SIN COTIZACIÓN",IF($T17="NO APLICA LIMITES","PROMEDIAR",IF(K17<$V17,"DESCARTAR",IF(K17>$W17,"DESCARTAR","PROMEDIAR")))),"") | AV17: =IF(L17<>"",IF(L17=0,"SIN COTIZACIÓN",IF($T17="NO APLICA LIMITES","PROMEDIAR",IF(L17<$V17,"DESCARTAR",IF(L17>$W17,"DESCARTAR","PROMEDIAR")))),"")
A18: =+[55]ESPECIFICACIONES!A13 -> #REF! | B18: =+[55]ESPECIFICACIONES!B13 -> #REF! | C18: =+[55]RFI!F13 -> #REF! | D18: =+'[55]178209_-_IDACO_-_region_5_Prese'!F15 -> #REF! | E18: =+'[55]178209_IDACO'!F15 -> #REF! | F18: =+'[55]RFI_FERRETERIA_(16)_Evento_1782'!F15 -> #REF! | G18: =+'[55]EVENTO_No._178209_SEP.__24_SEP'!F16 -> #REF! | H18: =+'[55]178209_RFI_FERRETERIA'!F15 -> #REF! | I18: =+[55]RFI_178209!F15 -> #REF! | M18: =IF(P18<=1,Y18,(ROUND(+Y18,0))) -> #DIV/0! | O18: =ROUND(AVERAGE(C18:L18),0) -> #REF! | P18: =COUNT(C18:L18) -> 0 | Q18: =+STDEVA(C18:L18) -> #REF! | R18: =+Q18/O18 -> #REF! | S18: =IF(R18>=$S$5,"COEFICIENTE DE VARIACION MAYOR AL 20%",IF(R18<=$S$5,"COEFICIENTE DE VARIACION MENOR AL 20%")) -> #REF! | T18: =IF(P18<=1,"NO APLICA LIMITES",IF(R18>=$S$5,"SI APLICA LIMITE INFERIOR Y SUPERIOR",IF(R18<=$S$5,"NO APLICA LIMITES"))) -> NO APLICA LIMITES | V18: =O18-Q18 -> #REF! | W18: =O18+Q18 -> #REF! | Y18: =AVERAGEIFS(C18:L18,AM18:AV18,"promediar") -> #DIV/0! | AA18: =IF(T18="NO APLICA LIMITES","Las cotizaciones tenidas en cuenta son las allegadas por las empresas: "&IF(AND(AM18="PROMEDIAR",C18<>""),$C$6&", ","")&IF(AND(AN18="PROMEDIAR",D18<>""),$D$6&", ","")&IF(AND(AO18="PROMEDIAR",E18<>""),$E$6&", ","")&IF(AND(AP18="PROMEDIAR",F18<>""),$F$6&", ","")&IF(AND(AQ18="PROMEDIAR",G18<>""),$G$6&", ","")&" "&IF(AND(AR18="PROMEDIAR",H18<>""),$H$6&", ","")&" "&IF(AND(AS18="PROMEDIAR",I18<>""),$I$6&", ","")&" "&IF(AND(AT18="PROMEDIAR",J18<>""),$J$6&", ","")&" "&IF(AND(AU18="PROMEDIAR",K18<>""),$K$6&", ","")&" "&IF(AND(AV18="PROMEDIAR",L18<>""),$L$6&", ","")&" por encontrarse dentro del promedio requerido por la Corporación","Las cotizaciones tenidas en cuenta son las allegadas por las empresas: "&IF(AND(AM18="PROMEDIAR",C18<>""),$C$6&", ","")&IF(AND(AN18="PROMEDIAR",D18<>""),$D$6&", ","")&IF(AND(AO18="PROMEDIAR",E18<>""),$E$6&", ","")&IF(AND(AP18="PROMEDIAR",F18<>""),$F$6&", ","")&IF(AND(AQ18="PROMEDIAR",G18<>""),$G$6&", ","")&" "&IF(AND(AR18="PROMEDIAR",H18<>""),$H$6&", ","")&" "&IF(AND(AS18="PROMEDIAR",I18<>""),$I$6&", ","")&" "&IF(AND(AT18="PROMEDIAR",J18<>""),$J$6&", ","")&" "&IF(AND(AU18="PROMEDIAR",K18<>""),$K$6&", ","")&" "&IF(AND(AV18="PROMEDIAR",L18<>""),$L$6&", ","")&" por encontrarse dentro del promedio requerido por la Corporación"&" y se descarta los valores cotizados por: "&IF(AND(AM18="DESCARTAR",C18<>""),$C$6&", ","")&IF(AND(AN18="DESCARTAR",D18<>""),$D$6&", ","")&IF(AND(AO18="DESCARTAR",E18<>""),$E$6&", ","")&IF(AND(AP18="DESCARTAR",F18<>""),$F$6&", ","")&IF(AND(AQ18="DESCARTAR",G18<>""),$G$6&", ","")&" "&IF(AND(AR18="DESCARTAR",H18<>""),$H$6&", ","")&" "&IF(AND(AS18="PROMEDIAR",I18<>""),$I$6&", ","")&" "&IF(AND(AT18="PROMEDIAR",J18<>""),$J$6&", ","")&" "&IF(AND(AU18="PROMEDIAR",K18<>""),$K$6&", ","")&" "&IF(AND(AV18="PROMEDIAR",L18<>""),$L$6&", ","")&"por ser un dato atípico.") -> #REF! | AB18: =IF(C18<>"",(C18/$M18-1),"") -> #REF! | AC18: =IF(D18<>"",(D18/$M18-1),"") -> #REF! | AD18: =IF(E18<>"",(E18/$M18-1),"") -> #REF! | AE18: =IF(F18<>"",(F18/$M18-1),"") -> #REF! | AF18: =IF(G18<>"",(G18/$M18-1),"") -> #REF! | AG18: =IF(H18<>"",(H18/$M18-1),"") -> #REF! | AH18: =IF(I18<>"",(I18/$I18-1),"") -> #REF! | AI18: =IF(J18<>"",(J18/$I18-1),"") | AJ18: =IF(K18<>"",(K18/$I18-1),"") | AK18: =IF(L18<>"",(L18/$I18-1),"") | AM18: =IF(C18<>"",IF(C18=0,"SIN COTIZACIÓN",IF(T18="NO APLICA LIMITES","PROMEDIAR",IF(C18<V18,"DESCARTAR",IF(C18>W18,"DESCARTAR","PROMEDIAR")))),"") -> #REF! | AN18: =IF(D18<>"",IF(D18=0,"SIN COTIZACIÓN",IF($T18="NO APLICA LIMITES","PROMEDIAR",IF(D18<$V18,"DESCARTAR",IF(D18>$W18,"DESCARTAR","PROMEDIAR")))),"") -> #REF! | AO18: =IF(E18<>"",IF(E18=0,"SIN COTIZACIÓN",IF($T18="NO APLICA LIMITES","PROMEDIAR",IF(E18<$V18,"DESCARTAR",IF(E18>$W18,"DESCARTAR","PROMEDIAR")))),"") -> #REF! | AP18: =IF(F18<>"",IF(F18=0,"SIN COTIZACIÓN",IF($T18="NO APLICA LIMITES","PROMEDIAR",IF(F18<$V18,"DESCARTAR",IF(F18>$W18,"DESCARTAR","PROMEDIAR")))),"") -> #REF! | AQ18: =IF(G18<>"",IF(G18=0,"SIN COTIZACIÓN",IF($T18="NO APLICA LIMITES","PROMEDIAR",IF(G18<$V18,"DESCARTAR",IF(G18>$W18,"DESCARTAR","PROMEDIAR")))),"") -> #REF! | AR18: =IF(H18<>"",IF(H18=0,"SIN COTIZACIÓN",IF($T18="NO APLICA LIMITES","PROMEDIAR",IF(H18<$V18,"DESCARTAR",IF(H18>$W18,"DESCARTAR","PROMEDIAR")))),"") -> #REF! | AS18: =IF(I18<>"",IF(I18=0,"SIN COTIZACIÓN",IF($T18="NO APLICA LIMITES","PROMEDIAR",IF(I18<$V18,"DESCARTAR",IF(I18>$W18,"DESCARTAR","PROMEDIAR")))),"") -> #REF! | AT18: =IF(J18<>"",IF(J18=0,"SIN COTIZACIÓN",IF($T18="NO APLICA LIMITES","PROMEDIAR",IF(J18<$V18,"DESCARTAR",IF(J18>$W18,"DESCARTAR","PROMEDIAR")))),"") | AU18: =IF(K18<>"",IF(K18=0,"SIN COTIZACIÓN",IF($T18="NO APLICA LIMITES","PROMEDIAR",IF(K18<$V18,"DESCARTAR",IF(K18>$W18,"DESCARTAR","PROMEDIAR")))),"") | AV18: =IF(L18<>"",IF(L18=0,"SIN COTIZACIÓN",IF($T18="NO APLICA LIMITES","PROMEDIAR",IF(L18<$V18,"DESCARTAR",IF(L18>$W18,"DESCARTAR","PROMEDIAR")))),"")
A19: =+[55]ESPECIFICACIONES!A14 -> #REF! | B19: =+[55]ESPECIFICACIONES!B14 -> #REF! | C19: =+[55]RFI!F14 -> #REF! | D19: =+'[55]178209_-_IDACO_-_region_5_Prese'!F16 -> #REF! | E19: =+'[55]178209_IDACO'!F16 -> #REF! | F19: =+'[55]RFI_FERRETERIA_(16)_Evento_1782'!F16 -> #REF! | G19: =+'[55]EVENTO_No._178209_SEP.__24_SEP'!F17 -> #REF! | H19: =+'[55]178209_RFI_FERRETERIA'!F16 -> #REF! | I19: =+[55]RFI_178209!F16 -> #REF! | M19: =IF(P19<=1,Y19,(ROUND(+Y19,0))) -> #DIV/0! | O19: =ROUND(AVERAGE(C19:L19),0) -> #REF! | P19: =COUNT(C19:L19) -> 0 | Q19: =+STDEVA(C19:L19) -> #REF! | R19: =+Q19/O19 -> #REF! | S19: =IF(R19>=$S$5,"COEFICIENTE DE VARIACION MAYOR AL 20%",IF(R19<=$S$5,"COEFICIENTE DE VARIACION MENOR AL 20%")) -> #REF! | T19: =IF(P19<=1,"NO APLICA LIMITES",IF(R19>=$S$5,"SI APLICA LIMITE INFERIOR Y SUPERIOR",IF(R19<=$S$5,"NO APLICA LIMITES"))) -> NO APLICA LIMITES | V19: =O19-Q19 -> #REF! | W19: =O19+Q19 -> #REF! | Y19: =AVERAGEIFS(C19:L19,AM19:AV19,"promediar") -> #DIV/0! | AA19: =IF(T19="NO APLICA LIMITES","Las cotizaciones tenidas en cuenta son las allegadas por las empresas: "&IF(AND(AM19="PROMEDIAR",C19<>""),$C$6&", ","")&IF(AND(AN19="PROMEDIAR",D19<>""),$D$6&", ","")&IF(AND(AO19="PROMEDIAR",E19<>""),$E$6&", ","")&IF(AND(AP19="PROMEDIAR",F19<>""),$F$6&", ","")&IF(AND(AQ19="PROMEDIAR",G19<>""),$G$6&", ","")&" "&IF(AND(AR19="PROMEDIAR",H19<>""),$H$6&", ","")&" "&IF(AND(AS19="PROMEDIAR",I19<>""),$I$6&", ","")&" "&IF(AND(AT19="PROMEDIAR",J19<>""),$J$6&", ","")&" "&IF(AND(AU19="PROMEDIAR",K19<>""),$K$6&", ","")&" "&IF(AND(AV19="PROMEDIAR",L19<>""),$L$6&", ","")&" por encontrarse dentro del promedio requerido por la Corporación","Las cotizaciones tenidas en cuenta son las allegadas por las empresas: "&IF(AND(AM19="PROMEDIAR",C19<>""),$C$6&", ","")&IF(AND(AN19="PROMEDIAR",D19<>""),$D$6&", ","")&IF(AND(AO19="PROMEDIAR",E19<>""),$E$6&", ","")&IF(AND(AP19="PROMEDIAR",F19<>""),$F$6&", ","")&IF(AND(AQ19="PROMEDIAR",G19<>""),$G$6&", ","")&" "&IF(AND(AR19="PROMEDIAR",H19<>""),$H$6&", ","")&" "&IF(AND(AS19="PROMEDIAR",I19<>""),$I$6&", ","")&" "&IF(AND(AT19="PROMEDIAR",J19<>""),$J$6&", ","")&" "&IF(AND(AU19="PROMEDIAR",K19<>""),$K$6&", ","")&" "&IF(AND(AV19="PROMEDIAR",L19<>""),$L$6&", ","")&" por encontrarse dentro del promedio requerido por la Corporación"&" y se descarta los valores cotizados por: "&IF(AND(AM19="DESCARTAR",C19<>""),$C$6&", ","")&IF(AND(AN19="DESCARTAR",D19<>""),$D$6&", ","")&IF(AND(AO19="DESCARTAR",E19<>""),$E$6&", ","")&IF(AND(AP19="DESCARTAR",F19<>""),$F$6&", ","")&IF(AND(AQ19="DESCARTAR",G19<>""),$G$6&", ","")&" "&IF(AND(AR19="DESCARTAR",H19<>""),$H$6&", ","")&" "&IF(AND(AS19="PROMEDIAR",I19<>""),$I$6&", ","")&" "&IF(AND(AT19="PROMEDIAR",J19<>""),$J$6&", ","")&" "&IF(AND(AU19="PROMEDIAR",K19<>""),$K$6&", ","")&" "&IF(AND(AV19="PROMEDIAR",L19<>""),$L$6&", ","")&"por ser un dato atípico.") -> #REF! | AB19: =IF(C19<>"",(C19/$M19-1),"") -> #REF! | AC19: =IF(D19<>"",(D19/$M19-1),"") -> #REF! | AD19: =IF(E19<>"",(E19/$M19-1),"") -> #REF! | AE19: =IF(F19<>"",(F19/$M19-1),"") -> #REF! | AF19: =IF(G19<>"",(G19/$M19-1),"") -> #REF! | AG19: =IF(H19<>"",(H19/$M19-1),"") -> #REF! | AH19: =IF(I19<>"",(I19/$I19-1),"") -> #REF! | AI19: =IF(J19<>"",(J19/$I19-1),"") | AJ19: =IF(K19<>"",(K19/$I19-1),"") | AK19: =IF(L19<>"",(L19/$I19-1),"") | AM19: =IF(C19<>"",IF(C19=0,"SIN COTIZACIÓN",IF(T19="NO APLICA LIMITES","PROMEDIAR",IF(C19<V19,"DESCARTAR",IF(C19>W19,"DESCARTAR","PROMEDIAR")))),"") -> #REF! | AN19: =IF(D19<>"",IF(D19=0,"SIN COTIZACIÓN",IF($T19="NO APLICA LIMITES","PROMEDIAR",IF(D19<$V19,"DESCARTAR",IF(D19>$W19,"DESCARTAR","PROMEDIAR")))),"") -> #REF! | AO19: =IF(E19<>"",IF(E19=0,"SIN COTIZACIÓN",IF($T19="NO APLICA LIMITES","PROMEDIAR",IF(E19<$V19,"DESCARTAR",IF(E19>$W19,"DESCARTAR","PROMEDIAR")))),"") -> #REF! | AP19: =IF(F19<>"",IF(F19=0,"SIN COTIZACIÓN",IF($T19="NO APLICA LIMITES","PROMEDIAR",IF(F19<$V19,"DESCARTAR",IF(F19>$W19,"DESCARTAR","PROMEDIAR")))),"") -> #REF! | AQ19: =IF(G19<>"",IF(G19=0,"SIN COTIZACIÓN",IF($T19="NO APLICA LIMITES","PROMEDIAR",IF(G19<$V19,"DESCARTAR",IF(G19>$W19,"DESCARTAR","PROMEDIAR")))),"") -> #REF! | AR19: =IF(H19<>"",IF(H19=0,"SIN COTIZACIÓN",IF($T19="NO APLICA LIMITES","PROMEDIAR",IF(H19<$V19,"DESCARTAR",IF(H19>$W19,"DESCARTAR","PROMEDIAR")))),"") -> #REF! | AS19: =IF(I19<>"",IF(I19=0,"SIN COTIZACIÓN",IF($T19="NO APLICA LIMITES","PROMEDIAR",IF(I19<$V19,"DESCARTAR",IF(I19>$W19,"DESCARTAR","PROMEDIAR")))),"") -> #REF! | AT19: =IF(J19<>"",IF(J19=0,"SIN COTIZACIÓN",IF($T19="NO APLICA LIMITES","PROMEDIAR",IF(J19<$V19,"DESCARTAR",IF(J19>$W19,"DESCARTAR","PROMEDIAR")))),"") | AU19: =IF(K19<>"",IF(K19=0,"SIN COTIZACIÓN",IF($T19="NO APLICA LIMITES","PROMEDIAR",IF(K19<$V19,"DESCARTAR",IF(K19>$W19,"DESCARTAR","PROMEDIAR")))),"") | AV19: =IF(L19<>"",IF(L19=0,"SIN COTIZACIÓN",IF($T19="NO APLICA LIMITES","PROMEDIAR",IF(L19<$V19,"DESCARTAR",IF(L19>$W19,"DESCARTAR","PROMEDIAR")))),"")
A20: =+[55]ESPECIFICACIONES!A15 -> #REF! | B20: Trompo mezclador 2 Bulto Motor Diésel Fabricación lamina trabajo pesado calibre 3/16″ y 1/8″ Chasis en U de 3″ Cremallera Completa intercambiable Cabina Calibre 16 Producción x hora 3 a 4 m3 o 15 a 18 bultos Corona diente interno Hierro Seguridad industrial Piñón protegido Rodamientos Trabajo pesado Llantas Nuevas rin N° 13 Peso seco 340 Kg (sin motor) Dimensiones cm 200 La x 167 An x 115 Al Capacidad Máxima 500 Lt Capacidad de mezcla 390 Lt | C20: =+[55]RFI!F15 -> #REF! | D20: =+'[55]178209_-_IDACO_-_region_5_Prese'!F17 -> #REF! | E20: =+'[55]178209_IDACO'!F17 -> #REF! | F20: =+'[55]RFI_FERRETERIA_(16)_Evento_1782'!F17 -> #REF! | G20: =+'[55]EVENTO_No._178209_SEP.__24_SEP'!F18 -> #REF! | H20: =+'[55]178209_RFI_FERRETERIA'!F17 -> #REF! | I20: =+[55]RFI_178209!F17 -> #REF! | M20: =IF(P20<=1,Y20,(ROUND(+Y20,0))) -> #DIV/0! | O20: =ROUND(AVERAGE(C20:L20),0) -> #REF! | P20: =COUNT(C20:L20) -> 0 | Q20: =+STDEVA(C20:L20) -> #REF! | R20: =+Q20/O20 -> #REF! | S20: =IF(R20>=$S$5,"COEFICIENTE DE VARIACION MAYOR AL 20%",IF(R20<=$S$5,"COEFICIENTE DE VARIACION MENOR AL 20%")) -> #REF! | T20: =IF(P20<=1,"NO APLICA LIMITES",IF(R20>=$S$5,"SI APLICA LIMITE INFERIOR Y SUPERIOR",IF(R20<=$S$5,"NO APLICA LIMITES"))) -> NO APLICA LIMITES | V20: =O20-Q20 -> #REF! | W20: =O20+Q20 -> #REF! | Y20: =AVERAGEIFS(C20:L20,AM20:AV20,"promediar") -> #DIV/0! | AA20: =IF(T20="NO APLICA LIMITES","Las cotizaciones tenidas en cuenta son las allegadas por las empresas: "&IF(AND(AM20="PROMEDIAR",C20<>""),$C$6&", ","")&IF(AND(AN20="PROMEDIAR",D20<>""),$D$6&", ","")&IF(AND(AO20="PROMEDIAR",E20<>""),$E$6&", ","")&IF(AND(AP20="PROMEDIAR",F20<>""),$F$6&", ","")&IF(AND(AQ20="PROMEDIAR",G20<>""),$G$6&", ","")&" "&IF(AND(AR20="PROMEDIAR",H20<>""),$H$6&", ","")&" "&IF(AND(AS20="PROMEDIAR",I20<>""),$I$6&", ","")&" "&IF(AND(AT20="PROMEDIAR",J20<>""),$J$6&", ","")&" "&IF(AND(AU20="PROMEDIAR",K20<>""),$K$6&", ","")&" "&IF(AND(AV20="PROMEDIAR",L20<>""),$L$6&", ","")&" por encontrarse dentro del promedio requerido por la Corporación","Las cotizaciones tenidas en cuenta son las allegadas por las empresas: "&IF(AND(AM20="PROMEDIAR",C20<>""),$C$6&", ","")&IF(AND(AN20="PROMEDIAR",D20<>""),$D$6&", ","")&IF(AND(AO20="PROMEDIAR",E20<>""),$E$6&", ","")&IF(AND(AP20="PROMEDIAR",F20<>""),$F$6&", ","")&IF(AND(AQ20="PROMEDIAR",G20<>""),$G$6&", ","")&" "&IF(AND(AR20="PROMEDIAR",H20<>""),$H$6&", ","")&" "&IF(AND(AS20="PROMEDIAR",I20<>""),$I$6&", ","")&" "&IF(AND(AT20="PROMEDIAR",J20<>""),$J$6&", ","")&" "&IF(AND(AU20="PROMEDIAR",K20<>""),$K$6&", ","")&" "&IF(AND(AV20="PROMEDIAR",L20<>""),$L$6&", ","")&" por encontrarse dentro del promedio requerido por la Corporación"&" y se descarta los valores cotizados por: "&IF(AND(AM20="DESCARTAR",C20<>""),$C$6&", ","")&IF(AND(AN20="DESCARTAR",D20<>""),$D$6&", ","")&IF(AND(AO20="DESCARTAR",E20<>""),$E$6&", ","")&IF(AND(AP20="DESCARTAR",F20<>""),$F$6&", ","")&IF(AND(AQ20="DESCARTAR",G20<>""),$G$6&", ","")&" "&IF(AND(AR20="DESCARTAR",H20<>""),$H$6&", ","")&" "&IF(AND(AS20="PROMEDIAR",I20<>""),$I$6&", ","")&" "&IF(AND(AT20="PROMEDIAR",J20<>""),$J$6&", ","")&" "&IF(AND(AU20="PROMEDIAR",K20<>""),$K$6&", ","")&" "&IF(AND(AV20="PROMEDIAR",L20<>""),$L$6&", ","")&"por ser un dato atípico.") -> #REF! | AB20: =IF(C20<>"",(C20/$M20-1),"") -> #REF! | AC20: =IF(D20<>"",(D20/$M20-1),"") -> #REF! | AD20: =IF(E20<>"",(E20/$M20-1),"") -> #REF! | AE20: =IF(F20<>"",(F20/$M20-1),"") -> #REF! | AF20: =IF(G20<>"",(G20/$M20-1),"") -> #REF! | AG20: =IF(H20<>"",(H20/$M20-1),"") -> #REF! | AH20: =IF(I20<>"",(I20/$I20-1),"") -> #REF! | AI20: =IF(J20<>"",(J20/$I20-1),"") | AJ20: =IF(K20<>"",(K20/$I20-1),"") | AK20: =IF(L20<>"",(L20/$I20-1),"") | AM20: =IF(C20<>"",IF(C20=0,"SIN COTIZACIÓN",IF(T20="NO APLICA LIMITES","PROMEDIAR",IF(C20<V20,"DESCARTAR",IF(C20>W20,"DESCARTAR","PROMEDIAR")))),"") -> #REF! | AN20: =IF(D20<>"",IF(D20=0,"SIN COTIZACIÓN",IF($T20="NO APLICA LIMITES","PROMEDIAR",IF(D20<$V20,"DESCARTAR",IF(D20>$W20,"DESCARTAR","PROMEDIAR")))),"") -> #REF! | AO20: =IF(E20<>"",IF(E20=0,"SIN COTIZACIÓN",IF($T20="NO APLICA LIMITES","PROMEDIAR",IF(E20<$V20,"DESCARTAR",IF(E20>$W20,"DESCARTAR","PROMEDIAR")))),"") -> #REF! | AP20: =IF(F20<>"",IF(F20=0,"SIN COTIZACIÓN",IF($T20="NO APLICA LIMITES","PROMEDIAR",IF(F20<$V20,"DESCARTAR",IF(F20>$W20,"DESCARTAR","PROMEDIAR")))),"") -> #REF! | AQ20: =IF(G20<>"",IF(G20=0,"SIN COTIZACIÓN",IF($T20="NO APLICA LIMITES","PROMEDIAR",IF(G20<$V20,"DESCARTAR",IF(G20>$W20,"DESCARTAR","PROMEDIAR")))),"") -> #REF! | AR20: =IF(H20<>"",IF(H20=0,"SIN COTIZACIÓN",IF($T20="NO APLICA LIMITES","PROMEDIAR",IF(H20<$V20,"DESCARTAR",IF(H20>$W20,"DESCARTAR","PROMEDIAR")))),"") -> #REF! | AS20: =IF(I20<>"",IF(I20=0,"SIN COTIZACIÓN",IF($T20="NO APLICA LIMITES","PROMEDIAR",IF(I20<$V20,"DESCARTAR",IF(I20>$W20,"DESCARTAR","PROMEDIAR")))),"") -> #REF! | AT20: =IF(J20<>"",IF(J20=0,"SIN COTIZACIÓN",IF($T20="NO APLICA LIMITES","PROMEDIAR",IF(J20<$V20,"DESCARTAR",IF(J20>$W20,"DESCARTAR","PROMEDIAR")))),"") | AU20: =IF(K20<>"",IF(K20=0,"SIN COTIZACIÓN",IF($T20="NO APLICA LIMITES","PROMEDIAR",IF(K20<$V20,"DESCARTAR",IF(K20>$W20,"DESCARTAR","PROMEDIAR")))),"") | AV20: =IF(L20<>"",IF(L20=0,"SIN COTIZACIÓN",IF($T20="NO APLICA LIMITES","PROMEDIAR",IF(L20<$V20,"DESCARTAR",IF(L20>$W20,"DESCARTAR","PROMEDIAR")))),"")
A21: =+[55]ESPECIFICACIONES!A16 -> #REF! | B21: =+[55]ESPECIFICACIONES!B16 -> #REF! | C21: =+[55]RFI!F16 -> #REF! | D21: =+'[55]178209_-_IDACO_-_region_5_Prese'!F18 -> #REF! | E21: =+'[55]178209_IDACO'!F18 -> #REF! | F21: =+'[55]RFI_FERRETERIA_(16)_Evento_1782'!F18 -> #REF! | G21: =+'[55]EVENTO_No._178209_SEP.__24_SEP'!F19 -> #REF! | H21: =+'[55]178209_RFI_FERRETERIA'!F18 -> #REF! | I21: =+[55]RFI_178209!F18 -> #REF! | M21: =IF(P21<=1,Y21,(ROUND(+Y21,0))) -> #DIV/0! | O21: =ROUND(AVERAGE(C21:L21),0) -> #REF! | P21: =COUNT(C21:L21) -> 0 | Q21: =+STDEVA(C21:L21) -> #REF! | R21: =+Q21/O21 -> #REF! | S21: =IF(R21>=$S$5,"COEFICIENTE DE VARIACION MAYOR AL 20%",IF(R21<=$S$5,"COEFICIENTE DE VARIACION MENOR AL 20%")) -> #REF! | T21: =IF(P21<=1,"NO APLICA LIMITES",IF(R21>=$S$5,"SI APLICA LIMITE INFERIOR Y SUPERIOR",IF(R21<=$S$5,"NO APLICA LIMITES"))) -> NO APLICA LIMITES | V21: =O21-Q21 -> #REF! | W21: =O21+Q21 -> #REF! | Y21: =AVERAGEIFS(C21:L21,AM21:AV21,"promediar") -> #DIV/0! | AA21: =IF(T21="NO APLICA LIMITES","Las cotizaciones tenidas en cuenta son las allegadas por las empresas: "&IF(AND(AM21="PROMEDIAR",C21<>""),$C$6&", ","")&IF(AND(AN21="PROMEDIAR",D21<>""),$D$6&", ","")&IF(AND(AO21="PROMEDIAR",E21<>""),$E$6&", ","")&IF(AND(AP21="PROMEDIAR",F21<>""),$F$6&", ","")&IF(AND(AQ21="PROMEDIAR",G21<>""),$G$6&", ","")&" "&IF(AND(AR21="PROMEDIAR",H21<>""),$H$6&", ","")&" "&IF(AND(AS21="PROMEDIAR",I21<>""),$I$6&", ","")&" "&IF(AND(AT21="PROMEDIAR",J21<>""),$J$6&", ","")&" "&IF(AND(AU21="PROMEDIAR",K21<>""),$K$6&", ","")&" "&IF(AND(AV21="PROMEDIAR",L21<>""),$L$6&", ","")&" por encontrarse dentro del promedio requerido por la Corporación","Las cotizaciones tenidas en cuenta son las allegadas por las empresas: "&IF(AND(AM21="PROMEDIAR",C21<>""),$C$6&", ","")&IF(AND(AN21="PROMEDIAR",D21<>""),$D$6&", ","")&IF(AND(AO21="PROMEDIAR",E21<>""),$E$6&", ","")&IF(AND(AP21="PROMEDIAR",F21<>""),$F$6&", ","")&IF(AND(AQ21="PROMEDIAR",G21<>""),$G$6&", ","")&" "&IF(AND(AR21="PROMEDIAR",H21<>""),$H$6&", ","")&" "&IF(AND(AS21="PROMEDIAR",I21<>""),$I$6&", ","")&" "&IF(AND(AT21="PROMEDIAR",J21<>""),$J$6&", ","")&" "&IF(AND(AU21="PROMEDIAR",K21<>""),$K$6&", ","")&" "&IF(AND(AV21="PROMEDIAR",L21<>""),$L$6&", ","")&" por encontrarse dentro del promedio requerido por la Corporación"&" y se descarta los valores cotizados por: "&IF(AND(AM21="DESCARTAR",C21<>""),$C$6&", ","")&IF(AND(AN21="DESCARTAR",D21<>""),$D$6&", ","")&IF(AND(AO21="DESCARTAR",E21<>""),$E$6&", ","")&IF(AND(AP21="DESCARTAR",F21<>""),$F$6&", ","")&IF(AND(AQ21="DESCARTAR",G21<>""),$G$6&", ","")&" "&IF(AND(AR21="DESCARTAR",H21<>""),$H$6&", ","")&" "&IF(AND(AS21="PROMEDIAR",I21<>""),$I$6&", ","")&" "&IF(AND(AT21="PROMEDIAR",J21<>""),$J$6&", ","")&" "&IF(AND(AU21="PROMEDIAR",K21<>""),$K$6&", ","")&" "&IF(AND(AV21="PROMEDIAR",L21<>""),$L$6&", ","")&"por ser un dato atípico.") -> #REF! | AB21: =IF(C21<>"",(C21/$M21-1),"") -> #REF! | AC21: =IF(D21<>"",(D21/$M21-1),"") -> #REF! | AD21: =IF(E21<>"",(E21/$M21-1),"") -> #REF! | AE21: =IF(F21<>"",(F21/$M21-1),"") -> #REF! | AF21: =IF(G21<>"",(G21/$M21-1),"") -> #REF! | AG21: =IF(H21<>"",(H21/$M21-1),"") -> #REF! | AH21: =IF(I21<>"",(I21/$I21-1),"") -> #REF! | AI21: =IF(J21<>"",(J21/$I21-1),"") | AJ21: =IF(K21<>"",(K21/$I21-1),"") | AK21: =IF(L21<>"",(L21/$I21-1),"") | AM21: =IF(C21<>"",IF(C21=0,"SIN COTIZACIÓN",IF(T21="NO APLICA LIMITES","PROMEDIAR",IF(C21<V21,"DESCARTAR",IF(C21>W21,"DESCARTAR","PROMEDIAR")))),"") -> #REF! | AN21: =IF(D21<>"",IF(D21=0,"SIN COTIZACIÓN",IF($T21="NO APLICA LIMITES","PROMEDIAR",IF(D21<$V21,"DESCARTAR",IF(D21>$W21,"DESCARTAR","PROMEDIAR")))),"") -> #REF! | AO21: =IF(E21<>"",IF(E21=0,"SIN COTIZACIÓN",IF($T21="NO APLICA LIMITES","PROMEDIAR",IF(E21<$V21,"DESCARTAR",IF(E21>$W21,"DESCARTAR","PROMEDIAR")))),"") -> #REF! | AP21: =IF(F21<>"",IF(F21=0,"SIN COTIZACIÓN",IF($T21="NO APLICA LIMITES","PROMEDIAR",IF(F21<$V21,"DESCARTAR",IF(F21>$W21,"DESCARTAR","PROMEDIAR")))),"") -> #REF! | AQ21: =IF(G21<>"",IF(G21=0,"SIN COTIZACIÓN",IF($T21="NO APLICA LIMITES","PROMEDIAR",IF(G21<$V21,"DESCARTAR",IF(G21>$W21,"DESCARTAR","PROMEDIAR")))),"") -> #REF! | AR21: =IF(H21<>"",IF(H21=0,"SIN COTIZACIÓN",IF($T21="NO APLICA LIMITES","PROMEDIAR",IF(H21<$V21,"DESCARTAR",IF(H21>$W21,"DESCARTAR","PROMEDIAR")))),"") -> #REF! | AS21: =IF(I21<>"",IF(I21=0,"SIN COTIZACIÓN",IF($T21="NO APLICA LIMITES","PROMEDIAR",IF(I21<$V21,"DESCARTAR",IF(I21>$W21,"DESCARTAR","PROMEDIAR")))),"") -> #REF! | AT21: =IF(J21<>"",IF(J21=0,"SIN COTIZACIÓN",IF($T21="NO APLICA LIMITES","PROMEDIAR",IF(J21<$V21,"DESCARTAR",IF(J21>$W21,"DESCARTAR","PROMEDIAR")))),"") | AU21: =IF(K21<>"",IF(K21=0,"SIN COTIZACIÓN",IF($T21="NO APLICA LIMITES","PROMEDIAR",IF(K21<$V21,"DESCARTAR",IF(K21>$W21,"DESCARTAR","PROMEDIAR")))),"") | AV21: =IF(L21<>"",IF(L21=0,"SIN COTIZACIÓN",IF($T21="NO APLICA LIMITES","PROMEDIAR",IF(L21<$V21,"DESCARTAR",IF(L21>$W21,"DESCARTAR","PROMEDIAR")))),"")
B26: ____________________________________________
A30: Proyecto:

Sheet Presupuesto Dotaciones
C3: ITEM | D3: COGUA | E3: CUCUNUBÁ | F3: GAMA | G3: SESQUILÉ | H3: GUAYABAL DE SIQUIMA | I3: PUERTO SALGAR | J3: SIBATÉ | K3: SUTATAUSA | L3: TAUSA | M3: UBATÉ | N3: UBAQUE | O3: VERGARA | P3: VILLAPINZÓN | Q3: AGUA DE DIOS | R3: SAN BERNARDO | S3: FUNZA | T3: COMPROMISOS | U3: CANTIDADES | V3: VALOR UNITARIO | W3: VALOR TOTAL
C4: Sillas plásticas (Sin Brazos) | D4: 96 | E4: 119 | G4: 128 | H4: 64 | I4: 160 | J4: 224 | K4: 48 | L4: 32 | M4: 601 | N4: 96 | P4: 128 | R4: 16 | S4: 144 | T4: 40 | U4: =+'Total Dotaciones'!T3+'Total Dotaciones'!T40 -> 2041 | V4: =+'ESTUDIO DE MERCADO '!J3 -> 42573.933 | W4: =+V4*U4 -> 86893398
C5: Mesa Plástica Cuadrada | D5: 24 | E5: 45 | G5: 8 | H5: 16 | I5: 40 | J5: 56 | K5: 12 | L5: 8 | M5: 103 | N5: 24 | P5: 12 | R5: 4 | S5: 36 | T5: 10 | U5: =+'Total Dotaciones'!T4+'Total Dotaciones'!T41 -> 423 | V5: =+'ESTUDIO DE MERCADO '!J4 -> 123387.27 | W5: =+V5*U5 -> 52192814
C6: Carpa Grande 6mX6m | D6: 3 | E6: 2 | F6: 1 | G6: 2 | J6: 3 | K6: 1 | L6: 4 | M6: 7 | S6: 5 | U6: =+'Total Dotaciones'!T5+'Total Dotaciones'!T42 -> 30 | V6: =+'ESTUDIO DE MERCADO '!J6 -> 3096002.9 | W6: =+V6*U6 -> 92880086
C7: Carpa Pequeña 3m x3m | E7: 2 | M7: 2 | P7: 2 | S7: 2 | U7: =+'Total Dotaciones'!T6+'Total Dotaciones'!T43 -> 9 | V7: =+'ESTUDIO DE MERCADO '!J8 -> 1756404.3 | W7: =+V7*U7 -> 15807639
C8: Cabina de sonido Potencia RMS 500W | D8: 8 | E8: 3 | G8: 4 | H8: 1 | I8: 9 | J8: 13 | K8: 2 | L8: 7 | M8: 8 | N8: 7 | O8: 1 | P8: 9 | S8: 10 | U8: =+'Total Dotaciones'!T25+'Total Dotaciones'!T62 -> 84 | V8: =+'ESTUDIO DE MERCADO '!J12 -> 885273.33 | W8: =+V8*U8 -> 74362960
C9: Proyector de video (Video Beam DLP)(6000 Horas Aproximadas) 4500 Lumens Aprox | U9: =+'Total Dotaciones'!T7+'Total Dotaciones'!T44 -> 82 | V9: =+'ESTUDIO DE MERCADO '!J5 -> 1946793.2 | W9: =+V9*U9 -> 1.5963704e+08
C10: Bandeja Grande En Acero Inoxidable 58cm X 39 | D10: 0 | E10: 24 | F10: 10 | G10: 6 | I10: 2 | J10: 3 | K10: 2 | M10: 6 | O10: 2 | R10: 2 | S10: 4 | U10: =+'Total Dotaciones'!T30 -> 62 | V10: =+'ESTUDIO DE MERCADO '!J35 -> 84233.207 | W10: =+V10*U10 -> 5222458.8
C11: Greca percoladora para 55 tazas. | D11: 0 | E11: 2 | F11: 5 | G11: 2 | I11: 1 | J11: 2 | K11: 1 | M11: 1 | O11: 1 | R11: 1 | S11: 2 | U11: =+'Total Dotaciones'!T31 -> 18 | V11: =+'ESTUDIO DE MERCADO '!J27 -> 1094653.3 | W11: =+V11*U11 -> 19703760
C12: Olla Grande Tipo Caldero 40x40 De 60 Litros con tapa | D12: 0 | E12: 17 | F12: 5 | G12: 6 | I12: 1 | J12: 2 | K12: 1 | M12: 4 | O12: 1 | R12: 1 | S12: 2 | U12: =+'Total Dotaciones'!T32 -> 40 | V12: =+'ESTUDIO DE MERCADO '!J28 -> 293829.93 | W12: =+V12*U12 -> 11753197
C13: Olla Mediana Tipo Caldero 30 x 40 – 38 litros | D13: 0 | E13: 13 | F13: 5 | G13: 5 | I13: 1 | J13: 2 | K13: 1 | M13: 3 | O13: 1 | R13: 1 | S13: 2 | U13: =+'Total Dotaciones'!T33 -> 34 | V13: =+'ESTUDIO DE MERCADO '!J29 -> 124158.67 | W13: =+V13*U13 -> 4221394.7
C14: Olla pequeña Caldero Alta en Aluminio 10 Litros | D14: 0 | E14: 10 | F14: 5 | G14: 4 | I14: 1 | J14: 2 | K14: 1 | M14: 5 | O14: 1 | R14: 1 | S14: 2 | U14: =+'Total Dotaciones'!T34 -> 32 | V14: =+'ESTUDIO DE MERCADO '!J30 -> 78572.6 | W14: =+V14*U14 -> 2514323.2
C15: Chocolatera Olleta De Aluminio 8 Litros | D15: 0 | E15: 7 | F15: 5 | G15: 3 | I15: 1 | J15: 2 | K15: 1 | M15: 4 | O15: 1 | R15: 1 | S15: 2 | U15: =+'Total Dotaciones'!T35 -> 27 | V15: =+'ESTUDIO DE MERCADO '!J31 -> 74899.267 | W15: =+V15*U15 -> 2022280.2
C16: Sartén Wok Antiadherente De 40cm | D16: 0 | E16: 8 | F16: 5 | G16: 1 | I16: 1 | J16: 2 | K16: 1 | M16: 3 | O16: 1 | R16: 1 | S16: 2 | U16: =+'Total Dotaciones'!T36 -> 25 | V16: =+'ESTUDIO DE MERCADO '!J32 -> 276932.6 | W16: =+V16*U16 -> 6923315
C17: Cucharón Industrial en Aluminio Fundido Y Madera 55 cm largo | D17: 0 | E17: 13 | F17: 5 | G17: 6 | I17: 1 | J17: 2 | K17: 1 | M17: 3 | O17: 1 | R17: 1 | S17: 2 | U17: =+'Total Dotaciones'!T37 -> 35 | V17: =+'ESTUDIO DE MERCADO '!J33 -> 51610.333 | W17: =+V17*U17 -> 1806361.7
C18: Asador a carbón con bandeja y tapa, fabricado en acero. | D18: 0 | E18: 1 | F18: 5 | G18: 3 | I18: 1 | J18: 2 | K18: 1 | M18: 1 | O18: 1 | R18: 1 | S18: 2 | U18: =+'Total Dotaciones'!T38 -> 18 | V18: =+'ESTUDIO DE MERCADO '!J34 -> 1763200 | W18: =+V18*U18 -> 31737600
C19: =+#REF! -> #REF! | D19: =+#REF! -> #REF! | E19: =+#REF! -> #REF! | F19: =+#REF! -> #REF! | G19: =+#REF! -> #REF! | H19: =+#REF! -> #REF! | I19: =+#REF! -> #REF! | J19: =+#REF! -> #REF! | ... T19: =+#REF! -> #REF! | U19: =+'Total Dotaciones'!T8+'Total Dotaciones'!T45 -> 108 | V19: =+#REF! -> #REF! | W19: =+V19*U19 -> #REF!
C20: =+#REF! -> #REF! | D20: =+#REF! -> #REF! | E20: =+#REF! -> #REF! | F20: =+#REF! -> #REF! | G20: =+#REF! -> #REF! | H20: =+#REF! -> #REF! | I20: =+#REF! -> #REF! | J20: =+#REF! -> #REF! | ... T20: =+#REF! -> #REF! | U20: =+'Total Dotaciones'!T9+'Total Dotaciones'!T46 -> 108 | V20: =+#REF! -> #REF! | W20: =+V20*U20 -> #REF!
C21: =+'Lote 3'!C4 -> Planta generadora eléctrica | D21: =+'Lote 3'!D4 -> 8 | E21: =+'Lote 3'!E4 -> 3 | F21: =+'Lote 3'!F4 -> 0 | G21: =+'Lote 3'!G4 -> 4 | H21: =+'Lote 3'!H4 -> 1 | I21: =+'Lote 3'!I4 -> 9 | J21: =+'Lote 3'!J4 -> 14 | ... T21: =+'Lote 3'!T4 -> 0 | U21: =+'Total Dotaciones'!T10+'Total Dotaciones'!T47 -> 80 | V21: =+'Lote 3'!V4 -> 1813649.2 | W21: =+V21*U21 -> 1.4509194e+08
C22: =+'Lote 3'!C5 -> Extensión 30 metros | D22: =+'Lote 3'!D5 -> 24 | E22: =+'Lote 3'!E5 -> 45 | F22: =+'Lote 3'!F5 -> 0 | G22: =+'Lote 3'!G5 -> 8 | H22: =+'Lote 3'!H5 -> 16 | I22: =+'Lote 3'!I5 -> 40 | J22: =+'Lote 3'!J5 -> 56 | ... T22: =+'Lote 3'!T5 -> 10 | U22: =+'Lote 3'!U5+'Total Dotaciones'!T47 -> 88 | V22: =+'ANALISIS COMPARATIVO V U'!Y8 -> #DIV/0! | W22: =+V22*U22 -> #DIV/0!
C23: =+'Lote 3'!C6 -> Reflector Led con Panel Solar y Control Remoto 300W | D23: =+'Lote 3'!D6 -> 3 | E23: =+'Lote 3'!E6 -> 2 | F23: =+'Lote 3'!F6 -> 1 | G23: =+'Lote 3'!G6 -> 2 | H23: =+'Lote 3'!H6 -> 0 | I23: =+'Lote 3'!I6 -> 0 | J23: =+'Lote 3'!J6 -> 3 | ... T23: =+'Lote 3'!T6 -> 0 | U23: =+'Lote 3'!U6+'Total Dotaciones'!T49 -> 96 | V23: =+'Lote 3'!V6 -> 123387.27 | W23: =+V23*U23 -> 11845178
C24: =+'Lote 3'!C7 -> Guadaña a Gasolina Eje Recto De 42.7 Cc 2.6 Hp 2 Tiempos | D24: =+'Lote 3'!D7 -> 0 | E24: =+'Lote 3'!E7 -> 2 | F24: =+'Lote 3'!F7 -> 0 | G24: =+'Lote 3'!G7 -> 0 | H24: =+'Lote 3'!H7 -> 0 | I24: =+'Lote 3'!I7 -> 0 | J24: =+'Lote 3'!J7 -> 0 | ... T24: =+'Lote 3'!T7 -> 0 | U24: =+'Lote 3'!U7+'Total Dotaciones'!T50 -> 43 | V24: =+'Lote 3'!V7 -> 1756404.3 | W24: =+V24*U24 -> 75525386
C25: =+'Lote 3'!C8 -> Motosierra a Gasolina- Potencia 3,2 kW-Potencia 4,4PS, Potencia 4,3 bhp | D25: =+'Lote 3'!D8 -> 8 | E25: =+'Lote 3'!E8 -> 3 | F25: =+'Lote 3'!F8 -> 0 | G25: =+'Lote 3'!G8 -> 4 | H25: =+'Lote 3'!H8 -> 1 | I25: =+'Lote 3'!I8 -> 9 | J25: =+'Lote 3'!J8 -> 13 | ... V25: =+'Lote 3'!V8 -> 885273.33 | W25: =+V25*U25 -> 33640387
C26: =+'Lote 3'!C9 -> Kit de Seguridad y protección para guadaña | D26: =+'Lote 3'!D9 -> 8 | E26: =+'Lote 3'!E9 -> 4 | F26: =+'Lote 3'!F9 -> 0 | G26: =+'Lote 3'!G9 -> 2 | H26: =+'Lote 3'!H9 -> 0 | I26: =+'Lote 3'!I9 -> 0 | J26: =+'Lote 3'!J9 -> 1 | ... T26: =+'Lote 3'!T9 -> 0 | U26: =+'Lote 3'!U9+'Total Dotaciones'!T52 -> 76 | V26: =+'Lote 3'!V9 -> #DIV/0! | W26: =+V26*U26 -> #DIV/0!
C27: =+'Lote 3'!C10 -> Carretilla Capacidad máxima en volumen 200 L Plástica Antipinchazo | D27: =+'Lote 3'!D10 -> 0 | E27: =+'Lote 3'!E10 -> 0 | F27: =+'Lote 3'!F10 -> 0 | G27: =+'Lote 3'!G10 -> 0 | H27: =+'Lote 3'!H10 -> 0 | I27: =+'Lote 3'!I10 -> 0 | J27: =+'Lote 3'!J10 -> 0 | ... T27: =+'Lote 3'!T10 -> 0 | U27: =+'Lote 3'!U10+'Total Dotaciones'!T53 -> 211 | V27: =+'Lote 3'!V10 -> 220758.52 | W27: =+V27*U27 -> 46580047
C28: =+'Lote 3'!C11 -> Pica En Hierro De 5lbs - Cabo En Madera | D28: =+'Lote 3'!D11 -> 0 | E28: =+'Lote 3'!E11 -> 24 | F28: =+'Lote 3'!F11 -> 10 | G28: =+'Lote 3'!G11 -> 6 | H28: =+'Lote 3'!H11 -> 0 | I28: =+'Lote 3'!I11 -> 2 | J28: =+'Lote 3'!J11 -> 3 | ... T28: =+'Lote 3'!T11 -> 0 | U28: =+'Lote 3'!U11+'Total Dotaciones'!T55 -> 156 | V28: =+'Lote 3'!V11 -> 57265.063 | W28: =+V28*U28 -> 8933349.8
C29: =+'Lote 3'!C12 -> Palas Con Cabo de Madera | D29: =+'Lote 3'!D12 -> 0 | E29: =+'Lote 3'!E12 -> 2 | F29: =+'Lote 3'!F12 -> 5 | G29: =+'Lote 3'!G12 -> 2 | H29: =+'Lote 3'!H12 -> 0 | I29: =+'Lote 3'!I12 -> 1 | J29: =+'Lote 3'!J12 -> 2 | ... T29: =+'Lote 3'!T12 -> 0 | U29: =+'Lote 3'!U12+'Total Dotaciones'!T55 -> 161 | V29: =+'Lote 3'!V12 -> 31664.133 | W29: =+V29*U29 -> 5097925.5
C30: =+'Lote 3'!C13 -> Azadones Con Cabo de Madera | D30: =+'Lote 3'!D13 -> 0 | E30: =+'Lote 3'!E13 -> 17 | F30: =+'Lote 3'!F13 -> 5 | G30: =+'Lote 3'!G13 -> 6 | H30: =+'Lote 3'!H13 -> 0 | I30: =+'Lote 3'!I13 -> 1 | J30: =+'Lote 3'!J13 -> 2 | ... T30: =+'Lote 3'!T13 -> 0 | U30: =+'Lote 3'!U13+'Total Dotaciones'!T56 -> 164 | V30: =+'Lote 3'!V13 -> 55713.447 | W30: =+V30*U30 -> 9137005.3
C31: =+'Lote 3'!C14 -> Machetes 22" 56cm largo aproximadamente | D31: =+'Lote 3'!D14 -> 0 | E31: =+'Lote 3'!E14 -> 13 | F31: =+'Lote 3'!F14 -> 5 | G31: =+'Lote 3'!G14 -> 5 | H31: =+'Lote 3'!H14 -> 0 | I31: =+'Lote 3'!I14 -> 1 | J31: =+'Lote 3'!J14 -> 2 | ... T31: =+'Lote 3'!T14 -> 0 | U31: =+'Lote 3'!U14+'Total Dotaciones'!T57 -> 438 | V31: =+'Lote 3'!V14 -> 22921.6 | W31: =+V31*U31 -> 10039661
C32: =+'Lote 3'!C15 -> Rastrillos | D32: =+'Lote 3'!D15 -> 0 | E32: =+'Lote 3'!E15 -> 10 | F32: =+'Lote 3'!F15 -> 5 | G32: =+'Lote 3'!G15 -> 4 | H32: =+'Lote 3'!H15 -> 0 | I32: =+'Lote 3'!I15 -> 1 | J32: =+'Lote 3'!J15 -> 2 | ... T32: =+'Lote 3'!T15 -> 0 | U32: =+'Lote 3'!U15+'Total Dotaciones'!T58 -> 128 | V32: =+'Lote 3'!V15 -> #DIV/0! | W32: =+V32*U32 -> #DIV/0!
C33: =+'Lote 3'!C16 -> Manila de 10 MTS | D33: =+'Lote 3'!D16 -> 0 | E33: =+'Lote 3'!E16 -> 7 | F33: =+'Lote 3'!F16 -> 5 | G33: =+'Lote 3'!G16 -> 3 | H33: =+'Lote 3'!H16 -> 0 | I33: =+'Lote 3'!I16 -> 1 | J33: =+'Lote 3'!J16 -> 2 | ... V33: =+'Lote 3'!V16 -> #DIV/0! | W33: =+V33*U33 -> #DIV/0!
C34: =+'Lote 3'!C17 -> Trompo mezclador 2 Bulto Motor Diésel Fabricación lamina trabajo pesado calibre 3/16″ y 1/8″ Chasis en U de 3″ Cremallera Completa intercambiable Cabina Calibre 16 Producción x hora 3 a 4 m3 o 15 a 18 bultos Corona diente interno Hierro Seguridad industrial Piñón protegido Rodamientos Trabajo pesado Llantas Nuevas rin N° 13 Peso seco 340 Kg (sin motor) Dimensiones cm 200 La x 167 An x 115 Al Capacidad Máxima 500 Lt Capacidad de mezcla 390 Lt | D34: =+'Lote 3'!D17 -> 0 | E34: =+'Lote 3'!E17 -> 8 | F34: =+'Lote 3'!F17 -> 5 | G34: =+'Lote 3'!G17 -> 1 | H34: =+'Lote 3'!H17 -> 0 | I34: =+'Lote 3'!I17 -> 1 | J34: =+'Lote 3'!J17 -> 2 | ... V34: =+'Lote 3'!V17 -> 8985351.3 | W34: =+V34*U34 -> 1.0782422e+08
C35: =+'Lote 3'!C18 -> Rana compactadora tamaño de la placa cm 53×50cm capacidad de impacto 13 kn(1300kg) | D35: =+'Lote 3'!D18 -> 0 | E35: =+'Lote 3'!E18 -> 13 | F35: =+'Lote 3'!F18 -> 5 | G35: =+'Lote 3'!G18 -> 6 | H35: =+'Lote 3'!H18 -> 0 | I35: =+'Lote 3'!I18 -> 1 | J35: =+'Lote 3'!J18 -> 2 | ... V35: =+'Lote 3'!V18 -> 3256419.6 | W35: =+V35*U35 -> 39077035
C36: =+'Lote 4'!C4 -> Botiquín tipo B | D36: =+'Lote 4'!D4 -> 0 | E36: =+'Lote 4'!E4 -> 1 | F36: =+'Lote 4'!F4 -> 0 | G36: =+'Lote 4'!G4 -> 0 | H36: =+'Lote 4'!H4 -> 0 | I36: =+'Lote 4'!I4 -> 0 | J36: =+'Lote 4'!J4 -> 0 | ... V36: =+'Lote 4'!V4 -> 559448.67 | W36: =+V36*U36 -> 559448.67
C37: =+#REF! -> #REF! | D37: =+#REF! -> #REF! | E37: =+#REF! -> #REF! | F37: =+#REF! -> #REF! | G37: =+#REF! -> #REF! | H37: =+#REF! -> #REF! | I37: =+#REF! -> #REF! | J37: =+#REF! -> #REF! | ... V37: =+#REF! -> #REF! | W37: =+V37*U37 -> #REF!
C38: =+'Lote 4'!C5 -> Extintor industrial | D38: =+'Lote 4'!D5 -> 0 | E38: =+'Lote 4'!E5 -> 2 | F38: =+'Lote 4'!F5 -> 0 | G38: =+'Lote 4'!G5 -> 1 | H38: =+'Lote 4'!H5 -> 0 | I38: =+'Lote 4'!I5 -> 0 | J38: =+'Lote 4'!J5 -> 0 | ... V38: =+'Lote 4'!V5 -> 83641.8 | W38: =+V38*U38 -> 250925.4
W39: =SUM(W4:W38) -> #REF!

Sheet RFI
C3: ITEM | D3: COGUA | E3: CUCUNUBÁ | F3: GAMA | G3: SESQUILÉ | H3: GUAYABAL DE SIQUIMA | I3: PUERTO SALGAR | J3: SIBATÉ | K3: SUTATAUSA | L3: TAUSA | M3: UBATÉ | N3: UBAQUE | O3: VERGARA | P3: VILLAPINZÓN | Q3: AGUA DE DIOS | R3: SAN BERNARDO | S3: FUNZA | T3: COMPROMISOS | U3: CANTIDADES | V3: VALOR UNITARIO | W3: VALOR TOTAL
C4: Sillas plásticas (Sin Brazos) | D4: 96 | E4: 119 | G4: 128 | H4: 64 | I4: 160 | J4: 224 | K4: 48 | L4: 32 | M4: 601 | N4: 96 | P4: 128 | R4: 16 | S4: 144 | T4: 40 | U4: =+'Total Dotaciones'!T3 -> 1960 | V4: =+'ESTUDIO DE MERCADO '!J3 -> 42573.933 | W4: =+V4*U4 -> 83444909
C5: Mesa Plástica Cuadrada | D5: 24 | E5: 45 | G5: 8 | H5: 16 | I5: 40 | J5: 56 | K5: 12 | L5: 8 | M5: 103 | N5: 24 | P5: 12 | R5: 4 | S5: 36 | T5: 10 | U5: =+'Total Dotaciones'!T4 -> 414 | V5: =+'ESTUDIO DE MERCADO '!J4 -> 123387.27 | W5: =+V5*U5 -> 51082328
C6: Carpa Grande 6mX5m | D6: 3 | E6: 2 | F6: 1 | G6: 2 | J6: 3 | K6: 1 | L6: 4 | M6: 7 | S6: 5 | U6: =+'Total Dotaciones'!T5 -> 27 | V6: =+'ESTUDIO DE MERCADO '!J6 -> 3096002.9 | W6: =+V6*U6 -> 83592078
C7: Carpa Pequeña 2m x3m | E7: 2 | M7: 2 | P7: 2 | S7: 2 | U7: =+'Total Dotaciones'!T6 -> 8 | V7: =+'ESTUDIO DE MERCADO '!J8 -> 1756404.3 | W7: =+V7*U7 -> 14051235
C8: Cabina de sonido Potencia RMS 500W | D8: 8 | E8: 3 | G8: 4 | H8: 1 | I8: 9 | J8: 13 | K8: 2 | L8: 7 | M8: 8 | N8: 7 | O8: 1 | P8: 9 | S8: 10 | U8: =+'Total Dotaciones'!T25 -> 83 | V8: =+'ESTUDIO DE MERCADO '!J12 -> 885273.33 | W8: =+V8*U8 -> 73477687
C9: Proyector de video (Video Beam DLP)(6000 Horas Aproximadas) 4500 Lumens Aprox | U9: =+'Total Dotaciones'!T7 -> 81 | V9: =+'ESTUDIO DE MERCADO '!J5 -> 1946793.2 | W9: =+V9*U9 -> 1.5769025e+08
C10: Bandeja Grande En Acero Inoxidable 58cm X 39 | D10: 0 | E10: 24 | F10: 10 | G10: 6 | I10: 2 | J10: 3 | K10: 2 | M10: 6 | O10: 2 | R10: 2 | S10: 4 | U10: =+'Total Dotaciones'!T30 -> 62 | V10: =+'ESTUDIO DE MERCADO '!J35 -> 84233.207 | W10: =+V10*U10 -> 5222458.8
C11: Greca percoladora para 55 tazas. | D11: 0 | E11: 2 | F11: 5 | G11: 2 | I11: 1 | J11: 2 | K11: 1 | M11: 1 | O11: 1 | R11: 1 | S11: 2 | U11: =+'Total Dotaciones'!T31 -> 18 | V11: =+'ESTUDIO DE MERCADO '!J27 -> 1094653.3 | W11: =+V11*U11 -> 19703760
C12: Olla Grande Tipo Caldero 40x40 De 60 Litros con tapa | D12: 0 | E12: 17 | F12: 5 | G12: 6 | I12: 1 | J12: 2 | K12: 1 | M12: 4 | O12: 1 | R12: 1 | S12: 2 | U12: =+'Total Dotaciones'!T32 -> 40 | V12: =+'ESTUDIO DE MERCADO '!J28 -> 293829.93 | W12: =+V12*U12 -> 11753197
C13: Olla Mediana Tipo Caldero 30 x 40 – 38 litros | D13: 0 | E13: 13 | F13: 5 | G13: 5 | I13: 1 | J13: 2 | K13: 1 | M13: 3 | O13: 1 | R13: 1 | S13: 2 | U13: =+'Total Dotaciones'!T33 -> 34 | V13: =+'ESTUDIO DE MERCADO '!J29 -> 124158.67 | W13: =+V13*U13 -> 4221394.7
C14: Olla pequeña Caldero Alta en Aluminio 10 Litros | D14: 0 | E14: 10 | F14: 5 | G14: 4 | I14: 1 | J14: 2 | K14: 1 | M14: 5 | O14: 1 | R14: 1 | S14: 2 | U14: =+'Total Dotaciones'!T34 -> 32 | V14: =+'ESTUDIO DE MERCADO '!J30 -> 78572.6 | W14: =+V14*U14 -> 2514323.2
C15: Chocolatera Olleta De Aluminio 8 Litros | D15: 0 | E15: 7 | F15: 5 | G15: 3 | I15: 1 | J15: 2 | K15: 1 | M15: 4 | O15: 1 | R15: 1 | S15: 2 | U15: =SUM(D15:S15) -> 27 | V15: =+'ESTUDIO DE MERCADO '!J31 -> 74899.267 | W15: =+V15*U15 -> 2022280.2
C16: Sartén Wok Antiadherente De 40cm | D16: 0 | E16: 8 | F16: 5 | G16: 1 | I16: 1 | J16: 2 | K16: 1 | M16: 3 | O16: 1 | R16: 1 | S16: 2 | U16: =SUM(D16:S16) -> 25 | V16: =+'ESTUDIO DE MERCADO '!J32 -> 276932.6 | W16: =+V16*U16 -> 6923315
C17: Cucharón Industrial en Aluminio Fundido Y Madera 55 cm largo | D17: 0 | E17: 13 | F17: 5 | G17: 6 | I17: 1 | J17: 2 | K17: 1 | M17: 3 | O17: 1 | R17: 1 | S17: 2 | U17: =SUM(D17:S17) -> 35 | V17: =+'ESTUDIO DE MERCADO '!J33 -> 51610.333 | W17: =+V17*U17 -> 1806361.7
C18: Asador a carbón con bandeja y tapa, fabricado en acero. | D18: 0 | E18: 1 | F18: 5 | G18: 3 | I18: 1 | J18: 2 | K18: 1 | M18: 1 | O18: 1 | R18: 1 | S18: 2 | U18: =SUM(D18:S18) -> 18 | V18: =+'ESTUDIO DE MERCADO '!J34 -> 1763200 | W18: =+V18*U18 -> 31737600
C19: =+#REF! -> #REF! | D19: =+#REF! -> #REF! | E19: =+#REF! -> #REF! | F19: =+#REF! -> #REF! | G19: =+#REF! -> #REF! | H19: =+#REF! -> #REF! | I19: =+#REF! -> #REF! | J19: =+#REF! -> #REF! | ... V19: =+#REF! -> #REF! | W19: =+V19*U19 -> #REF!
C20: =+#REF! -> #REF! | D20: =+#REF! -> #REF! | E20: =+#REF! -> #REF! | F20: =+#REF! -> #REF! | G20: =+#REF! -> #REF! | H20: =+#REF! -> #REF! | I20: =+#REF! -> #REF! | J20: =+#REF! -> #REF! | ... V20: =+#REF! -> #REF! | W20: =+V20*U20 -> #REF!
C21: =+'Lote 3'!C4 -> Planta generadora eléctrica | D21: =+'Lote 3'!D4 -> 8 | E21: =+'Lote 3'!E4 -> 3 | F21: =+'Lote 3'!F4 -> 0 | G21: =+'Lote 3'!G4 -> 4 | H21: =+'Lote 3'!H4 -> 1 | I21: =+'Lote 3'!I4 -> 9 | J21: =+'Lote 3'!J4 -> 14 | ... U21: =+'Lote 3'!U4 -> 79 | V21: =+'Lote 3'!X4 -> #DIV/0! | W21: =+V21*U21 -> #DIV/0!
C22: =+'Lote 3'!C5 -> Extensión 30 metros | D22: =+'Lote 3'!D5 -> 24 | E22: =+'Lote 3'!E5 -> 45 | F22: =+'Lote 3'!F5 -> 0 | G22: =+'Lote 3'!G5 -> 8 | H22: =+'Lote 3'!H5 -> 16 | I22: =+'Lote 3'!I5 -> 40 | J22: =+'Lote 3'!J5 -> 56 | ... U22: =+'Lote 3'!U5 -> 87 | V22: =+'Lote 3'!X5 -> #DIV/0! | W22: =+V22*U22 -> #DIV/0!
C23: =+'Lote 3'!C6 -> Reflector Led con Panel Solar y Control Remoto 300W | D23: =+'Lote 3'!D6 -> 3 | E23: =+'Lote 3'!E6 -> 2 | F23: =+'Lote 3'!F6 -> 1 | G23: =+'Lote 3'!G6 -> 2 | H23: =+'Lote 3'!H6 -> 0 | I23: =+'Lote 3'!I6 -> 0 | J23: =+'Lote 3'!J6 -> 3 | ... U23: =+'Lote 3'!U6 -> 95 | V23: =+'Lote 3'!X6 -> #DIV/0! | W23: =+V23*U23 -> #DIV/0!
C24: =+'Lote 3'!C7 -> Guadaña a Gasolina Eje Recto De 42.7 Cc 2.6 Hp 2 Tiempos | D24: =+'Lote 3'!D7 -> 0 | E24: =+'Lote 3'!E7 -> 2 | F24: =+'Lote 3'!F7 -> 0 | G24: =+'Lote 3'!G7 -> 0 | H24: =+'Lote 3'!H7 -> 0 | I24: =+'Lote 3'!I7 -> 0 | J24: =+'Lote 3'!J7 -> 0 | ... U24: =+'Lote 3'!U7 -> 42 | V24: =+'Lote 3'!X7 -> #DIV/0! | W24: =+V24*U24 -> #DIV/0!
C25: =+'Lote 3'!C8 -> Motosierra a Gasolina- Potencia 3,2 kW-Potencia 4,4PS, Potencia 4,3 bhp | D25: =+'Lote 3'!D8 -> 8 | E25: =+'Lote 3'!E8 -> 3 | F25: =+'Lote 3'!F8 -> 0 | G25: =+'Lote 3'!G8 -> 4 | H25: =+'Lote 3'!H8 -> 1 | I25: =+'Lote 3'!I8 -> 9 | J25: =+'Lote 3'!J8 -> 13 | ... U25: =+'Lote 3'!U8 -> 38 | V25: =+'Lote 3'!X8 -> #DIV/0! | W25: =+V25*U25 -> #DIV/0!
C26: =+'Lote 3'!C9 -> Kit de Seguridad y protección para guadaña | D26: =+'Lote 3'!D9 -> 8 | E26: =+'Lote 3'!E9 -> 4 | F26: =+'Lote 3'!F9 -> 0 | G26: =+'Lote 3'!G9 -> 2 | H26: =+'Lote 3'!H9 -> 0 | I26: =+'Lote 3'!I9 -> 0 | J26: =+'Lote 3'!J9 -> 1 | ... U26: =+'Lote 3'!U9 -> 75 | V26: =+'Lote 3'!X9 -> #DIV/0! | W26: =+V26*U26 -> #DIV/0!
C27: =+'Lote 3'!C10 -> Carretilla Capacidad máxima en volumen 200 L Plástica Antipinchazo | D27: =+'Lote 3'!D10 -> 0 | E27: =+'Lote 3'!E10 -> 0 | F27: =+'Lote 3'!F10 -> 0 | G27: =+'Lote 3'!G10 -> 0 | H27: =+'Lote 3'!H10 -> 0 | I27: =+'Lote 3'!I10 -> 0 | J27: =+'Lote 3'!J10 -> 0 | ... U27: =+'Lote 3'!U10 -> 208 | V27: =+'Lote 3'!X10 -> #DIV/0! | W27: =+V27*U27 -> #DIV/0!
C28: =+'Lote 3'!C11 -> Pica En Hierro De 5lbs - Cabo En Madera | D28: =+'Lote 3'!D11 -> 0 | E28: =+'Lote 3'!E11 -> 24 | F28: =+'Lote 3'!F11 -> 10 | G28: =+'Lote 3'!G11 -> 6 | H28: =+'Lote 3'!H11 -> 0 | I28: =+'Lote 3'!I11 -> 2 | J28: =+'Lote 3'!J11 -> 3 | ... U28: =+'Lote 3'!U11 -> 152 | V28: =+'Lote 3'!X11 -> #DIV/0! | W28: =+V28*U28 -> #DIV/0!
C29: =+'Lote 3'!C12 -> Palas Con Cabo de Madera | D29: =+'Lote 3'!D12 -> 0 | E29: =+'Lote 3'!E12 -> 2 | F29: =+'Lote 3'!F12 -> 5 | G29: =+'Lote 3'!G12 -> 2 | H29: =+'Lote 3'!H12 -> 0 | I29: =+'Lote 3'!I12 -> 1 | J29: =+'Lote 3'!J12 -> 2 | ... U29: =+'Lote 3'!U12 -> 157 | V29: =+'Lote 3'!X12 -> #DIV/0! | W29: =+V29*U29 -> #DIV/0!
C30: =+'Lote 3'!C13 -> Azadones Con Cabo de Madera | D30: =+'Lote 3'!D13 -> 0 | E30: =+'Lote 3'!E13 -> 17 | F30: =+'Lote 3'!F13 -> 5 | G30: =+'Lote 3'!G13 -> 6 | H30: =+'Lote 3'!H13 -> 0 | I30: =+'Lote 3'!I13 -> 1 | J30: =+'Lote 3'!J13 -> 2 | ... U30: =+'Lote 3'!U13 -> 160 | V30: =+'Lote 3'!X13 -> #DIV/0! | W30: =+V30*U30 -> #DIV/0!
C31: =+'Lote 3'!C14 -> Machetes 22" 56cm largo aproximadamente | D31: =+'Lote 3'!D14 -> 0 | E31: =+'Lote 3'!E14 -> 13 | F31: =+'Lote 3'!F14 -> 5 | G31: =+'Lote 3'!G14 -> 5 | H31: =+'Lote 3'!H14 -> 0 | I31: =+'Lote 3'!I14 -> 1 | J31: =+'Lote 3'!J14 -> 2 | ... U31: =+'Lote 3'!U14 -> 434 | V31: =+'Lote 3'!X14 -> #DIV/0! | W31: =+V31*U31 -> #DIV/0!
C32: =+'Lote 3'!C15 -> Rastrillos | D32: =+'Lote 3'!D15 -> 0 | E32: =+'Lote 3'!E15 -> 10 | F32: =+'Lote 3'!F15 -> 5 | G32: =+'Lote 3'!G15 -> 4 | H32: =+'Lote 3'!H15 -> 0 | I32: =+'Lote 3'!I15 -> 1 | J32: =+'Lote 3'!J15 -> 2 | ... U32: =+'Lote 3'!U15 -> 128 | V32: =+'Lote 3'!X15 -> #DIV/0! | W32: =+V32*U32 -> #DIV/0!
... C35: =+'Lote 3'!C18 -> Rana compactadora tamaño de la placa cm 53×50cm capacidad de impacto 13 kn(1300kg) | D35: =+'Lote 3'!D18 -> 0 | E35: =+'Lote 3'!E18 -> 13 | F35: =+'Lote 3'!F18 -> 5 | G35: =+'Lote 3'!G18 -> 6 | H35: =+'Lote 3'!H18 -> 0 | I35: =+'Lote 3'!I18 -> 1 | J35: =+'Lote 3'!J18 -> 2 | ... U35: =+'Lote 3'!U18 -> 12 | V35: =+'Lote 3'!X18 -> #DIV/0! | W35: =+V35*U35 -> #DIV/0!
C36: =+'Lote 4'!C4 -> Botiquín tipo B | D36: =+'Lote 4'!D4 -> 0 | E36: =+'Lote 4'!E4 -> 1 | F36: =+'Lote 4'!F4 -> 0 | G36: =+'Lote 4'!G4 -> 0 | H36: =+'Lote 4'!H4 -> 0 | I36: =+'Lote 4'!I4 -> 0 | J36: =+'Lote 4'!J4 -> 0 | ... V36: =+'Lote 4'!V4 -> 559448.67 | W36: =+V36*U36 -> 559448.67
C37: =+#REF! -> #REF! | D37: =+'Lote 4'!#REF! -> #REF! | E37: =+'Lote 4'!#REF! -> #REF! | F37: =+'Lote 4'!#REF! -> #REF! | G37: =+'Lote 4'!#REF! -> #REF! | H37: =+'Lote 4'!#REF! -> #REF! | I37: =+'Lote 4'!#REF! -> #REF! | J37: =+'Lote 4'!#REF! -> #REF! | K37: =+'Lote 4'!#REF! -> #REF! | ... T37: =+'Lote 4'!#REF! -> #REF! | U37: =+#REF! -> #REF! | V37: =+#REF! -> #REF! | W37: =+V37*U37 -> #REF!
C38: =+'Lote 4'!C5 -> Extintor industrial | D38: =+'Lote 4'!D5 -> 0 | E38: =+'Lote 4'!E5 -> 2 | F38: =+'Lote 4'!F5 -> 0 | G38: =+'Lote 4'!G5 -> 1 | H38: =+'Lote 4'!H5 -> 0 | I38: =+'Lote 4'!I5 -> 0 | J38: =+'Lote 4'!J5 -> 0 | ... V38: =+'Lote 4'!V5 -> 83641.8 | W38: =+V38*U38 -> 250925.4
W39: =SUM(W4:W38) -> #REF!

Sheet Lote 3
C3: ITEM | D3: COGUA | E3: CUCUNUBÁ | F3: GAMA | G3: SESQUILÉ | H3: GUAYABAL DE SIQUIMA | I3: PUERTO SALGAR | J3: SIBATÉ | K3: SUTATAUSA | L3: TAUSA | M3: UBATÉ | N3: UBAQUE | O3: VERGARA | P3: VILLAPINZÓN | Q3: AGUA DE DIOS | R3: SAN BERNARDO | S3: FUNZA | T3: COMPROMISOS | U3: CANTIDADES | V3: VALOR UNITARIO | W3: VALOR TOTAL | X3: VALOR RFI | Y3: VALOR TOTAL | AE3: ITEM | AF3: CANTIDADES | AG3: VALOR UNITARIO | AH3: VALOR TOTAL | AK3: ITEM | AL3: CANTIDADES | AM3: =+AG3 -> VALOR UNITARIO | AN3: =+AH3 -> VALOR TOTAL
C4: =+'Total Dotaciones'!B10 -> Planta generadora eléctrica | D4: =+'Total Dotaciones'!C10 -> 8 | E4: =+'Total Dotaciones'!D10 -> 3 | F4: =+'Total Dotaciones'!E10 -> 0 | G4: =+'Total Dotaciones'!F10 -> 4 | H4: =+'Total Dotaciones'!G10 -> 1 | I4: =+'Total Dotaciones'!H10 -> 9 | J4: =+'Total Dotaciones'!I10 -> 14 | ... U4: =+'Total Dotaciones'!T10 -> 79 | V4: =+'ESTUDIO DE MERCADO '!J10 -> 1813649.2 | W4: =+V4*U4 -> 1.4327829e+08 | X4: =+'ANALISIS COMPARATIVO V U'!Y7 -> #DIV/0! | Y4: =+X4*U4 -> #DIV/0! | Z4: =+X4/V4-1 -> #DIV/0! | AE4: Planta generadora eléctrica | AF4: =ROUNDUP(+U4/2,0) -> 40 | AG4: =+X4 -> #DIV/0! | AH4: =+AG4*AF4 -> #DIV/0! | AK4: Planta generadora eléctrica | AL4: =+U4 -> 79 | AM4: 1680000 | AN4: =+AM4*AL4 -> 132720000
C5: =+'Total Dotaciones'!B11 -> Extensión 30 metros | D5: 24 | E5: 45 | G5: 8 | H5: 16 | I5: 40 | J5: 56 | K5: 12 | L5: 8 | M5: 103 | N5: 24 | P5: 12 | R5: 4 | S5: 36 | T5: 10 | U5: =+'Total Dotaciones'!T11 -> 87 | V5: =+'Presupuesto Dotaciones'!V22 -> #DIV/0! | W5: =+V5*U5 -> #DIV/0! | X5: =+'ANALISIS COMPARATIVO V U'!Y8 -> #DIV/0! | Y5: =+X5*U5 -> #DIV/0! | AE5: Extensión 30 metros | AF5: =ROUNDUP(+U5/2,0) -> 44 | AG5: =+X5 -> #DIV/0! | AH5: =+AG5*AF5 -> #DIV/0! | AK5: Extensión 30 metros | AL5: =+U5 -> 87 | AM5: 148933.42 | AN5: =+AM5*AL5 -> 12957207
C6: =+'Total Dotaciones'!B12 -> Reflector Led con Panel Solar y Control Remoto 300W | D6: 3 | E6: 2 | F6: 1 | G6: 2 | J6: 3 | K6: 1 | L6: 4 | M6: 7 | S6: 5 | U6: =+'Total Dotaciones'!T12 -> 95 | V6: =+'ESTUDIO DE MERCADO '!J13 -> 123387.27 | W6: =+V6*U6 -> 11721790 | X6: =+'ANALISIS COMPARATIVO V U'!Y9 -> #DIV/0! | Y6: =+X6*U6 -> #DIV/0! | Z6: =+X6/V6-1 -> #DIV/0! | AE6: Reflector Led con Panel Solar y Control Remoto 300W | AF6: =ROUNDUP(+U6/2,0) -> 48 | AG6: =+X6 -> #DIV/0! | AH6: =+AG6*AF6 -> #DIV/0! | AK6: Reflector Led con Panel Solar y Control Remoto 300W | AL6: =+U6 -> 95 | AM6: 393333.33 | AN6: =+AM6*AL6 -> 37366667
C7: =+'Total Dotaciones'!B13 -> Guadaña a Gasolina Eje Recto De 42.7 Cc 2.6 Hp 2 Tiempos | E7: 2 | M7: 2 | P7: 2 | S7: 2 | U7: =+'Total Dotaciones'!T13 -> 42 | V7: =+'ESTUDIO DE MERCADO '!J8 -> 1756404.3 | W7: =+V7*U7 -> 73768982 | X7: =+'ANALISIS COMPARATIVO V U'!Y10 -> #DIV/0! | Y7: =+X7*U7 -> #DIV/0! | Z7: =+X7/V7-1 -> #DIV/0! | AE7: Guadaña a Gasolina Eje Recto De 42.7 Cc 2.6 Hp 2 Tiempos | AF7: =ROUNDUP(+U7/2,0) -> 21 | AG7: =+X7 -> #DIV/0! | AH7: =+AG7*AF7 -> #DIV/0! | AK7: Guadaña a Gasolina Eje Recto De 42.7 Cc 2.6 Hp 2 Tiempos | AL7: =+U7 -> 42 | AM7: 1306666.7 | AN7: =+AM7*AL7 -> 54880000
C8: =+'Total Dotaciones'!B14 -> Motosierra a Gasolina- Potencia 3,2 kW-Potencia 4,4PS, Potencia 4,3 bhp | D8: 8 | E8: 3 | G8: 4 | H8: 1 | I8: 9 | J8: 13 | K8: 2 | L8: 7 | M8: 8 | N8: 7 | O8: 1 | P8: 9 | S8: 10 | U8: =+'Total Dotaciones'!T14 -> 38 | V8: =+'ESTUDIO DE MERCADO '!J12 -> 885273.33 | W8: =+V8*U8 -> 33640387 | X8: =+'ANALISIS COMPARATIVO V U'!Y11 -> #DIV/0! | Y8: =+X8*U8 -> #DIV/0! | Z8: =+X8/V8-1 -> #DIV/0! | AE8: Motosierra a Gasolina- Potencia 3,2 kW-Potencia 4,4PS, Potencia 4,3 bhp | AF8: =ROUNDUP(+U8/2,0) -> 19 | AG8: =+X8 -> #DIV/0! | AH8: =+AG8*AF8 -> #DIV/0! | AK8: Motosierra a Gasolina- Potencia 3,2 kW-Potencia 4,4PS, Potencia 4,3 bhp | AL8: =+U8 -> 38 | AM8: 1893333.3 | AN8: =+AM8*AL8 -> 71946667
C9: =+'Total Dotaciones'!B15 -> Kit de Seguridad y protección para guadaña | D9: 8 | E9: 4 | G9: 2 | J9: 1 | K9: 0 | P9: 4 | U9: =+'Total Dotaciones'!T15 -> 75 | V9: =+'ANALISIS COMPARATIVO V U'!Y12 -> #DIV/0! | W9: =+V9*U9 -> #DIV/0! | X9: =+'ANALISIS COMPARATIVO V U'!Y12 -> #DIV/0! | Y9: =+X9*U9 -> #DIV/0! | Z9: =+X9/V9-1 -> #DIV/0! | AE9: Kit de Seguridad y protección para guadaña | AF9: =ROUNDUP(+U9/2,0) -> 38 | AG9: =+X9 -> #DIV/0! | AH9: =+AG9*AF9 -> #DIV/0! | AK9: Kit de Seguridad y protección para guadaña | AL9: =+U9 -> 75 | AM9: 168066.67 | AN9: =+AM9*AL9 -> 12605000
C10: =+'Total Dotaciones'!B16 -> Carretilla Capacidad máxima en volumen 200 L Plástica Antipinchazo | U10: =+'Total Dotaciones'!T16 -> 208 | V10: =+'ESTUDIO DE MERCADO '!J16 -> 220758.52 | W10: =+V10*U10 -> 45917772 | X10: =+'ANALISIS COMPARATIVO V U'!Y13 -> #DIV/0! | Y10: =+X10*U10 -> #DIV/0! | Z10: =+X10/V10-1 -> #DIV/0! | AE10: Carretilla Capacidad máxima en volumen 200 L Plástica Antipinchazo | AF10: =ROUNDUP(+U10/2,0) -> 104 | AG10: =+X10 -> #DIV/0! | AH10: =+AG10*AF10 -> #DIV/0! | AK10: Carretilla Capacidad máxima en volumen 200 L Plástica Antipinchazo | AL10: =+U10 -> 208 | AM10: 233333.33 | AN10: =+AM10*AL10 -> 48533333
C11: =+'Total Dotaciones'!B17 -> Pica En Hierro De 5lbs - Cabo En Madera | D11: 0 | E11: 24 | F11: 10 | G11: 6 | I11: 2 | J11: 3 | K11: 2 | M11: 6 | O11: 2 | R11: 2 | S11: 4 | U11: =+'Total Dotaciones'!T17 -> 152 | V11: =+'ESTUDIO DE MERCADO '!J17 -> 57265.063 | W11: =+V11*U11 -> 8704289.5 | X11: =+'ANALISIS COMPARATIVO V U'!Y14 -> #DIV/0! | Y11: =+X11*U11 -> #DIV/0! | Z11: =+X11/V11-1 -> #DIV/0! | AE11: Pica En Hierro De 5lbs - Cabo En Madera | AF11: =ROUNDUP(+U11/2,0) -> 76 | AG11: =+X11 -> #DIV/0! | AH11: =+AG11*AF11 -> #DIV/0! | AK11: Pica En Hierro De 5lbs - Cabo En Madera | AL11: =+U11 -> 152 | AM11: 54000 | AN11: =+AM11*AL11 -> 8208000
C12: =+'Total Dotaciones'!B18 -> Palas Con Cabo de Madera | D12: 0 | E12: 2 | F12: 5 | G12: 2 | I12: 1 | J12: 2 | K12: 1 | M12: 1 | O12: 1 | R12: 1 | S12: 2 | U12: =+'Total Dotaciones'!T18 -> 157 | V12: =+'ESTUDIO DE MERCADO '!J18 -> 31664.133 | W12: =+V12*U12 -> 4971268.9 | X12: =+'ANALISIS COMPARATIVO V U'!Y15 -> #DIV/0! | Y12: =+X12*U12 -> #DIV/0! | Z12: =+X12/V12-1 -> #DIV/0! | AE12: Palas Con Cabo de Madera | AF12: =ROUNDUP(+U12/2,0) -> 79 | AG12: =+X12 -> #DIV/0! | AH12: =+AG12*AF12 -> #DIV/0! | AK12: Palas Con Cabo de Madera | AL12: =+U12 -> 157 | AM12: 13571.429 | AN12: =+AM12*AL12 -> 2130714.3
C13: =+'Total Dotaciones'!B19 -> Azadones Con Cabo de Madera | D13: 0 | E13: 17 | F13: 5 | G13: 6 | I13: 1 | J13: 2 | K13: 1 | M13: 4 | O13: 1 | R13: 1 | S13: 2 | U13: =+'Total Dotaciones'!T19 -> 160 | V13: =+'ESTUDIO DE MERCADO '!J19 -> 55713.447 | W13: =+V13*U13 -> 8914151.5 | X13: =+'ANALISIS COMPARATIVO V U'!Y16 -> #DIV/0! | Y13: =+X13*U13 -> #DIV/0! | Z13: =+X13/V13-1 -> #DIV/0! | AE13: Azadones Con Cabo de Madera | AF13: =ROUNDUP(+U13/2,0) -> 80 | AG13: =+X13 -> #DIV/0! | AH13: =+AG13*AF13 -> #DIV/0! | AK13: Azadones Con Cabo de Madera | AL13: =+U13 -> 160 | AM13: 41066.667 | AN13: =+AM13*AL13 -> 6570666.7
C14: =+'Total Dotaciones'!B20 -> Machetes 22" 56cm largo aproximadamente | D14: 0 | E14: 13 | F14: 5 | G14: 5 | I14: 1 | J14: 2 | K14: 1 | M14: 3 | O14: 1 | R14: 1 | S14: 2 | U14: =+'Total Dotaciones'!T20 -> 434 | V14: =+'ESTUDIO DE MERCADO '!J20 -> 22921.6 | W14: =+V14*U14 -> 9947974.4 | X14: =+'ANALISIS COMPARATIVO V U'!Y17 -> #DIV/0! | Y14: =+X14*U14 -> #DIV/0! | Z14: =+X14/V14-1 -> #DIV/0! | AE14: Machetes 22" 56cm largo aproximadamente | AF14: =ROUNDUP(+U14/2,0) -> 217 | AG14: =+X14 -> #DIV/0! | AH14: =+AG14*AF14 -> #DIV/0! | AK14: Machetes 22" 56cm largo aproximadamente | AL14: =+U14 -> 434 | AM14: 24666.667 | AN14: =+AM14*AL14 -> 10705333
C15: =+'Total Dotaciones'!B21 -> Rastrillos | D15: 0 | E15: 10 | F15: 5 | G15: 4 | I15: 1 | J15: 2 | K15: 1 | M15: 5 | O15: 1 | R15: 1 | S15: 2 | U15: =+'Total Dotaciones'!T21 -> 128 | V15: =+'ANALISIS COMPARATIVO V U'!Y18 -> #DIV/0! | W15: =+V15*U15 -> #DIV/0! | X15: =+'ANALISIS COMPARATIVO V U'!Y18 -> #DIV/0! | Y15: =+X15*U15 -> #DIV/0! | Z15: =+X15/V15-1 -> #DIV/0! | AE15: Rastrillos | AF15: =ROUNDUP(+U15/2,0) -> 64 | AG15: =+X15 -> #DIV/0! | AH15: =+AG15*AF15 -> #DIV/0! | AK15: Rastrillos | AL15: =+U15 -> 128 | AM15: 26203 | AN15: =+AM15*AL15 -> 3353984
C16: =+'Total Dotaciones'!B22 -> Manila de 10 MTS | D16: 0 | E16: 7 | F16: 5 | G16: 3 | I16: 1 | J16: 2 | K16: 1 | M16: 4 | O16: 1 | R16: 1 | S16: 2 | U16: =+'Total Dotaciones'!T22 -> 49 | V16: =+'ANALISIS COMPARATIVO V U'!Y19 -> #DIV/0! | W16: =+V16*U16 -> #DIV/0! | X16: =+'ANALISIS COMPARATIVO V U'!Y19 -> #DIV/0! | Y16: =+X16*U16 -> #DIV/0! | Z16: =+X16/V16-1 -> #DIV/0! | AE16: Manila de 10 MTS | AF16: =ROUNDUP(+U16/2,0) -> 25 | AG16: =+X16 -> #DIV/0! | AH16: =+AG16*AF16 -> #DIV/0! | AK16: Manila de 10 MTS | AL16: =+U16 -> 49 | AM16: 10000 | AN16: =+AM16*AL16 -> 490000
C17: =+'Total Dotaciones'!B23 -> Trompo mezclador 2 Bulto Motor Diésel Fabricación lamina trabajo pesado calibre 3/16″ y 1/8″ Chasis en U de 3″ Cremallera Completa intercambiable Cabina Calibre 16 Producción x hora 3 a 4 m3 o 15 a 18 bultos Corona diente interno Hierro Seguridad industrial Piñón protegido Rodamientos Trabajo pesado Llantas Nuevas rin N° 13 Peso seco 340 Kg (sin motor) Dimensiones cm 200 La x 167 An x 115 Al Capacidad Máxima 500 Lt Capacidad de mezcla 390 Lt | D17: 0 | E17: 8 | F17: 5 | G17: 1 | I17: 1 | J17: 2 | K17: 1 | M17: 3 | O17: 1 | R17: 1 | S17: 2 | U17: =+'Total Dotaciones'!T60 -> 12 | V17: =+'ESTUDIO DE MERCADO '!J22 -> 8985351.3 | W17: =+V17*U17 -> 1.0782422e+08 | X17: =+'ANALISIS COMPARATIVO V U'!Y20 -> #DIV/0! | Y17: =+X17*U17 -> #DIV/0! | Z17: =+X17/V17-1 -> #DIV/0! | AE17: Trompo mezclador 2 Bulto Motor Diésel capacidad máxima 250lt. | AF17: =ROUNDUP(+U17/2,0) -> 6 | AG17: =+X17 -> #DIV/0! | AH17: =+AG17*AF17 -> #DIV/0! | AK17: Trompo mezclador 2 Bulto Motor Diésel capacidad máxima 250lt. | AL17: =+U17 -> 12 | AM17: 5403466.7 | AN17: =+AM17*AL17 -> 64841600
C18: =+'Total Dotaciones'!B24 -> Rana compactadora tamaño de la placa cm 53×50cm capacidad de impacto 13 kn(1300kg) | D18: 0 | E18: 13 | F18: 5 | G18: 6 | I18: 1 | J18: 2 | K18: 1 | M18: 3 | O18: 1 | R18: 1 | S18: 2 | U18: =+'Total Dotaciones'!T61 -> 12 | V18: =+'ESTUDIO DE MERCADO '!J23 -> 3256419.6 | W18: =+V18*U18 -> 39077035 | X18: =+'ANALISIS COMPARATIVO V U'!Y21 -> #DIV/0! | Y18: =+X18*U18 -> #DIV/0! | Z18: =+X18/V18-1 -> #DIV/0! | AE18: Rana compactadora tamaño de la placa cm 53×50cm capacidad de impacto 13 kn(1300kg) | AF18: =ROUNDUP(+U18/2,0) -> 6 | AG18: =+X18 -> #DIV/0! | AH18: =+AG18*AF18 -> #DIV/0! | AK18: Rana compactadora tamaño de la placa cm 53×50cm capacidad de impacto 13 kn(1300kg) | AL18: =+U18 -> 12 | AM18: 2333333.3 | AN18: =+AM18*AL18 -> 28000000
C19: TOTAL | W19: =SUM(W4:W18) -> #DIV/0! | Y19: =SUM(Y4:Y18) -> #DIV/0! | AH19: =SUM(AH4:AH18) -> #DIV/0! | AN19: =SUM(AN4:AN18) -> 4.9530917e+08
C23: Nota 1: Los valores unitarios incluyen impuestos, costos director e indirectos y los descuentos del 11,02% por concepto de estampillas
C24: NOTA 2. Para la presentación de la oferta económica, el proponente deberá tener en cuenta el ANEXO No. 01 DE ESPECIFICACIONES TÉCNICAS
C25: NOTA 3. La oferta económica deberá presentarse en formato PDF debidamente suscrita por el Representante Legal, así mismo, en Formato Excel con valores redondeados y sin decimales.

Sheet Lote 4
C3: ITEM | D3: COGUA | E3: CUCUNUBÁ | F3: GAMA | G3: SESQUILÉ | H3: GUAYABAL DE SIQUIMA | I3: PUERTO SALGAR | J3: SIBATÉ | K3: SUTATAUSA | L3: TAUSA | M3: UBATÉ | N3: UBAQUE | O3: VERGARA | P3: VILLAPINZÓN | Q3: AGUA DE DIOS | R3: SAN BERNARDO | S3: FUNZA | T3: COMPROMISOS | U3: CANTIDADES | V3: VALOR UNITARIO | W3: VALOR TOTAL
C4: =+'Total Dotaciones'!B27 -> Botiquín tipo B | D4: =+'Total Dotaciones'!C27 -> 0 | E4: =+'Total Dotaciones'!D27 -> 1 | F4: =+'Total Dotaciones'!E27 -> 0 | G4: =+'Total Dotaciones'!F27 -> 0 | H4: =+'Total Dotaciones'!G27 -> 0 | I4: =+'Total Dotaciones'!H27 -> 0 | J4: =+'Total Dotaciones'!I27 -> 0 | ... U4: =+'Total Dotaciones'!T27 -> 1 | V4: =+'ESTUDIO DE MERCADO '!J24 -> 559448.67 | W4: =+V4*U4 -> 559448.67
C5: =+'Total Dotaciones'!B29 -> Extintor industrial | D5: =+'Total Dotaciones'!C29 -> 0 | E5: =+'Total Dotaciones'!D29 -> 2 | F5: =+'Total Dotaciones'!E29 -> 0 | G5: =+'Total Dotaciones'!F29 -> 1 | H5: =+'Total Dotaciones'!G29 -> 0 | I5: =+'Total Dotaciones'!H29 -> 0 | J5: =+'Total Dotaciones'!I29 -> 0 | ... U5: =+'Total Dotaciones'!T29 -> 3 | V5: =+'ESTUDIO DE MERCADO '!J26 -> 83641.8 | W5: =+V5*U5 -> 250925.4
C6: TOTAL | W6: =SUM(W4:W5) -> 810374.07
C8: Nota 1: Los valores unitarios incluyen impuestos, costos director e indirectos y los descuentos del 11,02% por concepto de estampillas
C9: NOTA 2. Para la presentación de la oferta económica, el proponente deberá tener en cuenta el ANEXO No. 01 DE ESPECIFICACIONES TÉCNICAS
C10: NOTA 3. La oferta económica deberá presentarse en formato PDF debidamente suscrita por el Representante Legal, así mismo, en Formato Excel con valores redondeados y sin decimales.

Sheet Total Dotaciones
B2: ITEM | C2: COGUA | D2: CUCUNUBÁ | E2: GAMA | F2: SESQUILÉ | G2: GUAYABAL DE SIQUIMA | H2: PUERTO SALGAR | I2: SIBATÉ | J2: SUTATAUSA | K2: TAUSA | L2: UBATÉ | M2: UBAQUE | N2: VERGARA | O2: VILLAPINZÓN | P2: AGUA DE DIOS | Q2: SAN BERNARDO | R2: FUNZA | S2: COMPROMISOS | T2: TOTAL
A3: Lote 1 | B3: Sillas plásticas (Sin Brazos) | C3: 96 | D3: 119 | F3: 128 | G3: 64 | H3: 160 | I3: 224 | J3: 48 | K3: 32 | L3: 601 | M3: 96 | O3: 128 | Q3: 16 | R3: 208 | S3: 40 | T3: =SUM(C3:S3) -> 1960
B4: Mesa Plástica Cuadrada | C4: 24 | D4: 45 | F4: 8 | G4: 16 | H4: 40 | I4: 56 | J4: 12 | K4: 8 | L4: 103 | M4: 24 | O4: 12 | Q4: 4 | R4: 52 | S4: 10 | T4: =SUM(C4:S4) -> 414
B5: Carpa Grande 6mX5m | C5: 3 | D5: 2 | F5: 2 | I5: 3 | J5: 1 | K5: 4 | L5: 7 | R5: 5 | T5: =SUM(C5:R5) -> 27
B6: Carpa Pequeña 2m x3m | D6: 2 | L6: 2 | O6: 2 | R6: 2 | T6: =SUM(C6:R6) -> 8
B7: Proyector de video (Video Beam DLP)(6000 Horas Aproximadas) 4500 Lumens Aprox | C7: 6 | D7: 2 | F7: 5 | G7: 4 | H7: 10 | I7: 13 | J7: 3 | K7: 2 | L7: 13 | M7: 6 | O7: 3 | Q7: 1 | R7: 13 | T7: =SUM(C7:R7) -> 81
A8: Lote 2 | B8: Portatil 512GB RAM 16GB | C8: 6 | D8: 1 | F8: 2 | G8: 4 | H8: 8 | I8: 8 | J8: 2 | K8: 3 | L8: 13 | M8: 8 | N8: 29 | O8: 5 | P8: 3 | Q8: 4 | R8: 12 | T8: =SUM(C8:R8) -> 108
B9: Impresora Multifuncional- Inyección De Tinta - Tipo de Insumo Botellas. | C9: 6 | D9: 2 | F9: 3 | G9: 4 | H9: 8 | I9: 7 | J9: 2 | K9: 3 | L9: 11 | M9: 8 | N9: 29 | O9: 5 | P9: 3 | Q9: 4 | R9: 12 | T9: =SUM(C9:R9) -> 107
A10: Lote 3 | B10: Planta generadora eléctrica | C10: 8 | D10: 3 | F10: 4 | G10: 1 | H10: 9 | I10: 14 | J10: 2 | K10: 7 | L10: 4 | M10: 7 | N10: 1 | O10: 9 | R10: 10 | T10: =SUM(C10:R10) -> 79
B11: Extensión 30 metros | C11: 8 | D11: 13 | F11: 5 | G11: 1 | H11: 9 | I11: 14 | J11: 2 | K11: 7 | L11: 2 | M11: 7 | N11: 1 | O11: 8 | R11: 10 | T11: =SUM(C11:R11) -> 87
B12: Reflector Led con Panel Solar y Control Remoto 300W | C12: 8 | D12: 11 | F12: 12 | G12: 1 | H12: 9 | I12: 14 | J12: 2 | K12: 7 | L12: 4 | M12: 7 | N12: 1 | O12: 9 | R12: 10 | T12: =SUM(C12:R12) -> 95
B13: Guadaña a Gasolina Eje Recto De 42.7 Cc 2.6 Hp 2 Tiempos | C13: 0 | D13: 2 | E13: 1 | F13: 9 | G13: 1 | H13: 4 | I13: 6 | J13: 3 | L13: 4 | O13: 5 | P13: 2 | Q13: 3 | R13: 2 | T13: =SUM(C13:R13) -> 42
B14: Motosierra a Gasolina- Potencia 3,2 kW-Potencia 4,4PS, Potencia 4,3 bhp | C14: 0 | D14: 2 | F14: 5 | G14: 3 | H14: 11 | J14: 7 | K14: 1 | M14: 2 | N14: 1 | O14: 5 | Q14: 1 | T14: =SUM(C14:R14) -> 38
B15: Kit de Seguridad y protección para guadaña | C15: 0 | D15: 3 | E15: 1 | F15: 14 | G15: 4 | H15: 15 | I15: 6 | J15: 10 | K15: 1 | L15: 2 | N15: 1 | O15: 10 | P15: 2 | Q15: 4 | R15: 2 | T15: =SUM(C15:R15) -> 75
B16: Carretilla Capacidad máxima en volumen 200 L Plástica Antipinchazo | C16: 0 | D16: 9 | E16: 3 | F16: 26 | G16: 12 | H16: 45 | I16: 18 | J16: 30 | K16: 3 | L16: 2 | M16: 6 | N16: 3 | O16: 27 | P16: 6 | Q16: 12 | R16: 6 | T16: =SUM(C16:R16) -> 208
B17: Pica En Hierro De 5lbs - Cabo En Madera | C17: 0 | D17: 20 | E17: 4 | F17: 21 | G17: 4 | H17: 16 | I17: 24 | J17: 12 | L17: 1 | M17: 2 | O17: 20 | P17: 8 | Q17: 12 | R17: 8 | T17: =SUM(C17:R17) -> 152
B18: Palas Con Cabo de Madera | C18: 0 | D18: 19 | E18: 4 | F18: 22 | G18: 4 | H18: 16 | I18: 24 | J18: 12 | L18: 2 | M18: 6 | O18: 20 | P18: 8 | Q18: 12 | R18: 8 | T18: =SUM(C18:R18) -> 157
B19: Azadones Con Cabo de Madera | C19: 0 | D19: 23 | E19: 4 | F19: 22 | G19: 4 | H19: 16 | I19: 24 | J19: 12 | L19: 4 | M19: 3 | O19: 20 | P19: 8 | Q19: 12 | R19: 8 | T19: =SUM(C19:R19) -> 160
B20: Machetes 22" 56cm largo aproximadamente | C20: 0 | D20: 28 | E20: 4 | F20: 54 | G20: 28 | H20: 104 | I20: 24 | J20: 68 | L20: 4 | M20: 16 | N20: 8 | O20: 60 | P20: 8 | Q20: 20 | R20: 8 | T20: =SUM(C20:R20) -> 434
B21: Rastrillos | C21: 0 | D21: 14 | F21: 16 | G21: 9 | H21: 33 | J21: 21 | K21: 3 | L21: 5 | M21: 6 | N21: 3 | O21: 15 | Q21: 3 | T21: =SUM(C21:R21) -> 128
B22: Manila de 10 MTS | F22: 12 | J22: 18 | N22: 3 | O22: 13 | Q22: 3 | T22: =SUM(C22:R22) -> 49
B23: Trompo mezclador 2 Bulto Motor Diésel Fabricación lamina trabajo pesado calibre 3/16″ y 1/8″ Chasis en U de 3″ Cremallera Completa intercambiable Cabina Calibre 16 Producción x hora 3 a 4 m3 o 15 a 18 bultos Corona diente interno Hierro Seguridad industrial Piñón protegido Rodamientos Trabajo pesado Llantas Nuevas rin N° 13 Peso seco 340 Kg (sin motor) Dimensiones cm 200 La x 167 An x 115 Al Capacidad Máxima 500 Lt Capacidad de mezcla 390 Lt | T23: =SUM(C23:R23) -> 0
B24: Rana compactadora tamaño de la placa cm 53×50cm capacidad de impacto 13 kn(1300kg) | T24: =SUM(C24:R24) -> 0
A25: Lote 1 | B25: Cabina de sonido Potencia RMS 500W | C25: 8 | D25: 3 | F25: 4 | G25: 1 | H25: 9 | I25: 14 | J25: 2 | K25: 7 | L25: 8 | M25: 7 | N25: 1 | O25: 9 | R25: 10 | T25: =SUM(C25:R25) -> 83
B26: Microfono | T26: =SUM(C26:R26) -> 0
A27: Lote 4 | B27: Botiquín tipo B | C27: 0 | D27: 1 | J27: 0 | T27: =SUM(C27:R27) -> 1
B28: Camilla de inmovilización y traslado | C28: 0 | D28: 3 | F28: 1 | J28: 0 | L28: 1 | T28: =SUM(C28:R28) -> 5
B29: Extintor industrial | C29: 0 | D29: 2 | F29: 1 | J29: 0 | T29: =SUM(C29:R29) -> 3
A30: Lote 1 | B30: Bandeja Grande En Acero Inoxidable 58cm X 39 | C30: 0 | D30: 24 | E30: 10 | F30: 6 | H30: 2 | I30: 4 | J30: 2 | L30: 6 | N30: 2 | Q30: 2 | R30: 4 | T30: =SUM(C30:R30) -> 62
B31: Greca percoladora para 55 tazas. | C31: 0 | D31: 2 | E31: 5 | F31: 2 | H31: 1 | I31: 2 | J31: 1 | L31: 1 | N31: 1 | Q31: 1 | R31: 2 | T31: =SUM(C31:R31) -> 18
B32: Olla Grande Tipo Caldero 40x40 De 60 Litros con tapa | C32: 0 | D32: 17 | E32: 5 | F32: 6 | H32: 1 | I32: 2 | J32: 1 | L32: 4 | N32: 1 | Q32: 1 | R32: 2 | T32: =SUM(C32:R32) -> 40
B33: Olla Mediana Tipo Caldero 30 x 40 – 38 litros | C33: 0 | D33: 13 | E33: 5 | F33: 5 | H33: 1 | I33: 2 | J33: 1 | L33: 3 | N33: 1 | Q33: 1 | R33: 2 | T33: =SUM(C33:R33) -> 34
B34: Olla pequeña Caldero Alta en Aluminio 10 Litros | C34: 0 | D34: 10 | E34: 5 | F34: 4 | H34: 1 | I34: 2 | J34: 1 | L34: 5 | N34: 1 | Q34: 1 | R34: 2 | T34: =SUM(C34:R34) -> 32
B35: Chocolatera Olleta De Aluminio 8 Litros | C35: 0 | D35: 7 | E35: 5 | F35: 3 | H35: 1 | I35: 2 | J35: 1 | L35: 4 | N35: 1 | Q35: 1 | R35: 2 | T35: =SUM(C35:R35) -> 27
B36: Sartén Wok Antiadherente De 40cm | C36: 0 | D36: 8 | E36: 5 | F36: 1 | H36: 1 | I36: 2 | J36: 1 | L36: 3 | N36: 1 | Q36: 1 | R36: 2 | T36: =SUM(C36:R36) -> 25
B37: Cucharón Industrial en Aluminio Fundido Y Madera 55 cm largo | C37: 0 | D37: 13 | E37: 5 | F37: 6 | H37: 1 | I37: 2 | J37: 1 | L37: 3 | N37: 1 | Q37: 1 | R37: 2 | T37: =SUM(C37:R37) -> 35
B38: Asador a carbón con bandeja y tapa, fabricado en acero. | C38: 0 | D38: 1 | E38: 5 | F38: 3 | H38: 1 | I38: 2 | J38: 1 | L38: 1 | N38: 1 | Q38: 1 | R38: 2 | T38: =SUM(C38:R38) -> 18
B39: ASOJUNTAS | C39: COGUA | D39: CUCUNUBÁ | E39: GAMA | F39: SESQUILÉ | G39: GUAYABAL DE SIQUIMA | H39: PUERTO SALGAR | I39: SIBATÉ | J39: SUTATAUSA | K39: TAUSA | L39: UBATÉ | M39: UBAQUE | N39: VERGARA | O39: VILLAPINZÓN | P39: AGUA DE DIOS | Q39: SAN BERNARDO | R39: FUNZA | T39: TOTAL
B40: Sillas plásticas (Sin Brazos) | L40: 65 | R40: 16 | T40: =SUM(C40:R40) -> 81
B41: Mesa Plástica Cuadrada | L41: 5 | R41: 4 | T41: =SUM(C41:R41) -> 9
B42: Carpa Grande 6mX5m | C42: 1 | L42: 2 | T42: =SUM(C42:R42) -> 3
B43: Carpa Pequeña 2m x3m | C43: 1 | T43: =SUM(C43:R43) -> 1
B44: Proyector de video (Video Beam DLP)(6000 Horas Aproximadas) 4500 Lumens Aprox | R44: 1 | T44: =SUM(C44:R44) -> 1
B45: Portatil 512GB RAM 16GB | T45: =SUM(C45:R45) -> 0
B46: Impresora Multifuncional- Inyección De Tinta - Tipo de Insumo Botellas | C46: 1 | T46: =SUM(C46:R46) -> 1
B47: Planta generadora eléctrica | R47: 1 | T47: =SUM(C47:R47) -> 1
B48: Extensión 30 metros | R48: 1 | T48: =SUM(C48:R48) -> 1
B49: REFLECTOR LED CON PANEL SOLAR Y CONTROL REMOTO 300W | R49: 1 | T49: =SUM(C49:R49) -> 1
B50: Guadaña a Gasolina Eje Recto De 42.7 Cc 2.6 Hp 2 Tiempos | R50: 1 | T50: =SUM(C50:R50) -> 1
B51: Motosierra a Gasolina- Potencia 3,2 kW-Potencia 4,4PS, Potencia 4,3 bhp | T51: =SUM(C51:R51) -> 0
B52: Kit de Seguridad y protección | R52: 1 | T52: =SUM(C52:R52) -> 1
B53: Carretilla Capacidad máxima en volumen 200 L Plástica Antipinchazo | R53: 3 | T53: =SUM(C53:R53) -> 3
B54: Pica En Hierro De 5lbs - Cabo En Madera | R54: 4 | T54: =SUM(C54:R54) -> 4
B55: Palas Con Cabo de Madera | R55: 4 | T55: =SUM(C55:R55) -> 4
B56: Azadones Con Cabo de Madera | R56: 4 | T56: =SUM(C56:R56) -> 4
B57: Machetes 22" 56cm largo aproximadamente | R57: 4 | T57: =SUM(C57:R57) -> 4
B58: Rastrillos | T58: =SUM(C58:R58) -> 0
B59: Manila de 10 MTS | T59: =SUM(C59:R59) -> 0
B60: Trompo mezclador 2 Bulto Motor Diésel capacidad máxima 250lt. | D60: 1 | E60: 1 | F60: 1 | G60: 1 | H60: 1 | I60: 1 | J60: 1 | K60: 1 | M60: 1 | N60: 1 | O60: 1 | P60: 1 | T60: =SUM(C60:R60) -> 12
B61: Rana compactadora tamaño de la placa cm 53×50cm capacidad de impacto 13 kn(1300kg) | D61: 1 | E61: 1 | F61: 1 | G61: 1 | H61: 1 | I61: 1 | J61: 1 | K61: 1 | M61: 1 | N61: 1 | O61: 1 | P61: 1 | T61: =SUM(C61:R61) -> 12
B62: Cabina de sonido Potencia RMS 500W | R62: 1 | T62: =SUM(C62:R62) -> 1
B63: Microfono | T63: =SUM(C63:R63) -> 0
B64: Botiquín tipo B | T64: =SUM(C64:R64) -> 0
B65: Camilla de inmovilización y traslado | T65: =SUM(C65:R65) -> 0
B66: Extintor industrial | T66: =SUM(C66:R66) -> 0
B67: Bandeja Grande En Acero Inoxidable 58cm X 39 | T67: =SUM(C67:R67) -> 0
B68: Greca percoladora para 55 tazas. | T68: =SUM(C68:R68) -> 0
B69: Olla Grande Tipo Caldero 40x40 De 60 Litros con tapa | T69: =SUM(C69:R69) -> 0
B70: Olla Mediana Tipo Caldero 30 x 40 – 38 litros | T70: =SUM(C70:R70) -> 0
B71: Olla pequeña Caldero Alta en Aluminio 10 Litros | T71: =SUM(C71:R71) -> 0
B72: Chocolatera Olleta De Aluminio 8 Litros | T72: =SUM(C72:R72) -> 0
B73: Sartén Wok Antiadherente De 40cm | T73: =SUM(C73:R73) -> 0
B74: Cucharón Industrial en Aluminio Fundido Y Madera 55 cm largo | T74: =SUM(C74:R74) -> 0
B75: Asador a carbón con bandeja y tapa, fabricado en acero. | T75: =SUM(C75:R75) -> 0

Sheet KIT
B2: PROPUESTA DE POSIBLES KITS PARA JUNTAS DE ACCIÓN COMUNAL
B4: DETALLE KIT | C4: ÍTEM | D4: CARACTERÍSTICAS | E4: CANTIDAD | F4: VALOR UNITARIO ÍTEM | G4: VALOR TOTAL ÍTEM | H4: VALOR TOTAL DEL KIT
B6: KIT 1 | C6: Sillas plásticas | D6: Silla sin brazos, liviana y resistente. Medidas: Largo 47 cm, Ancho 52 cm, Alto 88,5 cm. | E6: 16 | F6: 50000 | G6: =F6*E6 -> 800000 | H6: =G6+G7+G8 -> 4155500
C7: Mesas plásticas | D7: Mesa cuadrada con patas rectas, de 4 puestos, desarmable. Medidas: Largo 74,50 cm, Ancho 74,50 cm, Alto 71,00 cm. | E7: 4 | F7: 145000 | G7: =F7*E7 -> 580000
C8: Proyector de Video | D8: Proyector de video (Video Beam DLP) con aproximadamente 6000 horas de uso y 4500 lúmenes. | E8: 1 | F8: 2775500 | G8: =F8*E8 -> 2775500
B10: KIT 2 | C10: Computador | D10: Portátil con 512 GB de almacenamiento y 16 GB de RAM. | E10: 1 | F10: 2775500 | G10: =F10*E10 -> 2775500 | H10: =F10+F11 -> 4440800
C11: Impresora | D11: Impresora multifuncional de inyección de tinta, con botellas como tipo de insumo. | E11: 1 | F11: 1665300 | G11: =F11*E11 -> 1665300
B13: KIT 3 | C13: Planta Electrica | D13: Voltaje de corriente alterna: 120V/240V. Alternativa segura para cortes de suministro. Potencia máxima: 2800W. Tipo de arranque: manual. Tipo de alimentación: gasolina. Peso: 37 kg. Duración del tanque en trabajo continuo: 6 horas (15 L de combustible). | E13: 1 | F13: 2000000 | G13: =F13*E13 -> 2000000 | H13: =G13+G14+G15+G16 -> 4120482
C14: Extención 30 mts multitoma | D14: Extensión eléctrica de uso rudo, 30 metros, con polo a tierra. | E14: 1 | F14: 77714 | G14: =F14*E14 -> 77714
C15: Cabina de Sonido | D15: Cabina de sonido con potencia RMS de 500W. | E15: 1 | F15: 1765218 | G15: =F15*E15 -> 1765218
C16: Reflector | D16: Reflector LED con panel solar y control remoto, 300W. | E16: 1 | F16: 277550 | G16: =F16*E16 -> 277550
B18: KIT 4 | C18: Guadaña. | D18: Guadaña a gasolina VS400, eje recto, de 42,7 cc, 2,6 hp, 2 tiempos. | E18: 1 | F18: 1665300 | G18: =F18*E18 -> 1665300 | H18: =G18+G19+G20+G21+G22+G23+G24 -> 3537300
C19: Carretilla | D19: Carretilla con capacidad máxima de 200 L, fabricada en plástico y con características antipinchazo. | E19: 2 | F19: 256000 | G19: =F19*E19 -> 512000
C20: Picas | D20: Zapapico Colima de 5 libras, con cabo. | E20: 4 | F20: 70000 | G20: =F20*E20 -> 280000
C21: Palas | D21: Palas con Cabo de Madera. | E21: 4 | F21: 70000 | G21: =F21*E21 -> 280000
C22: Azadones | D22: Azadón con Cabo de Madera. | E22: 4 | F22: 70000 | G22: =F22*E22 -> 280000
C23: Machetes | D23: Machete de 22" (aproximadamente 56 cm de largo). | E23: 4 | F23: 30000 | G23: =F23*E23 -> 120000
C24: Kit de seguridad y protección para guadaña | D24: - Casco con visor transparente y malla. - Delantal de cáñamo. - Guantes de poliuretano. - Canilleras de cáñamo. - Arnés. | E24: 1 | F24: 400000 | G24: =F24*E24 -> 400000
B26: KIT 5 | C26: Kit de Motosierra | D26: Motosierra a gasolina, potencia: 3,2 kW (4,4 PS / 4,3 bhp). | E26: 1 | F26: 2281336 | G26: =F26*E26 -> 2281336 | H26: =G26+G27+G28+G29+G30 -> 3219948
C27: Carretilla | D27: Carretilla con capacidad máxima de 200 L, fabricada en plástico y con características antipinchazo. | E27: 2 | F27: 256000 | G27: =F27*E27 -> 512000
C28: Rastrillos | D28: Cabeza soldada, fabricada en acero, mango de madera de pino. | E28: 3 | F28: 22204 | G28: =F28*E28 -> 66612
C29: Manila de 10 mts | D29: Soga de fique de 30 metros lineales, 13 mm de diámetro | E29: 3 | F29: 80000 | G29: =F29*E29 -> 240000
C30: Machetes | D30: Machete de 22" (aproximadamente 56 cm de largo). | E30: 4 | F30: 30000 | G30: =F30*E30 -> 120000
B32: KIT 6 | C32: Carpas | D32: Carpa 6mX5m | E32: 1 | F32: 4006711.8 | G32: =F32*E32 -> 4006711.8 | H32: =G32 -> 4006711.8
B34: KIT 7 | C34: Greca | D34: Greca percoladora para 55 tazas. | E34: 1 | F34: 1102798.7 | G34: =F34*E34 -> 1102798.7 | H34: =G34+G35+G36+G37+G38+G39+G40+G42+G41 -> 4066559
C35: Olla Grande | D35: Olla Grande Tipo Caldero 40x40 De 60 Litros con tapa | E35: 1 | F35: 296016.33 | G35: =F35*E35 -> 296016.33
C36: Olla Mediana | D36: Olla Mediana Tipo Caldero 30 x 40 – 38 litros | E36: 1 | F36: 125082.53 | G36: =F36*E36 -> 125082.53
C37: Olla pequeña | D37: Olla pequeña Caldero Alta en Aluminio 10 Litros | E37: 1 | F37: 79157.26 | G37: =F37*E37 -> 79157.26
C38: Chocolatera | D38: Chocolatera Olleta De Aluminio 8 Litros | E38: 1 | F38: 75456.593 | G38: =F38*E38 -> 75456.593
C39: Sarten Wok | D39: Sartén Wok Antiadherente De 40cm | E39: 1 | F39: 278993.26 | G39: =F39*E39 -> 278993.26
C40: Cucharon | D40: Cucharón Industrial en Aluminio Fundido Y Madera 55 cm largo | E40: 1 | F40: 51994.367 | G40: =F40*E40 -> 51994.367
C41: Bandeja | D41: Bandeja Grande En Acero Inoxidable 58cm X 39 | E41: 2 | F41: 84860 | G41: =F41*E41 -> 169720
C42: Asador | D42: Asador a carbón con bandeja y tapa, fabricado en acero. | E42: 1 | F42: 1887340 | G42: =F42*E42 -> 1887340
B45: KITS EXCLUSIVOS PARA ASOJUNTAS
B46: DETALLE KIT | C46: TIPO DE KIT | D46: CARACTERÍSTICAS | E46: CANTIDAD | F46: VALOR UNITARIO | G46: VALOR TOTAL ITEM | H46: VALOR TOTAL DEL KIT
B48: KIT 1 ASOJUNTAS | C48: Trompo Mezclador | D48: Trompo mezclador 1 Bulto Motor Diésel capacidad máxima 250lt. | E48: 1 | F48: 6464694.6 | G48: =F48*E48 -> 6464694.6 | H48: =G48+G49+G50+G51 -> 7790732.6
C49: Palas | D49: Palas Con Cabo de Madera | E49: 4 | F49: 70000 | G49: =F49*E49 -> 280000
C50: Picas | D50: Zapapico Colima de 5 libras, con cabo. | E50: 4 | F50: 70000 | G50: =F50*E50 -> 280000
C51: Carretilla | D51: Carretilla con capacidad máxima de 200 L, fabricada en plástico y con características antipinchazo. | E51: 3 | F51: 255346 | G51: =F51*E51 -> 766038
B53: KIT 2 ASOJUNTAS | C53: Rana Compactadora | D53: Rana compactadora con placa de 53 × 50 cm, capacidad de impacto de 13 kN (1300 kg). | E53: 1 | F53: 4524065 | G53: =F53*E53 -> 4524065 | H53: =G53+G54+G55+G56+G57 -> 6720103
C54: Palas | D54: Palas Con Cabo de Madera | E54: 4 | F54: 70000 | G54: =F54*E54 -> 280000
C55: Picas | D55: Zapapico Colima de 5 libras, con cabo. | E55: 4 | F55: 70000 | G55: =F55*E55 -> 280000
C56: Carretilla | D56: Carretilla con capacidad máxima de 200 L, fabricada en plástico y con características antipinchazo. | E56: 3 | F56: 255346 | G56: =F56*E56 -> 766038
C57: Ahoyadora | E57: 1 | F57: 870000 | G57: =F57*E57 -> 870000
B59: KIT 3 ASOJUNTAS | C59: Canguro | D59: Apisonador tipo Canguro con motor honda GX100 3 hp | E59: 1 | F59: 7883230.4 | G59: =F59*E59 -> 7883230.4 | H59: =G59+G60 -> 8023230.4
C60: Palas | D60: Palas Con Cabo de Madera | E60: 2 | F60: 70000 | G60: =F60*E60 -> 140000
B63: KIT 4 ASOJUNTAS | C63: Trompo Mezclador | D63: Trompo mezclador 1 Bulto Motor Diésel capacidad máxima 250lt. | E63: 1 | F63: 6464694.6 | G63: =F63*E63 -> 6464694.6 | H63: =G63+G64+G65+G66 -> 12290144
C64: Rana Compactadora | D64: Rana compactadora con placa de 53 × 50 cm, capacidad de impacto de 13 kN (1300 kg). | E64: 1 | F64: 4524065 | G64: =F64*E64 -> 4524065
C65: Picas | D65: Zapapico Colima de 5 libras, con cabo. | E65: 4 | F65: 70000 | G65: =F65*E65 -> 280000
C66: Carretilla | D66: Carretilla con capacidad máxima de 200 L, fabricada en plástico y con características antipinchazo. | E66: 4 | F66: 255346 | G66: =F66*E66 -> 1021384

Sheet ESTUDIO DE MERCADO 
B2: ELEMENTOS | C2: CARACTERISTICAS | D2: COTIZACIÓN 1 | E2: ALMACÉN | F2: COTIZACIÓN 2 | G2: ALMACÉN | H2: COTIZACIÓN 3 | I2: ALMACÉN | J2: PROMEDIO | K2: RESPONSABLE | M2: 1.102
B3: Sillas plásticas | C3: Silla sin brazos, liviana y resistente. Medidas: Largo 47 cm, Ancho 52 cm, Alto 88,5 cm. | D3: 40000 | E3: HOMECENTER | F3: 30900 | G3: PLASTIHOGAR | H3: 45000 | I3: VANYPLAS | J3: =AVERAGE(D3,F3,H3)*$M$2 -> 42573.933 | K3: =AVERAGE(E3,G3,I3)*$M$2 -> #DIV/0! | L3: =AVERAGE(F3,H3,J3)*$M$2 -> 43519.425
B4: Mesas plásticas | C4: Mesa cuadrada con patas rectas, de 4 puestos, desarmable. Medidas: Largo 74,50 cm, Ancho 74,50 cm, Alto 71,00 cm. | D4: 130000 | E4: HOMECENTER | F4: 80000 | G4: PLASTIHOGAR | H4: 125900 | I4: VANYPLAS | J4: =AVERAGE(D4,F4,H4)*$M$2 -> 123387.27 | K4: DIANA GUERRA
B5: Proyector de Video (Video Beam) | C5: Proyector de video (Video Beam DLP) con aproximadamente 6000 horas de uso y 4500 lúmenes. | D5: 1199900 | E5: Ktronix | F5: 1599900 | G5: https://bigcenter.com.co/producto/video-proyector-4800-lumens-wifi/ | H5: 2500000 | I5: Ktronix | J5: =AVERAGE(D5,F5,H5)*$M$2 -> 1946793.2 | K5: MIGUEL ANDRES | L5: FALTA COTIZACIÓN
B6: Computador | C6: Portátil con 512 GB de almacenamiento y 16 GB de RAM. | D6: 3299000 | E6: Ktronix | F6: 2319420 | G6: https://www.exito.com/computador-lenovo-ideapad-slim-3-amd-ryzen-7-7730u-ram-16-gb-512-gb-ssd-3156158/p | H6: 2809900 | I6: https://www.falabella.com.co/falabella-co/product/124482044/DELL-INSPIRON-15-INTEL-CORE-I7-1255U-SSD-512GB-RAM-8GB-LED-15,6-FHD/124482045 | J6: =AVERAGE(D6,F6,H6)*$M$2 -> 3096002.9 | K6: MIGUEL ANDRES | L6: FALTA COTIZACIÓN
B7: Impresora | C7: Impresora multifuncional de inyección de tinta, con botellas como tipo de insumo. | D7: 1149000 | E7: Almacenes EXITO | F7: 1259000 | G7: Almacenes EXITO | H7: 719900 | I7: Ktronix | J7: =AVERAGE(D7,F7,H7)*$M$2 -> 1148981.9 | K7: MIGUEL ANDRES | L7: FALTA COTIZACIÓN
B8: Carpa | C8: CARPA TIPO KIOSCO DE 2M X 3M, TECHO Y ESTRUCTURA PLEGABLE, (4) LATERALES, SEGÚN ESPECIFICACIONES | D8: 2201500 | E8: UNIVERSAL DE CARPAS | F8: 1980000 | G8: UNICARPAS | H8: 600000 | I8: HOMECENTER | J8: =AVERAGE(D8,F8,H8)*$M$2 -> 1756404.3 | K8: DIANA BEJARANO
B9: Carpa Grande | C9: CARPA TIPO KIOSCO DE 6M X 6M, TECHO Y ESTRUCTURA PLEGABLE, (4) LATERALES, SEGÚN ESPECIFICACIONES | D9: 3850000 | E9: CARPAS MG | F9: 3440000 | G9: UNICARPAS | H9: =2980000*1.19 -> 3546200 | I9: CARPAS LOS ANDRES | J9: =AVERAGE(D9,F9,H9)*$M$2 -> 3980497.5 | K9: DIANA BEJARANO
B10: PLANTA GENERADORA ELECTRICA | C10: Voltaje de corriente alterna: 120V/240V. Alternativa segura para cortes de suministro. Potencia máxima: 2800W. Tipo de arranque: manual. Tipo de alimentación: gasolina. Peso: 37 kg. Duración del tanque en trabajo continuo: 6 horas (15 L de combustible). | D10: 670000 | E10: HOMECENTER | F10: 2586667 | G10: MAQUIEQUIPOS DE COLOMBIA S.A.S | H10: 1680672 | I10: Planta Electrica 3200 Ducati | J10: =AVERAGE(D10,F10,H10)*$M$2 -> 1813649.2 | K10: LUIS CONTRERAS | M10: https://www.mercadolibre.com.co/planta-electrica-a-gasolina-2500-w-pretul-26034/p/MCO15797624#reco_backend=comparator-default-odin&reco_client=pdp_comparator&reco_product_pos=1&reco_backend_type=low_level&reco_id=162726bd-a6c8-41cd-9bbf-2cae16fb56c6
B11: Extensión 30 mts | C11: Extensión eléctrica de uso rudo, 30 metros, con polo a tierra. | J11: =AVERAGE(D11,F11,H11)*$M$2 -> #DIV/0! | K11: MIGUEL ANDRES
B12: Cabina de Sonido Con Microfono | C12: Cabina de sonido con potencia RMS de 500W. | D12: 490000 | E12: Super Audio | F12: 900000 | G12: Suncellsas | H12: 1020000 | I12: HOMECENTER | J12: =AVERAGE(D12,F12,H12)*$M$2 -> 885273.33 | K12: MIGUEL ANDRES
B13: Reflector Solar | C13: Reflector LED con panel solar y control remoto, 300W. | D13: 39900 | E13: HOME CENTER | F13: 148000 | G13: Mega Electricos Bogotá | H13: 148000 | I13: ENGYCOL GROUP SAS PHILIPS | J13: =AVERAGE(D13,F13,H13)*$M$2 -> 123387.27 | K13: LUIS CONTRERAS
B14: Motosierra | C14: Motosierra a gasolina, potencia: 3,2 kW (4,4 PS / 4,3 bhp). | D14: 500000 | E14: GLOBALMEQ | F14: 2500000 | G14: MAQUIEQUIPOS DE COLOMBIA S.A.S | H14: 1029000 | I14: HOMECENTER | J14: =AVERAGE(D14,F14,H14)*$M$2 -> 1479986 | K14: LUIS CONTRERAS | M14: https://www.stihl.com.co/es/p/motosierras-ms-310-23005
B15: Guadaña. | C15: Guadaña a gasolina VS400, eje recto, de 42,7 cc, 2,6 hp, 2 tiempos. | D15: 950000 | E15: GLOBALMEQ | F15: 1008403 | G15: MAQUIEQUIPOS DE COLOMBIA S.A.S | H15: 379000 | I15: MAQUIEQUIPOS DE COLOMBIA S.A.S | J15: =AVERAGE(D15,F15,H15)*$M$2 -> 858606.04 | K15: LUIS CONTRERAS | M15: https://www.homecenter.com.co/homecenter-co/product/548366/guadana-a-gasolina-331r-eje-recto-de-326-cc-13-hp-2-tiempos/548366/?kid=goosho_1161562&shop=googleShopping&gad_source=1&gbraid=0AAAAADt6wnpj3ZD0_gBkp23e4BHTSabuL&gclid=Cj0KCQjwz7C2BhDkARIsAA_SZKZFuV9uNjVVd1EEQsmM9BIElDwr59jW23Y9GVrileNuVJuA1kYSMTEaAv5bEALw_wcB
B16: Carretilla | C16: Carretilla con capacidad máxima de 200 L, fabricada en plástico y con características antipinchazo. | D16: 202976 | E16: CENTRO FERRETERO MAFER SAS PALAS | F16: 209000 | G16: LOGISTICA FERRETERA | H16: 189000 | I16: HOMECENTER | J16: =AVERAGE(D16,F16,H16)*$M$2 -> 220758.52 | K16: LUIS CONTRERAS
B17: Picas | C17: Zapapico Colima de 5 libras, con cabo. | D17: 27394 | E17: CENTRO FERRETERO MAFER SAS PALAS | F17: 38500 | G17: LOGISTICA FERRETERA | H17: 90000 | J17: =AVERAGE(D17,F17,H17)*$M$2 -> 57265.063 | K17: LUIS CONTRERAS
B18: Palas | C18: Palas con Cabo de Madera. | D18: 17000 | E18: CENTRO FERRETERO MAFER SAS PALAS | F18: 24200 | G18: LOGISTICA FERRETERA | H18: 45000 | J18: =AVERAGE(D18,F18,H18)*$M$2 -> 31664.133 | K18: LUIS CONTRERAS
B19: Azadones | C19: Azadón con Cabo de Madera. | D19: 55370 | E19: CENTRO FERRETERO MAFER SAS PALAS | F19: 36300 | G19: LOGISTICA FERRETERA | H19: 60000 | J19: =AVERAGE(D19,F19,H19)*$M$2 -> 55713.447 | K19: LUIS CONTRERAS
B20: Machetes | C20: Machete de 22" (aproximadamente 56 cm de largo). | D20: 18800 | E20: CENTRO FERRETERO MAFER SAS PALAS | F20: 18600 | G20: LOGISTICA FERRETERA | H20: 25000 | J20: =AVERAGE(D20,F20,H20)*$M$2 -> 22921.6 | K20: LUIS CONTRERAS
B21: Rastrillos | C21: Cabeza soldada, fabricada en acero, mango de madera de pino. | J21: =AVERAGE(D21,F21,H21)*$M$2 -> #DIV/0! | K21: LUIS CONTRERAS
B22: Trompo Mezclador | C22: Trompo mezclador 2 Bulto Motor Diésel capacidad máxima 250lt. | D22: 11058500 | E22: https://www.homecenter.com.co/homecenter-co/product/713173/estructura-mezcladora-de-concreto-de-dos-bultos-maquiequipos/713173/ | F22: 5823529 | G22: MAQUIEQUIPOS DE COLOMBIA S.A.S | H22: 7579000 | I22: https://equipmaster.com.co/product-category/construccion/mezcladoras-de-concreto/mezcladoras-de-concreto-2-bultos/?_gl=1*ggaitw*_up*MQ..&gclid=EAIaIQobChMIsqmN_ePqiAMVDqlaBR0bNheGEAAYBCAAEgLCqvD_BwE | J22: =AVERAGE(D22,F22,H22)*$M$2 -> 8985351.3 | K22: LUIS CONTRERAS
B23: Rana Compactadora | C23: Rana compactadora con placa de 53 × 50 cm, capacidad de impacto de 13 kN (1300 kg). | D23: 2900000 | E23: GLOBALMEQ | F23: 3149900 | G23: https://www.homecenter.com.co/homecenter-co/product/713132/rana-compactadora-con-motor-gasolina-9hp-3600-rpm-maquiequipos/713132/?kid=goosho_1161562&shop=googleShopping&gad_source=1&gclid=Cj0KCQjwmOm3BhC8ARIsAOSbapW03mu1FFNbGsccOND4DcdNblcN-qL6lj8FjM9mOfueBaLHr7EJ1uAaAgAVEALw_wcB | H23: 2815126 | I23: MAQUIEQUIPOS DE COLOMBIA S.A.S | J23: =AVERAGE(D23,F23,H23)*$M$2 -> 3256419.6 | K23: LUIS CONTRERAS
B24: Botiquin Tipo B | C24: BOTIQUÍN TIPO B SEGÚN RESOLUCIÓN SIN CAMILLA Morral grande de 60 cm x 30cm x 30cm ; 4 bolsillos en vinilo internos, elaborado en lona morral, reata para cargar en hombros. Dotado según Resolución 0705 de 2007 | D24: 493000 | E24: PROTECCIÓN X | F24: 380000 | G24: ECOSEG | H24: 650000 | J24: =AVERAGE(D24,F24,H24)*$M$2 -> 559448.67 | K24: DIANA BEJARANO
B25: Camilla de inmovilización y traslado | C25: CAMILLA POLIETILENO MIRÓ CAMILLA FABRICADA EN POLIETILENO DE ALTA DENSIDAD O ALTO IMPACTO, CINTA REFLECTIVA DE ALTA VISIBILIDAD, FÁCIL LIMPIEZA. MEDIDAS: ANCHO. 45 CM ALTO. 1,83 CM ESPESOR. 5 CM PESO APROXIMADO. 7,5 KG COLOR: NARANJA FLUORESCENTE INCLUYE INMOVILIZADOR DE CABEZA | D25: 210749 | E25: PROTECCIÓN X | F25: 132000 | G25: ECOSEG | J25: =AVERAGE(D25,F25,H25)*$M$2 -> 188854.7 | K25: DIANA BEJARANO
B26: Extintor industrial | C26: MP EXTINTOR DE 10LB CON SOPORTE Y AVISO | D26: 75900 | J26: =AVERAGE(D26,F26,H26)*$M$2 -> 83641.8 | K26: DIANA GUERRA
B27: GRECA | C27: Greca Percoladora 65 tazas | D27: 990000 | E27: LA FERIA DE LA GRECA | F27: 890000 | G27: COMPRA COCINA | H27: 1100000 | I27: EQUIPMENT | J27: =AVERAGE(D27,F27,H27)*$M$2 -> 1094653.3
B28: OLLA GRANDE | C28: Olla Grande Tipo Caldero 40x40 De 60 Litros con tapa | D28: 280000 | E28: FACIHOGAR | F28: 170000 | G28: HOME SENTRY | H28: 349900 | I28: IMUSA | J28: =AVERAGE(D28,F28,H28)*$M$2 -> 293829.93
B29: OLLA MEDIANA | C29: Olla Caldero 30 x 40 – 38 litros | D29: 98000 | E29: ALUMINIOS ALFUSA | F29: 110000 | G29: FACIHOGAR | H29: 130000 | I29: IMUSA | J29: =AVERAGE(D29,F29,H29)*$M$2 -> 124158.67
B30: OLLA PEQUEÑA | C30: Olla Caldero Alta en Aluminio 10 Litros | D30: 48000 | E30: FACIHOGAR | F30: 90000 | G30: IMUSA | H30: 75900 | I30: MAVI HOGAR | J30: =AVERAGE(D30,F30,H30)*$M$2 -> 78572.6
B31: Chocolatera | C31: Chocolatera Olleta De Aluminio 8 Litros | D31: 58900 | E31: MAVIHOGAR | F31: 80000 | G31: IMUSA | H31: 65000 | I31: FACIHOGAR | J31: =AVERAGE(D31,F31,H31)*$M$2 -> 74899.267
B32: Sarten Wok | C32: Sartén Wok Antiadherente De 40cm | D32: 268900 | E32: IMUSA | F32: 305000 | G32: FALABELLA | H32: 180000 | J32: =AVERAGE(D32,F32,H32)*$M$2 -> 276932.6
B33: Cucharón | C33: Cucharón Industrial en Aluminio Fundido Y Madera | D33: 45500 | E33: ALUMINIOS ALFUSA | F33: 30000 | G33: MAXITODO | H33: 65000 | I33: MERCADOSHOP | J33: =AVERAGE(D33,F33,H33)*$M$2 -> 51610.333
B34: Asador | C34: Asador a carbón con bandeja y tapa, fabricado en acero. | D34: 1700000 | E34: Mr.Beef | F34: 1250000 | G34: Char-Broil | H34: 1850000 | I34: Falabella | J34: =AVERAGE(D34,F34,H34)*$M$2 -> 1763200
B35: Bandejas | C35: Bandeja Para Nevera Grande En Acero Inoxidable 58cm X 39 | D35: 62500 | E35: Exhibir | F35: 68310 | G35: Aceros | H35: 98500 | I35: Casa y Cocina | J35: =AVERAGE(D35,F35,H35)*$M$2 -> 84233.207
B36: CANGURO | C36: Apisonador tipo Canguro marca masalta con motor honda GX100 3 hp | D36: 7100730 | E36: DIMACRO | F36: 6600000 | G36: IMPORTACIONES LA IMPERIAL | H36: 7379000 | I36: HOMECENTER | J36: =AVERAGE(D36,F36,H36)*$M$2 -> 7743287.5 | M36: https://maquitecdecolombia.com/compra-de/compactacion/apisonadores-compactacion/apisonador-diesel-4-2-hp/?gad_source=1&gbraid=0AAAAADwAQf-kM1wFOI6bW7pdMUvlI-7y9&gclid=Cj0KCQjw28W2BhC7ARIsAPerrcK2nPQ90-zVnwb83ZPh-9mXnJu8wCyfoDpeZbLixEcmvEqq0ulenNsaAiiFEALw_wcB

Sheet VALORES ITEMS
D1: 0.1102
B2: ITEM | C2: VALOR | D2: TRIBUTOS DEPARTAMENTALES | E2: TOTAL
B3: Sillas plásticas (Sin Brazos) | C3: 45000 | D3: =C3*$D$1 -> 4959 | E3: =D3+C3 -> 49959
B4: Mesa Plástica Cuadrada | C4: 130000 | D4: =C4*$D$1 -> 14326 | E4: =D4+C4 -> 144326
B5: Proyector de video (Video Beam DLP)(6000 Horas Aproximadas) 4500 Lumens Aprox | C5: 2500000 | D5: =C5*$D$1 -> 275500 | E5: =D5+C5 -> 2775500
B6: Portatil 512GB RAM 16GB | C6: 2500000 | D6: =C6*$D$1 -> 275500 | E6: =D6+C6 -> 2775500
B7: Impresora Multifuncional- Inyección De Tinta - Tipo de Insumo Botellas. | C7: 1500000 | D7: =C7*$D$1 -> 165300 | E7: =D7+C7 -> 1665300
B8: Carpa Grande 6mX5m | C8: 3609000 | D8: =C8*$D$1 -> 397711.8 | E8: =D8+C8 -> 4006711.8
B9: Planta generadora eléctrica | C9: 1800000 | D9: =C9*$D$1 -> 198360 | E9: =D9+C9 -> 1998360
B10: Extensión 30 metros | C10: 70000 | D10: =C10*$D$1 -> 7714 | E10: =D10+C10 -> 77714
B11: REFLECTOR LED CON PANEL SOLAR Y CONTROL REMOTO 300W | C11: 250000 | D11: =C11*$D$1 -> 27550 | E11: =D11+C11 -> 277550
B12: Guadaña a Gasolina Eje Recto De 42.7 Cc 2.6 Hp 2 Tiempos | C12: 1500000 | D12: =C12*$D$1 -> 165300 | E12: =D12+C12 -> 1665300
B13: Motosierra a Gasolina- Potencia 3,2 kW-Potencia 4,4PS, Potencia 4,3 bhp | C13: 2054914 | D13: =C13*$D$1 -> 226451.52 | E13: =D13+C13 -> 2281365.5
B14: Cabina de sonido Potencia RMS 500W | C14: 1590000 | D14: =C14*$D$1 -> 175218 | E14: =D14+C14 -> 1765218
... B37: Bandeja Grande En Acero Inoxidable 58cm X 39 | C37: 76436.667 | D37: =C37*$D$1 -> 8423.3207 | E37: =D37+C37 -> 84859.987
C38: 1800000 | D38: =C38*$D$1 -> 198360 | E38: =D38+C38 -> 1998360

Sheet PRESUPUESTO
T1: 45564
D2: VILLAPINZÓN | E2: SUSA | F2: GUAYABETAL | G2: SAN BERNARDO | H2: UBAQUE | I2: VIANI | J2: GUATAVITA | K2: GACHETÁ | L2: GUASCA | M2: SESQUILÉ | N2: JUNÍN | O2: TAUSA | P2: VERGARA | Q2: GAMA | R2: CUCUNUBÁ | S2: UBATÉ | T2: SUTATAUSA | U2: ZIPACÓN
B4: DOTACIÓN JAC | C4: 4000000 | D4: =29*$C$4 -> 116000000 | E4: =19*$C$4 -> 76000000 | F4: =32*$C$4 -> 128000000 | G4: =35*$C$4 -> 140000000 | H4: =23*$C$4 -> 92000000 | I4: =16*$C$4 -> 64000000 | J4: =16*$C$4 -> 64000000 | K4: =35*$C$4 -> 140000000 | L4: =37*$C$4 -> 148000000 | M4: =17*$C$4 -> 68000000 | N4: =25*$C$4 -> 100000000 | O4: =17*$C$4 -> 68000000 | P4: =32*$C$4 -> 128000000 | Q4: =14*$C$4 -> 56000000 | R4: =22*$C$4 -> 88000000 | S4: =49*$C$4 -> 196000000 | T4: =19*$C$4 -> 76000000 | U4: =19*C4 -> 76000000
D5: =D4/2 -> 58000000 | E5: =E4/2 -> 38000000 | F5: =F4/2 -> 64000000 | G5: =G4/2 -> 70000000 | H5: =H4/2 -> 46000000 | I5: =I4/2 -> 32000000 | J5: =J4/2 -> 32000000 | K5: =K4/2 -> 70000000 | ... U5: =U4/2 -> 38000000
B6: DOTACIÓN ASOJUNTAS | C6: 8000000 | D6: =1*$C$6 -> 8000000 | E6: =1*$C$6 -> 8000000 | F6: =1*$C$6 -> 8000000 | G6: =1*$C$6 -> 8000000 | H6: =1*$C$6 -> 8000000 | I6: =1*$C$6 -> 8000000 | J6: =1*$C$6 -> 8000000 | K6: =1*$C$6 -> 8000000 | ... T6: =1*$C$6 -> 8000000 | U6: =1*C6 -> 8000000
D7: =D6/2 -> 4000000 | E7: =E6/2 -> 4000000 | F7: =F6/2 -> 4000000 | G7: =G6/2 -> 4000000 | H7: =H6/2 -> 4000000 | I7: =I6/2 -> 4000000 | J7: =J6/2 -> 4000000 | K7: =K6/2 -> 4000000 | ... U7: =U6/2 -> 4000000
B8: TOTAL | D8: =D5+D7 -> 62000000 | E8: =E5+E7 -> 42000000 | F8: =F5+F7 -> 68000000 | G8: =G5+G7 -> 74000000 | H8: =H5+H7 -> 50000000 | I8: =I5+I7 -> 36000000 | J8: =J5+J7 -> 36000000 | K8: =K5+K7 -> 74000000 | ... U8: =U5+U7 -> 42000000
D9: SI | E9: X | F9: - | G9: - | H9: SI | I9: - | J9: X | K9: - | L9: 1 | M9: X | N9: X | O9: SI | P9: SI | Q9: SI | R9: SI | S9: SI | T9: SI | U9: -
D10: SI TODAS/ PAPELES ABOGADO 13 DE OCTUBRE ENTREGA | E10: NO CONTESTA- 3 INTENTOS | F10: POR DEFINIR | G10: DEFINE 27/08/2024 | H10: SI TODAS | I10: POR DEFINIR | J10: NO CONTESTA- 3 INTENTOS | K10: POR DEFINIR | L10: PARA EL PROXIMO AÑO | M10: NO CONTESTA- 3 INTENTOS | N10: NO CONTESTA- 3 INTENTOS | O10: SI TODAS | P10: SI TODAS/ PROCESO A INICIOS DE SEPTIEMBRE | Q10: SI TODAS | R10: REFERENCIAR LOS ELEMENTOS/ TODAS LAS JUNTAS | S10: REFERENCIAR LOS ELEMENTOS/ TODAS LAS JUNTAS | T10: SI TODAS | U10: DEFINE EL OTRO MARTES 27/08/2024
E13: CONFIRMARON: | F13: 7 Municipios
E14: PARA EL PROXIMO AÑO: | F14: Guasca | G14: Guatavita
E15: NO CONTESTARON: | F15: 2 Municipios
E16: POR DEFINIR: | F16: 6 Municipios
C19: MUNICIPIO | D19: # JUNTAS | E19: # ASOJUNTAS | F19: VALOR KIT JAC | G19: VALOR KIT ASOJUNTAS | H19: TOTAL
B20: 1 | C20: CUCUNUBÁ | D20: 22 | E20: 1 | F20: 4000000 | G20: 8000000 | H20: =((D20*F20)+(G20*E20))/2 -> 48000000 | I20: 44000000 | J20: 4 | K20: =H20*2 -> 96000000
B21: 2 | C21: COGUA | D21: 24 | E21: 1 | F21: 4000000 | G21: 8000000 | H21: =((D21*F21)+(G21*E21))/2 -> 52000000 | K21: =H21*2 -> 104000000
B22: 3 | C22: GAMA | D22: 14 | E22: 1 | F22: 4000000 | G22: 8000000 | H22: =((D22*F22)+(G22*E22))/2 -> 32000000 | K22: =H22*2 -> 64000000
B23: 4 | C23: GUAYABAL DE SIQUIMA | D23: 12 | E23: 1 | F23: 4000000 | G23: 8000000 | H23: =((D23*F23)+(G23*E23))/2 -> 28000000 | I23: 24000000 | K23: =H23*2 -> 56000000
B24: 5 | C24: PUERTO SALGAR | D24: 43 | E24: 1 | F24: 4000000 | G24: 8000000 | H24: =((D24*F24)+(G24*E24))/2 -> 90000000 | K24: =H24*2 -> 180000000
B25: 6 | C25: SESQUILE | D25: 17 | E25: 1 | F25: 4000000 | G25: 8000000 | H25: =((D25*F25)+(G25*E25))/2 -> 38000000 | I25: 100000000 | J25: =I25-H25 -> 62000000 | K25: =H25*2 -> 76000000
B26: 7 | C26: SIBATÉ | D26: 46 | E26: 1 | F26: 4000000 | G26: 8000000 | H26: =((D26*F26)+(G26*E26))/2 -> 96000000 | K26: =H26*2 -> 192000000
B27: 8 | C27: SUTATAUSA | D27: 19 | E27: 1 | F27: 4000000 | G27: 8000000 | H27: =((D27*F27)+(G27*E27))/2 -> 42000000 | I27: 36000000 | J27: 6 | K27: =H27*2 -> 84000000
B28: 9 | C28: TAUSA | D28: 17 | E28: 1 | F28: 4000000 | G28: 8000000 | H28: =((D28*F28)+(G28*E28))/2 -> 38000000 | K28: =H28*2 -> 76000000
B29: 10 | C29: UBATÉ | D29: 49 | E29: 1 | F29: 4000000 | G29: 8000000 | H29: =((D29*F29)+(G29*E29))/2 -> 102000000 | K29: =H29*2 -> 204000000
B30: 11 | C30: UBAQUE | D30: 23 | E30: 1 | F30: 4000000 | G30: 8000000 | H30: =((D30*F30)+(G30*E30))/2 -> 50000000 | K30: =H30*2 -> 100000000
B31: 12 | C31: VERGARA | D31: 32 | E31: 1 | F31: 4000000 | G31: 8000000 | H31: =((D31*F31)+(G31*E31))/2 -> 68000000 | K31: =H31*2 -> 136000000
B32: 13 | C32: VILLAPINZÓN | D32: 29 | E32: 1 | F32: 4000000 | G32: 8000000 | H32: =((D32*F32)+(G32*E32))/2 -> 62000000 | I32: ENTREGA 13 DE OCTUBRE | K32: =H32*2 -> 124000000
B33: 14 | C33: AGUA DE DIOS | D33: 5 | E33: 1 | F33: 4000000 | G33: 8000000 | H33: =((D33*F33)+(G33*E33))/2 -> 14000000 | K33: =H33*2 -> 28000000
B34: 15 | C34: SAN BERNANDO | D34: 10 | E34: 0 | F34: 4000000 | G34: 8000000 | H34: =((D34*F34)+(G34*E34))/2 -> 20000000 | K34: =H34*2 -> 40000000
C35: TOTAL: | D35: =SUM(D20:D34) -> 362 | E35: =SUM(E20:E34) -> 14 | K35: =H35*2 -> 0
K36: =H36*2 -> 0
C37: TOTAL: | H37: =SUM(H20+H21+H22+H24+H25+H26+H27+H28+H29+H31+H30+H23+H32+H33+H34) -> 780000000 | K37: =H37*2 -> 1560000000
C44: GACHETA/ PENDIENTE HOY

Sheet Ficha Técnica. Bandeja 
A1: FICHA TÉCNICA No. 001 | G1: Código: CON-MA- 01-FR15
G2: Versión: 2
G3: Pagina: 1 de 1
A4: DENOMINACION DEL BIEN O SERVICIO
A5: BANDEJA PARA PINTURA
A6: DENOMINACION TECNICA DEL BIEN
A8: UNIDAD DE MEDIDA
A9: Unidad
A10: MARCA DEL EQUIPO
A11: El oferente debe especificar la marca del bien ofertado .
A12: DESCRIPCION GENERAL
A13: LA BANDEJA DE PINTURA ES UN RECIPIENTE PLÁSTICO O METÁLICO DISEÑADO PARA CONTENER Y DISTRIBUIR PINTURA DE MANERA PRÁCTICA DURANTE SU APLICACIÓN CON RODILLOS O BROCHAS. SU ESTRUCTURA ESTÁ COMPUESTA POR DOS ZONAS PRINCIPALES: UN DEPÓSITO PROFUNDO DONDE SE VIERTE LA PINTURA, Y UNA SUPERFICIE INCLINADA CON RELIEVE QUE PERMITE ESCURRIR EL EXCESO DEL RODILLO, ASEGURANDO UNA CARGA UNIFORME. ESTA HERRAMIENTA FACILITA EL TRABAJO AL EVITAR DERRAMES, OPTIMIZAR EL USO DEL MATERIAL Y MANTENER EL ÁREA DE TRABAJO LIMPIA. EXISTEN BANDEJAS DE DIFERENTES TAMAÑOS Y MATERIALES, ADAPTADAS A LOS TIPOS DE PINTURA Y A LA EXTENSIÓN DE LA SUPERFICIE A CUBRIR. | D13: El presente modelo es solamente ilustrativo.
A25: CARACTERÍSTICAS
A26: Tipo : Bandejas Garantía : 1 año Plastica Tamaño: 9 pulgadas
A30: OTROS Y ACLARACIONES
A31: El contratista debera adjuntar: El contratista se compromete a entregar el elemento establecido en la descripciòn de la presente ficha tecnica
A32: GARANTÍA
A33: La garantia minima por cada uno de los elementos es de un (02) años. Con la presentacion de la propuesta el oferente se compromete a cumplir con la garantia minima exigida aun por su cuenta y riesgo independientemente de la garantia otorgada por el fabricante
A34: FICHA TÉCNICA DEL PRODUCTO
A35: El bien ofrecido es el descrito- FIRMA DEL OFERENTE
A36: Original firmado

Sheet Ficha Técnica. Rodillo
B2: FICHA TÉCNICA No. 002 | H2: Código: CON-MA- 01-FR15
H3: Versión: 2
H4: Pagina: 1 de 1
B5: DENOMINACION DEL BIEN O SERVICIO
B6: RODILLO
B7: DENOMINACION TECNICA DEL BIEN
B9: UNIDAD DE MEDIDA
B10: Unidad
B11: MARCA DEL EQUIPO
B12: El oferente debe especificar la marca del bien ofertado .
B13: DESCRIPCION GENERAL
B14: EL RODILLO ES UNA HERRAMIENTA MANUAL UTILIZADA PARA APLICAR PINTURA DE MANERA UNIFORME SOBRE SUPERFICIES AMPLIAS COMO PAREDES, TECHOS O FACHADAS. ESTÁ COMPUESTO POR UN MANGO O EMPUÑADURA, UN ARMAZÓN METÁLICO GIRATORIO Y UN RECUBRIMIENTO CILÍNDRICO (USUALMENTE DE ESPUMA O FELPA) QUE RETIENE Y DISTRIBUYE LA PINTURA AL DESLIZARSE SOBRE LA SUPERFICIE. SU DISEÑO FACILITA UN ACABADO HOMOGÉNEO, REDUCE EL TIEMPO DE TRABAJO Y PERMITE CUBRIR GRANDES ÁREAS CON MENOR ESFUERZO. EXISTEN DIFERENTES TIPOS DE RODILLOS SEGÚN EL TIPO DE PINTURA Y LA TEXTURA DE LA SUPERFICIE, VARIANDO EN TAMAÑO, MATERIAL Y DENSIDAD DEL RECUBRIMIENTO. | E14: El presente modelo es solamente ilustrativo.
B26: CARACTERÍSTICAS
B27: Tipo: Rodillo profesional de alta densidad. Material del recubrimiento: Microfibra o poliéster termo-fusionado (densidad mínima 10 mm). Longitud del rodillo: 6 PULGADAS Estructura: Varilla metálica galvanizada con mango plástico ergonómico. Aplicación: Pinturas base agua, esmaltes, vinilos y acrílicos. Diseño anti-salpique: Permite una aplicación limpia y precisa. Terminación: Cubre de manera pareja sin dejar marcas ni acumulaciones. Ahorro de pintura: Mayor rendimiento por absorción y liberación controlada. Reutilización: Fácil de lavar y mantener. Ergonomía: Mango cómodo que reduce la fatiga en jornadas prolongadas. Durabilidad: Alta resistencia al desgaste, deformación y solventes.
B31: OTROS Y ACLARACIONES
B32: . El contratista debera adjuntar: El contratista se compromete a entregar el elemento establecido en la descripciòn de la presente ficha tecnica
B33: GARANTÍA
B34: La garantia minima por cada uno de los elementos es de un (01) año. Con la presentacion de la propuesta el oferente se compromete a cumplir con la garantia minima exigida aun por su cuenta y riesgo independientemente de la garantia otorgada por el fabricante
B35: FICHA TÉCNICA DEL PRODUCTO
B36: El bien ofrecido es el descrito- FIRMA DEL OFERENTE
B37: Original firmado
B38: Cargo: Asesor de Gerencia.

Sheet Ficha Técnica. VINILO
B2: FICHA TÉCNICA No. 003 | H2: Código: CON-MA- 01-FR15
H3: Versión: 2
H4: Pagina: 1 de 1
B5: DENOMINACION DEL BIEN O SERVICIO
B6: VINILO TIPO 1 - EXTERIORES
B7: DENOMINACION TECNICA DEL BIEN
B9: UNIDAD DE MEDIDA
B10: Unidad
B11: MARCA DEL EQUIPO
B12: El oferente debe especificar la marca del bien ofertado .
B13: DESCRIPCION GENERAL
B14: VINILO TIPO 1 (DESCRIPCIÓN) EL VINILO BÁSICO TIPO 1 BLANCO PARA EXTERIORES, ES UN PRODUCTO A BASE DE DISPERSIÓN ACUOSA ESTABLE DE UN COPOLÍMERO O VINIL ACRÍLICOS O ACRÍLICO CON ACABADO MATE Y TERSO, DILUIBLE EN AGUA, RENDIDOR Y BUEN SECADO. PINTURA BASE AGUA TIPO EMULSIÓN DE USO ARQUITECTÓNICO. CUMPLE CON LA NTC 1335 | E14: El presente modelo es solamente ilustrativo.
B26: CARACTERÍSTICAS
B27: El Vinilo básico Tipo 1 Vinilo tipo 1 base agua. Composición: Copolímero acrílico con aditivos fungicidas y dispersantes. Acabado: Mate terso. Color: Blanco o según especificación del contratante.es un producto a base de dispersión acuosa estable de un copolímero o vinil acrílicos o acrílico con acabado mate y terso, diluible en agua, rendidor y buen secado. Pintura base agua tipo emulsión de uso arquitectónico. Cumple con la NTC 1335 Rendimiento: Entre 30 y 40 m²/galón por mano, dependiendo del tipo de superficie y aplicación. Diluente: Agua limpia (máx. 20% según método de aplicación). Secado al tacto: 30 a 60 minutos. Repintado: Después de 2 a 4 horas. Uso: Exteriores (fachadas, muros, revoques, concretos). Propiedades: Buena adherencia y nivelación. Alta resistencia al lavado y a la abrasión. Bajo salpique y olor mínimo. Excelente estabilidad al almacenamiento. Vida útil: 24 meses posteriores a la fecha de fabricación (en envase cerrado y condiciones secas).
B31: OTROS Y ACLARACIONES
B32: El contratista debera adjuntar: El contratista se compromete a entregar el elemento establecido en la descripciòn de la presente ficha tecnica
B33: GARANTÍA
B34: La garantia minima por cada uno de los elementos es de un (02) años. Con la presentacion de la propuesta el oferente se compromete a cumplir con la garantia minima exigida aun por su cuenta y riesgo independientemente de la garantia otorgada por el fabricante
B35: FICHA TÉCNICA DEL PRODUCTO
B36: El bien ofrecido es el descrito- FIRMA DEL OFERENTE
B37: Original firmado
B38: Cargo: Asesor de Gerencia.

Sheet Ficha Técnica. Brochas
A1: FICHA TÉCNICA No. 004 | G1: Código: CON-MA- 01-FR15
G2: Versión: 2
G3: Pagina: 1 de 1
A4: DENOMINACION DEL BIEN O SERVICIO
A5: BROCHAS
A6: DENOMINACION TECNICA DEL BIEN
A8: UNIDAD DE MEDIDA
A9: Unidad
A10: MARCA DEL EQUIPO
A11: El oferente debe especificar la marca del bien ofertado .
A12: DESCRIPCION GENERAL
A13: LAS BROCHAS SON HERRAMIENTAS MANUALES UTILIZADAS PARA APLICAR PINTURA, BARNIZ U OTROS RECUBRIMIENTOS SOBRE DIFERENTES SUPERFICIES. ESTÁN COMPUESTAS POR UN MANGO O EMPUÑADURA, UNA VIROLA METÁLICA QUE SUJETA LAS CERDAS NATURALES O SINTÉTICAS, Y UNA PUNTA PLANA O ANGULAR QUE PERMITE DISTRIBUIR EL MATERIAL CON PRECISIÓN. SU DISEÑO PERMITE ALCANZAR ZONAS PEQUEÑAS, BORDES Y DETALLES DONDE EL USO DEL RODILLO O AEROSOL NO RESULTA PRÁCTICO, LOGRANDO ACABADOS FINOS Y CONTROLADOS. EXISTEN DIFERENTES TIPOS DE BROCHAS SEGÚN SU TAMAÑO, FORMA Y TIPO DE FIBRA, LO QUE LAS HACE VERSÁTILES PARA MÚLTIPLES USOS. | D13: El presente modelo es solamente ilustrativo.
A25: CARACTERÍSTICAS
A26: Tipo: Brocha mona profesional. Material de cerdas: 100% cerda natural tratada (suave y resistente). Material del mango: Polipropileno de alta densidad, color negro o gris con punta antideslizante. Virola: Metálica galvanizada calibre 21, doble remache. Ancho disponible: 4 PULGADAS . Compatibilidad: Pinturas base agua, aceites, esmaltes, selladores y barnices. Resistencia: Alta durabilidad ante disolventes y desgaste por uso continuo. Acabado: Suave, uniforme y sin marcas visibles.
A30: OTROS Y ACLARACIONES
A31: El contratista debera adjuntar: El contratista se compromete a entregar el elemento establecido en la descripciòn de la presente ficha tecnica
A32: GARANTÍA
A33: La garantia minima por cada uno de los elementos es de un (02) años. Con la presentacion de la propuesta el oferente se compromete a cumplir con la garantia minima exigida aun por su cuenta y riesgo independientemente de la garantia otorgada por el fabricante
A34: FICHA TÉCNICA DEL PRODUCTO
A35: El bien ofrecido es el descrito- FIRMA DEL OFERENTE
A36: Original firmado

Sheet Ficha Técnica. Aerosol 
B2: FICHA TÉCNICA No. 005 | H2: Código: CON-MA- 01-FR15
H3: Versión: 2
H4: Pagina: 1 de 1
B5: DENOMINACION DEL BIEN O SERVICIO
B6: AEROSOL PROFESIONAL MURALISMO
B7: DENOMINACION TECNICA DEL BIEN
B9: UNIDAD DE MEDIDA
B10: Unidad
B11: MARCA DEL EQUIPO
B12: El oferente debe especificar la marca del bien ofertado .
B13: DESCRIPCION GENERAL
B14: EL AEROSOL ES UN RECIPIENTE METÁLICO O DE ALUMINIO PRESURIZADO QUE CONTIENE PINTURA LÍQUIDA, PIGMENTOS Y GAS PROPULSOR, DISEÑADO PARA PULVERIZAR SU CONTENIDO DE FORMA UNIFORME AL ACCIONAR UNA VÁLVULA. ESTE SISTEMA PERMITE APLICAR LA PINTURA DE MANERA RÁPIDA, CONTROLADA Y CON ACABADOS LIMPIOS SOBRE DIVERSAS SUPERFICIES COMO MUROS, METAL, MADERA O CONCRETO. EN EL ÁMBITO ARTÍSTICO Y COMUNITARIO, EL AEROSOL ES UNA HERRAMIENTA FUNDAMENTAL PARA LA REALIZACIÓN DE MURALES, INTERVENCIONES URBANAS Y PROCESOS DE EMBELLECIMIENTO, YA QUE FACILITA LA APLICACIÓN DEL COLOR, LA CREACIÓN DE DEGRADADOS Y LA EXPRESIÓN LIBRE DE IDEAS EN EL ESPACIO PÚBLICO. | E14: El presente modelo es solamente ilustrativo.
B26: CARACTERÍSTICAS
B27: PINTURA EN AEROSOL PINTURA 100% ACRÍLICA ORGÁNICA ACABADO ULTRA MATE RENDIMIENTO EXACTO 2.70M2 / RENDIMIENTO TEÓRICO 3M2 SISTEMA DE VÁLVULA ULTRA SUAVE (SOFT ULTRA PRESSURE) CAP / BOQUILLA LEVEL 1 – TECNOLOGÍA 100% ALEMANA ORIGINAL SALIDA INICIAL SUAVE Y 100% LIMPIA, SIN OBSTRUCCIÓN ALGUNA DE PIGMENTO GARANTÍA MÍNIMA POR 4 AÑOS CON LARGA VIDA DE 5 AÑOS CERTIFICADA EN EL EXTERIOR PIGMENTOS MADE IN U.S.A USOS ESPECÍFICOS: GRAFFITI, DECORACIÓN, ARTE SIN LÍMITES
B31: OTROS Y ACLARACIONES
B32: . El contratista debera adjuntar: El contratista se compromete a entregar el elemento establecido en la descripciòn de la presente ficha tecnica
B33: GARANTÍA
B34: La garantia minima por cada uno de los elementos es de un (01) año. Con la presentacion de la propuesta el oferente se compromete a cumplir con la garantia minima exigida aun por su cuenta y riesgo independientemente de la garantia otorgada por el fabricante
B35: FICHA TÉCNICA DEL PRODUCTO
B36: El bien ofrecido es el descrito- FIRMA DEL OFERENTE
B37: Original firmado
B38: Cargo: Asesor de Gerencia.

Sheet Ficha Técnica. 3 Video Beam 
B1: FICHA TÉCNICA | G1: Código: CON-MA-01-FR15
G2: Versión: 2
G3: Pagina: 1 de 1
A4: FICHA TECNICA No. 3
A5: DENOMINACION DEL BIEN O SERVICIO
A6: PROYECTOR
A7: DENOMINACION TECNICA DEL BIEN
A9: UNIDAD DE MEDIDA
A10: UNIDAD DE MEDIDA
A11: MARCA DEL BIEN
A12: El oferente debe especificar la marca del bien ofertado .
A13: DESCRIPCION GENERAL
A14: Proyector de video (Video Beam DLP)(6000 Horas Aproximadas) 4500 Lumens Aprox Tipos de Puertos Entradas y Salidas: Puerto HDMI Puerto USB Puerto VGA Opciones de Conectividad Conexión Con Cable USB Fuentes de Alimentacion de Energia Energía Eléctrica Tenologia de Visualizacion DLP Tamaño Proyeccion 300 Pulgadas Brillo 4500 Lumens Duracion de la Lampara 6000 Horas Aproximadas Resolucion Imagen SVGA Control remoto, cable VGA, cable de carga y manuales | D14: El presente modelo es solamente ilustrativo.
A27: CARACTERISTICAS
A28: Proyección mínima será de 1,0 metros y la distancia de proyección máxima es de 11,8 metros. La resolución es 1024x768 XGA y la relación de aspecto es 4:3.
A30: OTROS Y ACLARACIONES
A31: El contratista debera adjuntar: El contratista se compromete a entregar el elemento establecido en la descripciòn de la presente ficha tecnica
A33: GARANTÍA
A34: La garantia minima por cada uno de los elementos es de un (01) año. Con la presentacion de la propuesta el oferente se compromete a cumplir con la garantia minima exigida aun por su cuenta y riesgo independientemente de la garantia otorgada por el fabricante
A35: FICHA TÉCNICA DEL PRODUCTO
A36: El oferente debe adjuntar con su propuesta la ficha técnica y el manual del producto. En caso de no hacerlo, la propuesta será declarada inhabil técnicamente.
A37: El bien ofrecido es el descrito
A38: Cargo: Asesor de Gerencia.

Sheet Ficha Técnica 4. Portatil 
B1: FICHA TÉCNICA | G1: Código: CON-MA-01-FR15
G2: Versión: 2
G3: Pagina: 1 de 1
A4: FICHA TECNICA No. 4
A5: DENOMINACION DEL BIEN O SERVICIO
A6: COMPUTADOR PORTATIL
A7: DENOMINACION TECNICA DEL BIEN
A9: UNIDAD DE MEDIDA
A10: UNIDAD DE MEDIDA
A11: MARCA DEL BIEN
A12: El oferente debe especificar la marca del bien ofertado .
A13: DESCRIPCION GENERAL
A14: Marca del Procesador (OPCIONALES): INTEL® CORE™ I5-10210U o Ryzen 5 Tipos de Discos Disco Estado Solido (SSD) Capacidad de Disco Estado Solido SSD 512 GB Número de Núcleos (más núcleos más multitareas) 8 Nucleos Velocidad del Procesador (4P + 4E) / 12T, P-core 2.0 / 4.4GHz, E-core 1.5 / 3.3GHz, 12MB Memoria RAM 16 GB Sistema Operativo Windows Version Sistema Operativo 11 home Fuentes de Alimentacion de Energia Batería Recargable Interna Tipos de Puertos Entradas y Salidas Entrada Tarjeta SD Puerto HDMI Puerto USB 3.2 Puerto USB Tipo C Salida de Audífonos Opciones de Conectividad Bluetooth WiFi Otras Tecnologias de Conectividad Wi-Fi 6E No. Puertos HDMI 1 Puertos No. Puertos USB 2 Puertos | D14: El presente modelo es solamente ilustrativo.
A21: CARACTERISTICAS
A22: Duracion de la Bateria 9 Horas Aproximadas Resolucion Camara WEB FHD 1080p Camara incorporada
A25: OTROS Y ACLARACIONES
A26: El contratista debera adjuntar: El contratista se compromete a entregar el elemento establecido en la descripciòn de la presente ficha tecnica
A30: GARANTÍA
A31: La garantia minima por cada uno de los elementos es de un (01) año. Con la presentacion de la propuesta el oferente se compromete a cumplir con la garantia minima exigida aun por su cuenta y riesgo independientemente de la garantia otorgada por el fabricante
A32: FICHA TÉCNICA DEL PRODUCTO
A33: El oferente debe adjuntar con su propuesta la ficha técnica y el manual del producto. En caso de no hacerlo, la propuesta será declarada inhabil técnicamente.
A34: El bien ofrecido es el descrito- FIRMA DEL OFERENTE
A35: Original firmado
A36: Cargo: Asesor de Gerencia.

Sheet Ficha Técnica 5. Impresora
B1: FICHA TÉCNICA | G1: Código: CON-MA-01-FR15
G2: Versión: 2
G3: Pagina: 1 de 1
A4: FICHA TECNICA No. 5
A5: DENOMINACION DEL BIEN O SERVICIO
A6: IMPRESORA
A7: DENOMINACION TECNICA DEL BIEN
A8: Impresora Multifuncional- Inyección De Tinta - Tipo de Insumo Botellas.
A9: UNIDAD DE MEDIDA
A10: UNIDAD DE MEDIDA
A11: MARCA DEL BIEN
A12: El oferente debe especificar la marca del bien ofertado.
A13: DESCRIPCION GENERAL
A14: Fuentes de Alimentacion de Energia Energía Eléctrica Tipos de Puertos Entradas y Salidas Puerto USB 2.0 Opciones de Conectividad Conexión Con Cable USB WiFi Tipo de Insumo Botellas Referencia del Insumo que requiere T544120-AL - T544220-AL - T544320-AL - T544420 -AL Tipo de Impresion Inyección De Tinta Colores de Impresion Impresión Blanco Y Negro Impresión Color Resolucion de Impresion Blanco y Negro 5760 x 1440 dpi Resolucion de Impresion Color 5760 x 1440 dpi Velocidad Impresion Blanco/Negro 10 Pag X Min Velocidad Impresion Color 5 Pag X Min Sistema de Alimentacion de Papel Alimentación por hojas Tamaño de Papel A4 Carta Oficio Tipos de Papel Común Fotográfico Papel Con Acabado Brillante Y Semibrillante Papel Con Acabado Mate Capacidad Bandeja Entrada de Papel 100 Hojas Capacidad Bandeja Salida de Papel 30 Hojas Tipo de Escaner Cama Plana Resolucion Escaner 1200 x 2400 dpi Tamaño del Escaner Carta Velocidad Copiado Blanco y Negro 7.7 Pag X Min Velocidad Copiado Color 3.8 Pag X Min | D14: El presente modelo es solamente ilustrativo.
A28: CARACTERISTICAS
A29: Caracteristicas Especiales Copiadora Escáner Permite impresión en Tamaño Personalizado Cable de corriente AC -Cable USB -CD con drivers (Windows) -Documentación y garantía.
A32: OTROS Y ACLARACIONES
A33: El contratista debera adjuntar: El contratista se compromete a entregar el elemento establecido en la descripciòn de la presente ficha tecnica
A35: GARANTÍA
A36: La garantia minima por cada uno de los elementos es de un (01) año. Con la presentacion de la propuesta el oferente se compromete a cumplir con la garantia minima exigida aun por su cuenta y riesgo independientemente de la garantia otorgada por el fabricante
A37: FICHA TÉCNICA DEL PRODUCTO
A38: El oferente debe adjuntar con su propuesta la ficha técnica y el manual del producto. En caso de no hacerlo, la propuesta será declarada inhabil técnicamente.
A39: El bien ofrecido es el descrito- FIRMA DEL OFERENTE
A40: Original firmado
A41: Cargo: Asesor de Gerencia.

Sheet Ficha Técnica 8. Sillas
B2: FICHA TÉCNICA No. 8 | H2: Código: CON-MA- 01-FR15
H3: Versión: 2
H4: Pagina: 1 de 1
B5: DENOMINACION DEL BIEN O SERVICIO
B6: SILLA PLÁSTICA
B7: DENOMINACION TECNICA DEL BIEN
B9: UNIDAD DE MEDIDA
B10: Unidad
B11: MARCA DEL EQUIPO
B12: El oferente debe especificar la marca del bien ofertado .
B13: DESCRIPCION GENERAL
E14: El presente modelo es solamente ilustrativo.
B15: SILLA PLASTICA SIN BRAZOS CON ANTIDESLIZANTE COLOR: BLANCO NIEVE SOPORTA 120 KL DE FACIL LAVADO Y DESINFECCIÓN MEDIDAS: ALTO:85.5 CM, ANCHO: 51 CM, PROFUNDIDAD: 56 CM, PESO: 2.8 KL. MATERIAL: PROLIPROPILENO ORIGINAL MEDIDA DEL LOGO: ALTO: 33 CM Y ANCHO: 22.5 CM MARCACION : DOS (02) STICKER FULL COLOR EL DISEÑO SERA SUMINISTRADO POR LA ENTIDAD EL TAMAÑO DEL LOGO SERÁ EN ENVIADO POR LA ENTIDAD
B26: CARACTERÍSTICAS
B31: OTROS Y ACLARACIONES
B32: NOTA 1: LOS LOGOS Y DISEÑOS SERAN SUMINISTRADOS POR EL PROVEEDOR PARA CADA ELEMENTO O UNIFORME Y SERAN APROBADOS POR EL INSTITUTO. El contratista debera adjuntar: El contratista se compromete a entregar el elemento establecido en la descripciòn de la presente ficha tecnica
B33: GARANTÍA
B34: La garantia minima por cada uno de los elementos es de un (01) año. Con la presentacion de la propuesta el oferente se compromete a cumplir con la garantia minima exigida aun por su cuenta y riesgo independientemente de la garantia otorgada por el fabricante
B35: FICHA TÉCNICA DEL PRODUCTO
B36: El bien ofrecido es el descrito- FIRMA DEL OFERENTE
B37: Original firmado
B38: Cargo: Asesor de Gerencia.

Sheet Ficha Técnica 9. Planta
B2: FICHA TÉCNICA No. 1 | H2: Código: CON-MA- 01-FR15
H3: Versión: 2
H4: Pagina: 1 de 1
B5: DENOMINACION DEL BIEN O SERVICIO
B6: PLANTA ELÉCTRICA
B7: DENOMINACION TECNICA DEL BIEN
B9: UNIDAD DE MEDIDA
B10: Unidad
B11: MARCA DEL EQUIPO
B12: El oferente debe especificar la marca del bien ofertado.
B13: DESCRIPCION GENERAL
B14: ESPECIFICACIONES DEL GENERADOR * POTENCIA MÁXIMA AL ARRANQUE: 2800 W * POTENCIA MÁXIMA DE OPERACIÓN: 2500 W * TENSIÓN / FRECUENCIA: 120 - 240 V / 60 HZ * CORRIENTE DE ARRANQUE: 21 A (10 A POR FASE) * NÚMERO DE FASES: 2 * NIVEL DE RUIDO: 67 DB @ 7 M * TEMPERATURA AMBIENTE MÁXIMA ADMISIBLE: 40° C * TEMPERATURA AMBIENTE MÍNIMA ADMISIBLE: -5° C * ALTURA SOBRE EL NIVEL DEL MAR: 0 A + 2,600 M * CLASIFICACIÓN TÉRMICA O CALENTAMIENTO ADMISIBLE: F ESPECIFICACIONES DEL MOTOR * POTENCIA: 6.5 HP * CILINDRADA DEL MOTOR: 196 CC * VELOCIDAD SIN CARGA DEL MOTOR: 3,750 RPM * CAPACIDAD DEL TANQUE: 15 L * ARRANQUE: MANUAL (CUERDA RETRÁCTIL) * DURACIÓN DEL TANQUE A TRABAJO CONTINUO: 6 H = 15 L DE COMBUSTIBLE * DIMENSIONES (BASE X ALTURA X FONDO): 59 X 44 X 43 CM * CICLO DE TRABAJO CONTINUO A POTENCIA NORMAL: 60 MINUTOS DE DESCANSO POR TANQUE CONSUMIDO * PESO: 37 KG | E14: El presente modelo es solamente ilustrativo.
B25: CARACTERÍSTICAS
B26: * ACEITE SEMI-SINTÉTICO RECOMENDADO PARA MOTOR DE 4 TIEMPOS TRUPER® PARA UN MEJOR DESEMPEÑO Y VIDA ÚTIL DEL GENERADOR (NO INCLUIDO) * CAPACIDAD DEL TANQUE DE GASOLINA DE 15 L PARA 6 HORAS DE TRABAJO CONTINUO * SENSOR CON COMPENSADOR DE ALTURA (MAP) QUE SE AJUSTA A LAS DIFERENTES ALTITUDES SOBRE EL NIVEL DEL MAR PARA EVITAR DAÑO AL CARBURADOR * MOTOR OHV (OVER HEAD VALVE) A 4 TIEMPOS DE ALTO RENDIMIENTO, NO REQUIERE MEZCLA DE ACEITE Y GASOLINA * AGREGAR ACEITE PARA MOTOR DE 4 TIEMPOS EN EL DEPÓSITO DE ACEITE ANTES DE ARRANCAR * BOBINADO DE ALUMINIO * ARRANQUE MANUAL
B30: OTROS Y ACLARACIONES
B31: NOTA 1: LOS LOGOS Y DISEÑOS SERAN SUMINISTRADOS POR EL PROVEEDOR PARA CADA ELEMENTO O UNIFORME Y SERAN APROBADOS POR EL INSTITUTO. El contratista debera adjuntar: El contratista se compromete a entregar el elemento establecido en la descripciòn de la presente ficha tecnica
B32: GARANTÍA
B33: La garantia minima por cada uno de los elementos es de un (01) año. Con la presentacion de la propuesta el oferente se compromete a cumplir con la garantia minima exigida aun por su cuenta y riesgo independientemente de la garantia otorgada por el fabricante
B34: FICHA TÉCNICA DEL PRODUCTO
B35: El bien ofrecido es el descrito- FIRMA DEL OFERENTE
B36: Original firmado
B37: Cargo: Asesor de Gerencia.

Sheet Ficha Técnica 10. Extensión
B1: FICHA TÉCNICA | G1: Código: CON-MA-01-FR15
G2: Versión: 2
G3: Pagina: 1 de 1
A4: FICHA TECNICA No. 10
A5: DENOMINACION DEL BIEN O SERVICIO
A6: EXTENSIÓN 30 MTS
A7: DENOMINACION TECNICA DEL BIEN
A9: UNIDAD DE MEDIDA
A10: UNIDAD DE MEDIDA
A11: MARCA DEL BIEN
A12: El oferente debe especificar la marca del bien ofertado.
A13: DESCRIPCION GENERAL
A14: • ALTO: 5 CM • ANCHO: 25 CM • AMPERAJE: 15 A • COLOR: NARANJA • GARANTÍA: 12 MESES • LARGO DEL CABLE: 30 M • CERTIFICACIÓN: RETIE • MARCA: FULGORE • MODELO: fpo128 • USO RUDO/EXCLUSIVO PARA INTERIORES • 3 TOMA CORRIENTE CON POLO A TIERRA • CORRIENTE: 125 V 15 A 1875 W • TEMPERATURA DE OPERACIÓN: MAX. 60° C • CON USB: NO | D14: El presente modelo es solamente ilustrativo.
A28: CARACTERISTICAS
A32: OTROS Y ACLARACIONES
A33: El contratista debera adjuntar: El contratista se compromete a entregar el elemento establecido en la descripciòn de la presente ficha tecnica
A37: GARANTÍA
A38: La garantia minima por cada uno de los elementos es de un (01) año. Con la presentacion de la propuesta el oferente se compromete a cumplir con la garantia minima exigida aun por su cuenta y riesgo independientemente de la garantia otorgada por el fabricante
A39: FICHA TÉCNICA DEL PRODUCTO
A40: El oferente debe adjuntar con su propuesta la ficha técnica y el manual del producto. En caso de no hacerlo, la propuesta será declarada inhabil técnicamente.
A41: El bien ofrecido es el descrito- FIRMA DEL OFERENTE
A42: Original firmado
A43: Cargo: Asesor de Gerencia.

Sheet Ficha Técnica 12. Reflector
B2: FICHA TÉCNICA No. 2 | H2: Código: CON-MA- 01-FR15
H3: Versión: 2
H4: Pagina: 1 de 1
B5: DENOMINACION DEL BIEN O SERVICIO
B6: REFLECTOR LED
B7: DENOMINACION TECNICA DEL BIEN
B8: REFLECTOR LED CON PANEL SOLAR Y CONTROL REMOTO 300W
B9: UNIDAD DE MEDIDA
B10: Unidad
B11: MARCA DEL EQUIPO
B12: El oferente debe especificar la marca del bien ofertado.
B13: DESCRIPCION GENERAL
E14: El presente modelo es solamente ilustrativo.
B15: CARACTERÍSTICAS: ALTURA DE INSTALACIÓN: 5M;ÁNGULO DE ILUMINACIÓN: 120 GRADOS;BATERÍA RECARGABLE INCORPORADA DE 30.000 MAH ALIMENTACIÓN: ENERGÍA SOLAR;BATERÍA RECARGABLE ALTO: 9 ANCHO: 43.7 COLOR DE LUZ: FRÍA PROFUNDIDAD: 67 CUENTA CON LED INTEGRADO: SI CUENTA CON SENSOR: NO WIFI: NO NIVEL DE PROTECCIÓN: IP65
B26: CARACTERÍSTICAS
B27: •TÉRMINOS GARANTÍA : 1 AÑO •PAÍS DE ORIGEN : CHINA •GARANTÍA PRODUCTO : 10 MESES •POTENCIA : 300 W •COLOR : NEGRO
B31: OTROS Y ACLARACIONES
B32: NOTA 1: LOS LOGOS Y DISEÑOS SERAN SUMINISTRADOS POR EL PROVEEDOR PARA CADA ELEMENTO O UNIFORME Y SERAN APROBADOS POR EL INSTITUTO. El contratista debera adjuntar: El contratista se compromete a entregar el elemento establecido en la descripciòn de la presente ficha tecnica
B33: GARANTÍA
B34: La garantia minima por cada uno de los elementos es de un (01) año. Con la presentacion de la propuesta el oferente se compromete a cumplir con la garantia minima exigida aun por su cuenta y riesgo independientemente de la garantia otorgada por el fabricante
B35: FICHA TÉCNICA DEL PRODUCTO
B36: El bien ofrecido es el descrito- FIRMA DEL OFERENTE
B37: Original firmado
B38: Cargo: Asesor de Gerencia.

Sheet Ficha Técnica. Guadaña
B1: FICHA TÉCNICA | G1: Código: CON-MA-01-FR15
G2: Versión: 2
G3: Pagina: 1 de 1
A4: FICHA TECNICA No. 3
A5: DENOMINACION DEL BIEN O SERVICIO
A6: GUADAÑA A GASOLINA
A7: DENOMINACION TECNICA DEL BIEN
A8: Guadaña A Gasolina
A9: UNIDAD DE MEDIDA
A10: UNIDAD DE MEDIDA
A11: MARCA DEL BIEN
A12: El oferente debe especificar la marca del bien ofertado .
A13: DESCRIPCION GENERAL
A14: Guadaña A Gasolina 331R Eje Recto De 32.6 Cc 1.3 Hp 2 Tiempos | D14: El presente modelo es solamente ilustrativo.
A28: CARACTERISTICAS
A29: Dimensiones: Alto 50 cm Ancho 70 cm. Especificaciones: Garantía 12 meses. Cilindrada 32.6. Uso de herramienta Profesiona.l Ancho de corte 1 cm. Material Acero Plástico. Motor 2 tiempos. Largo máximo de corte 43cm. Potencia: 1.34 HP. Color: Naranja. Tipo: Guadañas de combustión. Origen Producto Nacional. Alimentación Gasolina; Aceite. Largo 200 cm. Requiere puesta en marchan. No Incluye Arnes, cuchilla, manual, kit herramientas
A33: OTROS Y ACLARACIONES
A34: El contratista debera adjuntar: El contratista se compromete a entregar el elemento establecido en la descripciòn de la presente ficha tecnica
A39: GARANTÍA
A40: La garantia minima por cada uno de los elementos es de un (01) año. Con la presentacion de la propuesta el oferente se compromete a cumplir con la garantia minima exigida aun por su cuenta y riesgo independientemente de la garantia otorgada por el fabricante
A41: FICHA TÉCNICA DEL PRODUCTO
A42: El oferente debe adjuntar con su propuesta la ficha técnica y el manual del producto. En caso de no hacerlo, la propuesta será declarada inhabil técnicamente.
A43: El bien ofrecido es el descrito- FIRMA DEL OFERENTE
A44: Original firmado
A45: Cargo: Asesor de Gerencia.

Sheet Ficha Técnica. Machetes
A1: FICHA TÉCNICA No. 004 | G1: Código: CON-MA- 01-FR15
G2: Versión: 2
G3: Pagina: 1 de 1
A4: DENOMINACION DEL BIEN O SERVICIO
A5: GUADAÑA
A6: DENOMINACION TECNICA DEL BIEN
A7: CÓDIGO UNSPSC: 27112006
A8: UNIDAD DE MEDIDA
A9: UNIDAD
A10: MARCA DEL EQUIPO
A11: N/A
A12: DESCRIPCION GENERAL
A13: GUADAÑA - MOTOR DOS TIEMPOS | D13: El presente modelo es solamente ilustrativo.
A26: CARACTERISTICAS
A30: OTROS Y ACLARACIONES
A31: El contratista debera adjuntar: El contratista se compromete a entregar el elemento establecido en la descripciòn de la presente ficha tecnica
A35: GARANTÍA
A36: La garantia minima por cada uno de los elementos es de un (01) año. Con la presentacion de la propuesta el oferente se compromete a cumplir con la garantia minima exigida aun por su cuenta y riesgo independientemente de la garantia otorgada por el fabricante
A37: FICHA TÉCNICA DEL PRODUCTO
A38: El oferente debe adjuntar con su propuesta la ficha técnica y el manual del producto. En caso de no hacerlo, la propuesta será declarada inhabil técnicamente.
A39: El bien ofrecido es el descrito- FIRMA DEL OFERENTE
A40: Original firmado
A41: Cargo: Asesor de Gerencia.

Sheet Ficha Técnica. Carretilla
A1: FICHA TÉCNICA No. 003 | G1: Código: CON-MA- 01-FR15
G2: Versión: 2
G3: Pagina: 1 de 1
A4: DENOMINACION DEL BIEN O SERVICIO
A5: CARRETILLA ANTIPINCHAZO
A6: DENOMINACION TECNICA DEL BIEN
A7: CODICO UNSPSC: 24101507
A8: UNIDAD DE MEDIDA
A9: UNIDAD
A10: MARCA
A11: N/A
A12: DESCRIPCION GENERAL
A13: CARRETILLA ANTIPINCHAZO | D13: El presente modelo es solamente ilustrativo.
A14: CARRETILLA DE TOLVA DE 6FT, MATERIAL DE LA TOLVA PLASTICA, RIN METALICO,RUEDA ANTIPINCHAZO
A26: ACCESORIOS
A29: OTROS Y ACLARACIONES
A30: El contratista se compromete a entregar el elemento establecido en la descripción de la presente ficha técnica donde determine el supervisor.
A31: GARANTÍA
A33: FICHA TÉCNICA DEL PRODUCTO
A35: El bien ofrecido es el descrito- FIRMA DEL OFERENTE
A38: Nombre:
A39: Cargo: ASESORA DE GERENCIA

Sheet Ficha Técnica. Azadon
A1: FICHA TÉCNICA No. 002 | G1: Código: CON-MA- 01-FR15
G2: Versión: 2
G3: Pagina: 1 de 1
A4: DENOMINACION DEL BIEN O SERVICIO
A5: Azadón forjado con mango 4L
A6: DENOMINACION TECNICA DEL BIEN
A7: CÓDIGO UNSPSC: 27112002
A8: UNIDAD DE MEDIDA
A9: UNIDAD
A10: MARCA DEL EQUIPO
A11: N/A
A12: DESCRIPCION GENERAL
A13: AZADON | D13: El presente modelo es solamente ilustrativo.
A14: Tipo: Herramientas de mango largo Medidas: 1, 2 metros Características Azadón con mango en madera y la superficie en hierro macizo de 4 L Uso: Cultivar tierra y para utilizar en el sector agrícola
A26: CARACTERISTICAS
A31: OTROS Y ACLARACIONES
A32: El contratista se compromete a entregar el elemento establecido en la descripción de la presente ficha técnica donde determine el supervisor.
A33: GARANTÍA
A35: FICHA TÉCNICA DEL PRODUCTO
A36: El oferente debe adjuntar con su propuesta la ficha técnica. En caso de no hacerlo, la propuesta será declarada inhabil técnicamente.
A37: El bien ofrecido es el descrito- FIRMA DEL OFERENTE
A40: Cargo: ASESORA DE GERENCIA

Sheet Ficha Técnica. Picas
A1: FICHA TÉCNICA No. 002 | G1: Código: CON-MA- 01-FR15
G2: Versión: 2
G3: Pagina: 1 de 1
A4: DENOMINACION DEL BIEN O SERVICIO
A5: Azadón forjado con mango 4L
A6: DENOMINACION TECNICA DEL BIEN
A7: CÓDIGO UNSPSC: 27112002
A8: UNIDAD DE MEDIDA
A9: UNIDAD
A10: MARCA DEL EQUIPO
A11: N/A
A12: DESCRIPCION GENERAL
A13: AZADON | D13: El presente modelo es solamente ilustrativo.
A26: ACCESORIOS
A31: OTROS Y ACLARACIONES
A32: El contratista se compromete a entregar el elemento establecido en la descripción de la presente ficha técnica donde determine el supervisor.
A33: GARANTÍA
A35: FICHA TÉCNICA DEL PRODUCTO
A36: El oferente debe adjuntar con su propuesta la ficha técnica. En caso de no hacerlo, la propuesta será declarada inhabil técnicamente.
A37: El bien ofrecido es el descrito- FIRMA DEL OFERENTE
A40: Cargo: ASESORA DE GERENCIA

Sheet Ficha Tecnica. Palas
B1: FICHA TÉCNICA | G1: Código: CON-MA-01-FR15
G2: Versión: 2
G3: Pagina: 1 de 1
A4: FICHA TECNICA No. 3
A5: DENOMINACION DEL BIEN O SERVICIO
A6: PALA CON CABO DE MADERA
A7: DENOMINACION TECNICA DEL BIEN
A9: UNIDAD DE MEDIDA
A10: UNIDAD DE MEDIDA
A11: MARCA DEL BIEN
A12: El oferente debe especificar la marca del bien ofertado .
A13: DESCRIPCION GENERAL
A14: HERRAMIENTA DE MANO UTILIZADA PARA EXCAVAR O MOVER MATERIALES CON COHESIÓN RELATIVAMENTE PEQUEÑA. ÚTIL EN LA CONSTRUCCIÓN, LABORES AGRÍCOLAS Y FORESTALES. PALA REDONDA O DE PUNTA #4 COLOR NEGRO METÁLICA, TRATADA TÉRMICAMENTE PARA MENOR DESGASTE Y RESISTENCIA A LA FLEXIÓN, TRACCIÓN O TORSIÓN E IMPACTO. COMPOSICIÓN: ACERO Y MADERA REFERENCIA HPA4931 MEDIDAS: 26 X 33 X 95 CM USO: PARA CAVAR Y RECOGER, CON CABO MADERA. | D14: El presente modelo es solamente ilustrativo.
A28: CARACTERISTICAS
A29: HERRAMIENTA DE MANO UTILIZADA PARA EXCAVAR O MOVER MATERIALES CON COHESIÓN RELATIVAMENTE PEQUEÑA.
A32: OTROS Y ACLARACIONES
A33: El contratista debera adjuntar: El contratista se compromete a entregar el elemento establecido en la descripciòn de la presente ficha tecnica
A36: GARANTÍA
A37: La garantia minima por cada uno de los elementos es de un (01) año. Con la presentacion de la propuesta el oferente se compromete a cumplir con la garantia minima exigida aun por su cuenta y riesgo independientemente de la garantia otorgada por el fabricante
A38: FICHA TÉCNICA DEL PRODUCTO
A39: El oferente debe adjuntar con su propuesta la ficha técnica y el manual del producto. En caso de no hacerlo, la propuesta será declarada inhabil técnicamente.
A40: El bien ofrecido es el descrito- FIRMA DEL OFERENTE
A41: Original firmado
A42: Cargo: Asesor de Gerencia.

Sheet Ficha Técnica. Trompo
B2: FICHA TÉCNICA No. 1 | H2: Código: CON-MA- 01-FR15
H3: Versión: 2
H4: Pagina: 1 de 1
B5: DENOMINACION DEL BIEN O SERVICIO
B6: TROMPO MEZCLADOR DE CONCRETO
B7: DENOMINACION TECNICA DEL BIEN
B8: Mezcladora de concreto de un bulto.
B9: UNIDAD DE MEDIDA
B10: Unidad
B11: MARCA DEL EQUIPO
B12: El oferente debe especificar la marca del bien ofertado .
B13: DESCRIPCION GENERAL
E14: El presente modelo es solamente ilustrativo.
B15: Mezcladora De Concreto 1 Bulto Motor Diésel 10hp 3.600rpm.
B26: CARACTERÍSTICAS
B27: Mezcladora de concreto fabricada en lamina reforzada. Anti desgaste trabajo pesado calibre 3/16” y 1/8” Giro volteo de tarro 360°. Freno de seguridad fácil de accionar. Chasis en u3” y soporte para transporte, Llantas rin 13. Cremallera en acero completamente intercambiable peso sin motor de 190kg. montada sobre rodamientos de larga duración. Medidas largo 1,79m, ancho 1m y alto1,39m Capacidad máxima 250lt. Mezcla de 7,5 a 9 bultos por hora.
B31: OTROS Y ACLARACIONES
B32: NOTA 1: LOS LOGOS Y DISEÑOS SERAN SUMINISTRADOS POR EL PROVEEDOR PARA CADA ELEMENTO O UNIFORME Y SERAN APROBADOS POR EL INSTITUTO. El contratista debera adjuntar: El contratista se compromete a entregar el elemento establecido en la descripciòn de la presente ficha tecnica
B33: GARANTÍA
B34: La garantia minima por cada uno de los elementos es de un (01) año. Con la presentacion de la propuesta el oferente se compromete a cumplir con la garantia minima exigida aun por su cuenta y riesgo independientemente de la garantia otorgada por el fabricante
B35: FICHA TÉCNICA DEL PRODUCTO
B36: El bien ofrecido es el descrito- FIRMA DEL OFERENTE
B37: Original firmado
B38: Cargo: Asesor de Gerencia.

Sheet Ficha Técnica. Rana
B1: FICHA TÉCNICA | G1: Código: CON-MA-01-FR15
G2: Versión: 2
G3: Pagina: 1 de 1
A4: FICHA TECNICA No. 3
A5: DENOMINACION DEL BIEN O SERVICIO
A6: RANA COMPACTADORA
A7: DENOMINACION TECNICA DEL BIEN
A8: Rana Compactadora Con Motor Gasolina
A9: UNIDAD DE MEDIDA
A10: UNIDAD DE MEDIDA
A11: MARCA DEL BIEN
A12: El oferente debe especificar la marca del bien ofertado .
A13: DESCRIPCION GENERAL
A14: Rana Compactadora Con Motor Gasolina De 9hp 3.600rpm Incluye Protector De Poleas Y Correas Según Norma | D14: El presente modelo es solamente ilustrativo.
A28: CARACTERISTICAS
A29: Dimensiones de la placa 50x70cm • peso sin motor 100kg, elaborada en lamina acerada hr de ½”, Unidad(marrano) en rodamientos de alta calidad y lubricion autónoma, Incluye ruedas para su facil transporte, Compacta capas de 50 cm, Fuerza de compactación 19kn (1900kg), Protector de seguridad según norma Garantizamos disponibilidad de Repuestos Amortiguación sobre resortes, Avance de 28metros por minuto
A33: OTROS Y ACLARACIONES
A34: El contratista debera adjuntar: El contratista se compromete a entregar el elemento establecido en la descripciòn de la presente ficha tecnica
A39: GARANTÍA
A40: La garantia minima por cada uno de los elementos es de un (01) año. Con la presentacion de la propuesta el oferente se compromete a cumplir con la garantia minima exigida aun por su cuenta y riesgo independientemente de la garantia otorgada por el fabricante
A41: FICHA TÉCNICA DEL PRODUCTO
A42: El oferente debe adjuntar con su propuesta la ficha técnica y el manual del producto. En caso de no hacerlo, la propuesta será declarada inhabil técnicamente.
A43: El bien ofrecido es el descrito- FIRMA DEL OFERENTE
A44: Original firmado
A45: Cargo: Asesor de Gerencia.

Sheet Ficha Tecnica. Motosierra
A1: FICHA TÉCNICA No. 017 | G1: Código: CON-MA- 01-FR15
G2: Versión: 2
G3: Pagina: 1 de 1
A4: DENOMINACION DEL BIEN O SERVICIO
A5: MOTOSIERRA
A6: DENOMINACION TECNICA DEL BIEN
A7: CÓDIGO: 21102200
A8: UNIDAD DE MEDIDA
A9: UNIDAD
A10: MARCA DEL EQUIPO
A11: N/A
A12: DESCRIPCION GENERAL
A13: MOTOSIERRA Ms310 Espada 63cm 59cc | D13: El presente modelo es solamente ilustrativo.
A14: -Cilindrada cm³ 59 -Potencia kW 3,2 -Potencia_ CV 4,4 -Peso kg 1) 5,9 -Relación peso potencia kg/kW 1,8 -Paso de cadena Pulgadas 3/8". .
A26: ACCESORIOS
A27: Cadena y Espada
A31: OTROS Y ACLARACIONES
A32: El contratista se compromete a entregar el elemento establecido en la descripción de la presente ficha técnica donde determine el supervisor.
A33: GARANTÍA
A35: FICHA TÉCNICA DEL PRODUCTO
A37: El bien ofrecido es el descrito- FIRMA DEL OFERENTE
A39: Nombre: JOSE ANTONIO ONTIBON CRUZ
A40: Cargo: ASESOR DE GERENCIA

Sheet Ficha Técnica. Rastrillos
A1: FICHA TÉCNICA No. 008 | G1: Código: CON-MA- 01-FR15
G2: Versión: 2
G3: Pagina: 1 de 1
A4: DENOMINACION DEL BIEN O SERVICIO
A5: RASTRILLO AGRICOLA
A6: DENOMINACION TECNICA DEL BIEN
A7: CODIGO UNSPSC: 27112003
A8: UNIDAD DE MEDIDA
A9: UNIDAD
A10: MARCA
A11: N/A
A12: DESCRIPCION GENERAL
A13: RASTRILLO AGRICOLA | D13: El presente modelo es solamente ilustrativo.
A14: RASTRILLO PLEGABLE METALICO CON SISTEMA DE PALANCA PARA PODER SER PLEGADO
A26: ACCESORIOS
A29: OTROS Y ACLARACIONES
A30: El contratista se compromete a entregar el elemento establecido en la descripción de la presente ficha técnica donde determine el supervisor.
A31: GARANTÍA
A33: FICHA TÉCNICA DEL PRODUCTO
A35: El bien ofrecido es el descrito- FIRMA DEL OFERENTE
A36: Cargo: ASESOR DE GERENCIA

Sheet Ficha Técnica. Manila

Sheet Ficha Técnica. Botiquin 
B1: FICHA TÉCNICA | G1: Código: CON-MA-01-FR15
G2: Versión: 2
G3: Pagina: 1 de 1
A4: FICHA TECNICA No. 4
A5: DENOMINACION DEL BIEN O SERVICIO
A6: BOTIQUÍN TIPO B
A7: DENOMINACION TECNICA DEL BIEN
A9: UNIDAD DE MEDIDA
A10: UNIDAD DE MEDIDA
A11: MARCA DEL BIEN
A12: El oferente debe especificar la marca del bien ofertado.
A13: DESCRIPCION GENERAL
A14: ALTO: 16 CM ANCHO: 40 CM PESO: 5 KG CAPACIDAD: 25 ELEMENTOS ESTE PRODUCTO CONTIENE INSUMOS MÉDICOS QUE POR SU NATURALEZA Y CADENA DE BIOSEGURIDAD, DEBEN SER MANIPULADOS ÚNICAMENTE POR EL USUARIO FINAL, POR ESTE MOTIVO, ESTE PRODUCTO NO TENDRÁ RETRACTO EN CASO QUE SEA DESTAPADO POR EL USUARIO; POR LO CUAL ACONSEJAMOS LEER CUIDADOSAMENTE LAS CANTIDADES Y LOS INSUMOS INCLUIDOS EN EL KIT. LA GARANTÍA DE ESTE PRODUCTO CUBRE EL AVERÍO DE LOS INSUMOS O DEL BOTIQUÍN EN SU TOTALIDAD DURANTE EL PROCESO DE ENTREGA. | D14: El presente modelo es solamente ilustrativo.
A28: CARACTERISTICAS
A29: BOTIQUÍN TIPO B :MORRAL GRANDE DE 52CM X 36CM X 13 CM COMPUESTO POR DOS BOLSILLOS (UNO GRANDE CON COMPARTIMIENTOS PARA ALMACENAR LOS ELEMENTOS Y UNO PEQUEÑO) ELABORADO EN LONA, REATA PARA CARGAR EN HOMBROS, DOTADO CON 25 ELEMENTOS.
A32: OTROS Y ACLARACIONES
A33: El contratista debera adjuntar: El contratista se compromete a entregar el elemento establecido en la descripciòn de la presente ficha tecnica
A37: GARANTÍA
A38: La garantia minima por cada uno de los elementos es de un (01) año. Con la presentacion de la propuesta el oferente se compromete a cumplir con la garantia minima exigida aun por su cuenta y riesgo independientemente de la garantia otorgada por el fabricante
A39: FICHA TÉCNICA DEL PRODUCTO
A40: El oferente debe adjuntar con su propuesta la ficha técnica y el manual del producto. En caso de no hacerlo, la propuesta será declarada inhabil técnicamente.
A41: El bien ofrecido es el descrito- FIRMA DEL OFERENTE
A42: Original firmado
A43: Cargo: Asesor de Gerencia.

Sheet Ficha Técnica. Extintor

Sheet Ficha Técnica. Camilla
B1: FICHA TÉCNICA | G1: Código: CON-MA-01-FR15
G2: Versión: 2
G3: Pagina: 1 de 1
A4: FICHA TECNICA No. 5
A5: DENOMINACION DEL BIEN O SERVICIO
A6: CAMILLA DE INMOVILIZACIÓN Y TRASLADO
A7: DENOMINACION TECNICA DEL BIEN
A9: UNIDAD DE MEDIDA
A10: UNIDAD DE MEDIDA
A11: MARCA DEL BIEN
A12: El oferente debe especificar la marca del bien ofertado.
A13: DESCRIPCION GENERAL
A14: • USO: INMOVILIZACIÓN CERVICAL – TRASLADO DE PACIENTE. • MATERIAL - POLIETILENO • PESO - 6,5 KG. • MEDIDAS APROXIMADAS: 183 X 45 X 6 • CAPACIDAD DE CARGA 180 KG. • ARNÉS TIPO ARAÑA PARA SUJECIÓN PACIENTE CON SECCIONES REFLECTIVAS. • TRANSLUCIDA PARA MÍNIMA INTERFERENCIA EN TOMA DE PLACA RX, MRI, TC Y PROCEDIMIENTOS EN ESCÁNER. • MANIJAS DE SUJECIÓN PARA FÁCIL TRASLADO Y MANIPULACIÓN. • SEÑALIZACIÓN DE CAMILLA PARA IDENTIFICACIÓN EN LA PARED. • GANCHO PARA COLGAR EN LA PARED. | D14: El presente modelo es solamente ilustrativo.
A28: CARACTERISTICAS
A29: • TRANSLUCIDA PARA MÍNIMA INTERFERENCIA EN TOMA DE PLACA RX, MRI, TC Y PROCEDIMIENTOS EN ESCÁNER. • ARNÉS TIPO ARAÑA PARA SUJECIÓN PACIENTE CON SECCIONES REFLECTIVAS.
A32: OTROS Y ACLARACIONES
A33: El contratista debera adjuntar: El contratista se compromete a entregar el elemento establecido en la descripciòn de la presente ficha tecnica
A37: GARANTÍA
A38: La garantia minima por cada uno de los elementos es de un (01) año. Con la presentacion de la propuesta el oferente se compromete a cumplir con la garantia minima exigida aun por su cuenta y riesgo independientemente de la garantia otorgada por el fabricante
A39: FICHA TÉCNICA DEL PRODUCTO
A40: El oferente debe adjuntar con su propuesta la ficha técnica y el manual del producto. En caso de no hacerlo, la propuesta será declarada inhabil técnicamente.
A41: El bien ofrecido es el descrito- FIRMA DEL OFERENTE
A42: Original firmado
A43: Cargo: Asesor de Gerencia.
